Workbook

Sheet PRANIMET
A1: =IF(L!$A$1=1,L!G6,IF(L!$A$1=2,L!G16,L!G26)) -> Tabela 2: Pranimet | D1: Zgjedhni gjuhën: Izaberite jezik: Select language:
A2: =IF(L!$A$1=1,L!G7,IF(L!$A$1=2,L!G17,L!G27)) -> Vlerat janë në Mijëra Euro.
A8: =IF(L!$A$1=1,L!G8,IF(L!$A$1=2,L!G18,L!G28)) -> Viti | B8: =IF(L!$A$1=1,L!H8,IF(L!$A$1=2,L!H18,L!H28)) -> Viti / Muaji | C8: =IF(L!$A$1=1,L!I8,IF(L!$A$1=2,L!I18,L!I28)) -> Gjithsej Pranimet | D8: =IF(L!$A$1=1,L!J8,IF(L!$A$1=2,L!J18,L!J28)) -> Të Hyrat Buxhetore | E8: =IF(L!$A$1=1,L!K8,IF(L!$A$1=2,L!K18,L!K28)) -> Të Hyrat Tatimore | F8: =IF(L!$A$1=1,L!L8,IF(L!$A$1=2,L!L18,L!L28)) -> Tatimet direkte | G8: =IF(L!$A$1=1,L!M8,IF(L!$A$1=2,L!M18,L!M28)) -> Tatimi në të ardhura të koorporatave | H8: =IF(L!$A$1=1,L!N8,IF(L!$A$1=2,L!N18,L!N28)) -> Tatimi në të ardhura personale | ... W8: =IF(L!$A$1=1,L!AC8,IF(L!$A$1=2,L!AC18,L!AC28)) -> Tantiema | X8: Të hyrat nga interesi (kreditë për NP) | Y8: =IF(L!$A$1=1,L!AD8,IF(L!$A$1=2,L!AD18,L!AD28)) -> Dividenda | Z8: Grantet për përkrahje të buxhetit | AA8: Grante nga BE për energjinë | AB8: =IF(L!$A$1=1,L!AE8,IF(L!$A$1=2,L!AE18,L!AE28)) -> Pranimet nga Financimi | AC8: =IF(L!$A$1=1,L!AF8,IF(L!$A$1=2,L!AF18,L!AF28)) -> Pranimet tjera | AD8: =IF(L!$A$1=1,L!AG8,IF(L!$A$1=2,L!AG18,L!AG28)) -> Të hyrat e dedikuara | AE8: =IF(L!$A$1=1,L!AI8,IF(L!$A$1=2,L!AI18,L!AI28)) -> Të hyrat nga Privatizimi | AF8: Financimi i njëhershëm nga FKPK | AG8: =IF(L!$A$1=1,L!AJ8,IF(L!$A$1=2,L!AJ18,L!AJ28)) -> Kthimi i kredive nga Ndërmarrjet Publike | AH8: =IF(L!$A$1=1,L!AK8,IF(L!$A$1=2,L!AK18,L!AK28)) -> Huazimet | AI8: =IF(L!$A$1=1,L!AL8,IF(L!$A$1=2,L!AL18,L!AL28)) -> Huazimet e jashtme shtetërore | AJ8: =IF(L!$A$1=1,L!AM8,IF(L!$A$1=2,L!AM18,L!AM28)) -> Huazimet e brendëshme shtetërore | AK8: Pranimet nga grantet e pëcaktuara të donatorëve
A9: 2006 | B9: =IF(L!$A$1=1,L!B10,IF(L!$A$1=2,L!C10,L!D10)) -> 2006 Janar | C9: =D9+AB9 -> 44787.131 | D9: =E9+S9+Z9 -> 44787.131 | E9: =F9+K9+R9 -> 56207.832 | F9: =SUM(G9:J9) -> 32520.907 | G9: 7588.591 | H9: 8742.171 | I9: 375.69345 | J9: 15814.452 | K9: =L9+O9+P9+Q9 -> 23686.925 | L9: 6422.9918 | M9: =L9-N9 -> 0 | N9: 6422.9918 | O9: 2699.3514 | P9: 6240.7051 | Q9: 8323.8767 | R9: 0 | S9: =SUM(T9:Y9) -> -11420.701 | T9: -12483.851 | U9: 1063.15 | AB9: =AC9+AH9 -> 0 | AC9: =SUM(AD9:AG9) -> 0 | AH9: =SUM(AI9:AJ9) -> 0
B10: =IF(L!$A$1=1,L!B11,IF(L!$A$1=2,L!C11,L!D11)) -> 2006 Shkurt | C10: =D10+AB10 -> 42094.648 | D10: =E10+S10+Z10 -> 42094.648 | E10: =F10+K10+R10 -> 37119.217 | F10: =SUM(G10:J10) -> 8021.9582 | G10: 0 | H10: 0 | I10: 427.24213 | J10: 7594.716 | K10: =L10+O10+P10+Q10 -> 29685.46 | L10: 10553.756 | M10: =L10-N10 -> 0 | N10: 10553.756 | O10: 7744.6649 | P10: 8447.6316 | Q10: 2939.408 | R10: -588.20162 | S10: =SUM(T10:Y10) -> 4975.431 | T10: 3696.099 | U10: 1279.332 | AB10: =AC10+AH10 -> 0 | AC10: =SUM(AD10:AG10) -> 0 | AH10: =SUM(AI10:AJ10) -> 0
B11: =IF(L!$A$1=1,L!B12,IF(L!$A$1=2,L!C12,L!D12)) -> 2006 Mars | C11: =D11+AB11 -> 46828.31 | D11: =E11+S11+Z11 -> 46828.31 | E11: =F11+K11+R11 -> 39532.018 | F11: =SUM(G11:J11) -> 8578.4409 | G11: 0 | H11: 0 | I11: 624.79313 | J11: 7953.6477 | K11: =L11+O11+P11+Q11 -> 31519.476 | L11: 11970.151 | M11: =L11-N11 -> 0 | N11: 11970.151 | O11: 8471.1151 | P11: 6442.7219 | Q11: 4635.4883 | R11: -565.89859 | S11: =SUM(T11:Y11) -> 7296.2919 | T11: 5783.8449 | U11: 1512.447 | AB11: =AC11+AH11 -> 0 | AC11: =SUM(AD11:AG11) -> 0 | AH11: =SUM(AI11:AJ11) -> 0
B12: =IF(L!$A$1=1,L!B13,IF(L!$A$1=2,L!C13,L!D13)) -> 2006 Prill | C12: =D12+AB12 -> 60721.172 | D12: =E12+S12+Z12 -> 60721.172 | E12: =F12+K12+R12 -> 65658.869 | F12: =SUM(G12:J12) -> 32656.288 | G12: 8281.368 | H12: 3462.775 | I12: 650.39452 | J12: 20261.75 | K12: =L12+O12+P12+Q12 -> 33345.536 | L12: 11254.764 | M12: =L12-N12 -> 0 | N12: 11254.764 | O12: 4763.8198 | P12: 5737.5969 | Q12: 11589.355 | R12: -342.95487 | S12: =SUM(T12:Y12) -> -4937.6965 | T12: -6780.9255 | U12: 1843.229 | AB12: =AC12+AH12 -> 0 | AC12: =SUM(AD12:AG12) -> 0 | AH12: =SUM(AI12:AJ12) -> 0
B13: =IF(L!$A$1=1,L!B14,IF(L!$A$1=2,L!C14,L!D14)) -> 2006 Maj | C13: =D13+AB13 -> 60105.102 | D13: =E13+S13+Z13 -> 60105.102 | E13: =F13+K13+R13 -> 56955.874 | F13: =SUM(G13:J13) -> 15432.587 | G13: 581.527 | H13: 3941.017 | I13: 864.89425 | J13: 10045.148 | K13: =L13+O13+P13+Q13 -> 41735.522 | L13: 20235.754 | M13: =L13-N13 -> 0 | N13: 20235.754 | O13: 11817.357 | P13: 10899.473 | Q13: -1217.0622 | R13: -212.23521 | S13: =SUM(T13:Y13) -> 3149.2286 | T13: 1507.411 | U13: 1641.8176 | AB13: =AC13+AH13 -> 0 | AC13: =SUM(AD13:AG13) -> 0 | AH13: =SUM(AI13:AJ13) -> 0
B14: =IF(L!$A$1=1,L!B15,IF(L!$A$1=2,L!C15,L!D15)) -> 2006 Qershor | C14: =D14+AB14 -> 73471.296 | D14: =E14+S14+Z14 -> 73471.296 | E14: =F14+K14+R14 -> 72928.776 | F14: =SUM(G14:J14) -> 35744.339 | G14: 1540.955 | H14: 3954.759 | I14: 708.461 | J14: 29540.164 | K14: =L14+O14+P14+Q14 -> 37657.019 | L14: 21401.276 | M14: =L14-N14 -> 0 | N14: 21401.276 | O14: 11388.393 | P14: 10485.909 | Q14: -5618.5598 | R14: -472.58281 | S14: =SUM(T14:Y14) -> 542.52053 | T14: -778.45576 | U14: 1320.9763 | AB14: =AC14+AH14 -> 0 | AC14: =SUM(AD14:AG14) -> 0 | AH14: =SUM(AI14:AJ14) -> 0
B15: =IF(L!$A$1=1,L!B16,IF(L!$A$1=2,L!C16,L!D16)) -> 2006 Korrik | C15: =D15+AB15 -> 72046.309 | D15: =E15+S15+Z15 -> 72046.309 | E15: =F15+K15+R15 -> 102592.25 | F15: =SUM(G15:J15) -> 62403.662 | G15: 33710.193 | H15: 4862.921 | I15: 736.45562 | J15: 23094.092 | K15: =L15+O15+P15+Q15 -> 40233.45 | L15: 20955.935 | M15: =L15-N15 -> 0 | N15: 20955.935 | O15: 12179.291 | P15: 11173.722 | Q15: -4075.4984 | R15: -44.86022 | S15: =SUM(T15:Y15) -> -30545.943 | T15: -32174.294 | U15: 1628.3507 | AB15: =AC15+AH15 -> 0 | AC15: =SUM(AD15:AG15) -> 0 | AH15: =SUM(AI15:AJ15) -> 0
B16: =IF(L!$A$1=1,L!B17,IF(L!$A$1=2,L!C17,L!D17)) -> 2006 Gusht | C16: =D16+AB16 -> 63792.908 | D16: =E16+S16+Z16 -> 63792.908 | E16: =F16+K16+R16 -> 65024.983 | F16: =SUM(G16:J16) -> 16193.972 | G16: 1648.112 | H16: 5820.586 | I16: 741.80672 | J16: 7983.4675 | K16: =L16+O16+P16+Q16 -> 49500.502 | L16: 26256.278 | M16: =L16-N16 -> 0 | N16: 26256.278 | O16: 15423.937 | P16: 15654.52 | Q16: -7834.2333 | R16: -669.49082 | S16: =SUM(T16:Y16) -> -1232.0753 | T16: -2688.7125 | U16: 1456.6371 | AB16: =AC16+AH16 -> 0 | AC16: =SUM(AD16:AG16) -> 0 | AH16: =SUM(AI16:AJ16) -> 0
B17: =IF(L!$A$1=1,L!B18,IF(L!$A$1=2,L!C18,L!D18)) -> 2006 Shtator | C17: =D17+AB17 -> 55526.291 | D17: =E17+S17+Z17 -> 55526.291 | E17: =F17+K17+R17 -> 54401.399 | F17: =SUM(G17:J17) -> 14472.58 | G17: 1272.377 | H17: 4529.952 | I17: 571.72938 | J17: 8098.5217 | K17: =L17+O17+P17+Q17 -> 40343.999 | L17: 20692.598 | M17: =L17-N17 -> 0 | N17: 20692.598 | O17: 10956.85 | P17: 10923.059 | Q17: -2228.5078 | R17: -415.18038 | S17: =SUM(T17:Y17) -> 1124.8922 | T17: -362.73924 | U17: 1487.6315 | AB17: =AC17+AH17 -> 0 | AC17: =SUM(AD17:AG17) -> 0 | AH17: =SUM(AI17:AJ17) -> 0
B18: =IF(L!$A$1=1,L!B19,IF(L!$A$1=2,L!C19,L!D19)) -> 2006 Tetor | C18: =D18+AB18 -> 72058.759 | D18: =E18+S18+Z18 -> 72058.759 | E18: =F18+K18+R18 -> 70077.14 | F18: =SUM(G18:J18) -> 25413.33 | G18: 2163.851 | H18: 3150.349 | I18: 764.54661 | J18: 19334.584 | K18: =L18+O18+P18+Q18 -> 44830.612 | L18: 14566.938 | M18: =L18-N18 -> 0 | N18: 14566.938 | O18: 9273.2998 | P18: 7045.0743 | Q18: 13945.3 | R18: -166.80276 | S18: =SUM(T18:Y18) -> 1981.6196 | T18: 373.13783 | U18: 1608.4817 | AB18: =AC18+AH18 -> 0 | AC18: =SUM(AD18:AG18) -> 0 | AH18: =SUM(AI18:AJ18) -> 0
B19: =IF(L!$A$1=1,L!B20,IF(L!$A$1=2,L!C20,L!D20)) -> 2006 Nëntor | C19: =D19+AB19 -> 62059.597 | D19: =E19+S19+Z19 -> 62059.597 | E19: =F19+K19+R19 -> 64818.875 | F19: =SUM(G19:J19) -> 19666.47 | G19: 5991.288 | H19: 5501.817 | I19: 769.15294 | J19: 7404.2123 | K19: =L19+O19+P19+Q19 -> 45734.519 | L19: 23002.251 | M19: =L19-N19 -> 0 | N19: 23002.251 | O19: 15525.687 | P19: 11267.096 | Q19: -4060.5157 | R19: -582.11422 | S19: =SUM(T19:Y19) -> -2759.2779 | T19: -5328.516 | U19: 2569.2381 | AB19: =AC19+AH19 -> 0 | AC19: =SUM(AD19:AG19) -> 0 | AH19: =SUM(AI19:AJ19) -> 0
B20: =IF(L!$A$1=1,L!B21,IF(L!$A$1=2,L!C21,L!D21)) -> 2006 Dhjetor /1 | C20: =D20+AB20 -> 58520.754 | D20: =E20+S20+Z20 -> 58520.754 | E20: =F20+K20+R20 -> -56464.794 | F20: =SUM(G20:J20) -> -143118.48 | G20: 1420.2642 | H20: 5940.0545 | I20: 1146.0537 | J20: -151624.86 | K20: =L20+O20+P20+Q20 -> 86953.188 | L20: 71241.432 | M20: =L20-N20 -> 47771.777 | N20: 23469.655 | O20: 14038.03 | P20: 10950.524 | Q20: -9276.7981 | R20: -299.49819 | S20: =SUM(T20:Y20) -> 114985.55 | T20: 113022.92 | U20: 1962.6329 | AB20: =AC20+AH20 -> 0 | AC20: =SUM(AD20:AG20) -> 0 | AH20: =SUM(AI20:AJ20) -> 0
B21: =IF(L!$A$1=1,L!B22,IF(L!$A$1=2,L!C22,L!D22)) -> Gjithsej 2006 | C21: =D21+AB21 -> 712012.28 | D21: =E21+S21+Z21 -> 712012.28 | E21: =F21+K21+R21 -> 628852.44 | F21: =SUM(G21:J21) -> 127986.05 | G21: 64198.526 | H21: 49906.402 | I21: 8381.2234 | J21: 5499.8999 | K21: =L21+O21+P21+Q21 -> 505226.21 | L21: 258554.12 | M21: =L21-N21 -> 47771.777 | N21: 210782.35 | O21: 124281.8 | P21: 115268.03 | Q21: 7122.2528 | R21: -4359.8197 | S21: =SUM(T21:Y21) -> 83159.838 | T21: 63785.914 | U21: 19373.924 | V21: 0 | W21: 0 | X21: 0 | Y21: 0 | Z21: 0 | AB21: =AC21+AH21 -> 0 | AC21: =SUM(AD21:AG21) -> 0 | AD21: 0 | AE21: 0 | AG21: 0 | AH21: =SUM(AI21:AJ21) -> 0 | AI21: 0 | AJ21: 0 | AK21: 0
A22: 2007 | B22: =IF(L!$A$1=1,L!B23,IF(L!$A$1=2,L!C23,L!D23)) -> 2007 Janar | C22: =D22+AB22 -> 60092.741 | D22: =E22+S22+Z22 -> 60092.741 | E22: =F22+K22+R22 -> 53466.497 | F22: =SUM(G22:J22) -> 16756.546 | G22: 7718.6043 | H22: 5359.1036 | I22: 516.82257 | J22: 3162.0161 | K22: =L22+O22+P22+Q22 -> 36788.079 | L22: 16597.626 | M22: =L22-N22 -> 2270.832 | N22: 14326.794 | O22: 5401.1744 | P22: 14681.475 | Q22: 107.80389 | R22: -78.12845 | S22: =SUM(T22:Y22) -> 6626.2438 | T22: 5080 | U22: 1546.2438 | AB22: =AC22+AH22 -> 0 | AC22: =SUM(AD22:AG22) -> 0 | AH22: =SUM(AI22:AJ22) -> 0
B23: =IF(L!$A$1=1,L!B24,IF(L!$A$1=2,L!C24,L!D24)) -> 2007 Shkurt | C23: =D23+AB23 -> 130558.86 | D23: =E23+S23+Z23 -> 130558.86 | E23: =F23+K23+R23 -> 42543.755 | F23: =SUM(G23:J23) -> 5315.6737 | G23: 434.5643 | H23: 2221.6839 | I23: 505.00879 | J23: 2154.4167 | K23: =L23+O23+P23+Q23 -> 37338.854 | L23: 19013.471 | M23: =L23-N23 -> 3795.8548 | N23: 15217.617 | O23: 6181.3146 | P23: 12073.565 | Q23: 70.5038 | R23: -110.77343 | S23: =SUM(T23:Y23) -> 88015.106 | T23: 86380 | U23: 1635.1056 | AB23: =AC23+AH23 -> 0 | AC23: =SUM(AD23:AG23) -> 0 | AH23: =SUM(AI23:AJ23) -> 0
B24: =IF(L!$A$1=1,L!B25,IF(L!$A$1=2,L!C25,L!D25)) -> 2007 Mars | C24: =D24+AB24 -> 58281.716 | D24: =E24+S24+Z24 -> 58281.716 | E24: =F24+K24+R24 -> 50052.301 | F24: =SUM(G24:J24) -> 5900.753 | G24: 595.99211 | H24: 2265.1389 | I24: 622.70738 | J24: 2416.9147 | K24: =L24+O24+P24+Q24 -> 44673.636 | L24: 23477.252 | M24: =L24-N24 -> 4311.7134 | N24: 19165.539 | O24: 5719.7055 | P24: 15262.062 | Q24: 214.61683 | R24: -522.08795 | S24: =SUM(T24:Y24) -> 8229.4151 | T24: 6620 | U24: 1609.4151 | AB24: =AC24+AH24 -> 0 | AC24: =SUM(AD24:AG24) -> 0 | AH24: =SUM(AI24:AJ24) -> 0
B25: =IF(L!$A$1=1,L!B26,IF(L!$A$1=2,L!C26,L!D26)) -> 2007 Prill | C25: =D25+AB25 -> 74836.013 | D25: =E25+S25+Z25 -> 74836.013 | E25: =F25+K25+R25 -> 66346.218 | F25: =SUM(G25:J25) -> 25545.526 | G25: 16215.084 | H25: 5884.3003 | I25: 727.66762 | J25: 2718.4746 | K25: =L25+O25+P25+Q25 -> 43452.878 | L25: 23894.555 | M25: =L25-N25 -> 3796.5534 | N25: 20098.002 | O25: 6969.5749 | P25: 12492.4 | Q25: 96.348 | R25: -2652.1866 | S25: =SUM(T25:Y25) -> 8489.7955 | T25: 6510 | U25: 1979.7955 | AB25: =AC25+AH25 -> 0 | AC25: =SUM(AD25:AG25) -> 0 | AH25: =SUM(AI25:AJ25) -> 0
B26: =IF(L!$A$1=1,L!B27,IF(L!$A$1=2,L!C27,L!D27)) -> 2007 Maj | C26: =D26+AB26 -> 60026.769 | D26: =E26+S26+Z26 -> 60026.769 | E26: =F26+K26+R26 -> 52660.877 | F26: =SUM(G26:J26) -> 6011.9968 | G26: 868.54024 | H26: 1996.3089 | I26: 625.66209 | J26: 2521.4856 | K26: =L26+O26+P26+Q26 -> 46912.407 | L26: 23918.737 | M26: =L26-N26 -> 3165.4784 | N26: 20753.258 | O26: 6453.9579 | P26: 16461.551 | Q26: 78.16105 | R26: -263.52672 | S26: =SUM(T26:Y26) -> 7365.8914 | T26: 5660 | U26: 1705.8914 | AB26: =AC26+AH26 -> 0 | AC26: =SUM(AD26:AG26) -> 0 | AH26: =SUM(AI26:AJ26) -> 0
B27: =IF(L!$A$1=1,L!B28,IF(L!$A$1=2,L!C28,L!D28)) -> 2007 Qershor | C27: =D27+AB27 -> 62417.252 | D27: =E27+S27+Z27 -> 62417.252 | E27: =F27+K27+R27 -> 54986.604 | F27: =SUM(G27:J27) -> 8429.4505 | G27: 1132.2844 | H27: 2224.3169 | I27: 687.31764 | J27: 4385.5315 | K27: =L27+O27+P27+Q27 -> 47907.243 | L27: 26134.288 | M27: =L27-N27 -> 4548.9715 | N27: 21585.316 | O27: 6780.764 | P27: 14897.744 | Q27: 94.44767 | R27: -1350.0903 | S27: =SUM(T27:Y27) -> 7430.6481 | T27: 6010 | U27: 1420.6481 | AB27: =AC27+AH27 -> 0 | AC27: =SUM(AD27:AG27) -> 0 | AH27: =SUM(AI27:AJ27) -> 0
B28: =IF(L!$A$1=1,L!B29,IF(L!$A$1=2,L!C29,L!D29)) -> 2007 Korrik | C28: =D28+AB28 -> 83779.286 | D28: =E28+S28+Z28 -> 83779.286 | E28: =F28+K28+R28 -> 75553.037 | F28: =SUM(G28:J28) -> 25469.498 | G28: 15196.775 | H28: 6163.9293 | I28: 1082.4098 | J28: 3026.3835 | K28: =L28+O28+P28+Q28 -> 51867.656 | L28: 27370.928 | M28: =L28-N28 -> 4503.383 | N28: 22867.545 | O28: 6542.3728 | P28: 17809.139 | Q28: 145.21697 | R28: -1784.1166 | S28: =SUM(T28:Y28) -> 8226.249 | T28: 6620 | U28: 1606.249 | AB28: =AC28+AH28 -> 0 | AC28: =SUM(AD28:AG28) -> 0 | AH28: =SUM(AI28:AJ28) -> 0
B29: =IF(L!$A$1=1,L!B30,IF(L!$A$1=2,L!C30,L!D30)) -> 2007 Gusht | C29: =D29+AB29 -> 76621.879 | D29: =E29+S29+Z29 -> 76621.879 | E29: =F29+K29+R29 -> 68545.983 | F29: =SUM(G29:J29) -> 9396.9817 | G29: 722.38066 | H29: 2962.3451 | I29: 867.74001 | J29: 4844.516 | K29: =L29+O29+P29+Q29 -> 60243.153 | L29: 30781.952 | M29: =L29-N29 -> 3941.5527 | N29: 26840.4 | O29: 7352.0576 | P29: 21942.655 | Q29: 166.48799 | R29: -1094.1508 | S29: =SUM(T29:Y29) -> 8075.8953 | T29: 5530 | U29: 2545.8953 | AB29: =AC29+AH29 -> 0 | AC29: =SUM(AD29:AG29) -> 0 | AH29: =SUM(AI29:AJ29) -> 0
B30: =IF(L!$A$1=1,L!B31,IF(L!$A$1=2,L!C31,L!D31)) -> 2007 Shtator | C30: =D30+AB30 -> 65645.54 | D30: =E30+S30+Z30 -> 65645.54 | E30: =F30+K30+R30 -> 58064.678 | F30: =SUM(G30:J30) -> 10433.024 | G30: 6412.3098 | H30: 2074.4973 | I30: 487.21668 | J30: 1459.0005 | K30: =L30+O30+P30+Q30 -> 47708.02 | L30: 25927.341 | M30: =L30-N30 -> 4128.7816 | N30: 21798.559 | O30: 6242.4308 | P30: 15475.865 | Q30: 62.38346 | R30: -76.36643 | S30: =SUM(T30:Y30) -> 7580.8619 | T30: 5720 | U30: 1860.8619 | AB30: =AC30+AH30 -> 0 | AC30: =SUM(AD30:AG30) -> 0 | AH30: =SUM(AI30:AJ30) -> 0
B31: =IF(L!$A$1=1,L!B32,IF(L!$A$1=2,L!C32,L!D32)) -> 2007 Tetor | C31: =D31+AB31 -> 80206.527 | D31: =E31+S31+Z31 -> 80206.527 | E31: =F31+K31+R31 -> 70971.589 | F31: =SUM(G31:J31) -> 19652.77 | G31: 10808.63 | H31: 5949.3805 | I31: 513.00788 | J31: 2381.7513 | K31: =L31+O31+P31+Q31 -> 52035.267 | L31: 28191.404 | M31: =L31-N31 -> 4234.1974 | N31: 23957.207 | O31: 7727.1799 | P31: 16024.094 | Q31: 92.5889 | R31: -716.44746 | S31: =SUM(T31:Y31) -> 9234.9374 | T31: 7520 | U31: 1714.9374 | AB31: =AC31+AH31 -> 0 | AC31: =SUM(AD31:AG31) -> 0 | AH31: =SUM(AI31:AJ31) -> 0
B32: =IF(L!$A$1=1,L!B33,IF(L!$A$1=2,L!C33,L!D33)) -> 2007 Nëntor | C32: =D32+AB32 -> 65532.771 | D32: =E32+S32+Z32 -> 65532.771 | E32: =F32+K32+R32 -> 58489.524 | F32: =SUM(G32:J32) -> 6877.2532 | G32: 2460.7632 | H32: 2253.1831 | I32: 525.88025 | J32: 1637.4266 | K32: =L32+O32+P32+Q32 -> 51768.482 | L32: 26524.061 | M32: =L32-N32 -> 4556.0045 | N32: 21968.056 | O32: 7045.7452 | P32: 18054.355 | Q32: 144.32076 | R32: -156.21067 | S32: =SUM(T32:Y32) -> 7043.2474 | T32: 5620 | U32: 1423.2474 | AB32: =AC32+AH32 -> 0 | AC32: =SUM(AD32:AG32) -> 0 | AH32: =SUM(AI32:AJ32) -> 0
B33: =IF(L!$A$1=1,L!B34,IF(L!$A$1=2,L!C34,L!D34)) -> 2007 Dhjetor | C33: =D33+AB33 -> 84998.821 | D33: =E33+S33+Z33 -> 84998.821 | E33: =F33+K33+R33 -> 70752.473 | F33: =SUM(G33:J33) -> 4976.8145 | G33: 12211.464 | H33: 12613.593 | I33: 1139.0354 | J33: -20987.278 | K33: =L33+O33+P33+Q33 -> 68438.835 | L33: 41990.54 | M33: =L33-N33 -> 15530.038 | N33: 26460.502 | O33: 8791.9311 | P33: 16208.714 | Q33: 1447.6499 | R33: -2663.1761 | S33: =SUM(T33:Y33) -> 14246.348 | T33: 12358 | U33: 1888.3481 | AB33: =AC33+AH33 -> 0 | AC33: =SUM(AD33:AG33) -> 0 | AH33: =SUM(AI33:AJ33) -> 0
B34: =IF(L!$A$1=1,L!B35,IF(L!$A$1=2,L!C35,L!D35)) -> Gjithsej 2007 | C34: =D34+AB34 -> 902998.18 | D34: =E34+S34+Z34 -> 902998.18 | E34: =F34+K34+R34 -> 722433.54 | F34: =SUM(G34:J34) -> 144766.29 | G34: 74777.392 | H34: 51967.781 | I34: 8300.4762 | J34: 9720.6388 | K34: =L34+O34+P34+Q34 -> 589134.51 | L34: 313822.16 | M34: =L34-N34 -> 58783.361 | N34: 255038.79 | O34: 81208.209 | P34: 191383.62 | Q34: 2720.5292 | R34: -11467.261 | S34: =SUM(T34:Y34) -> 180564.64 | T34: 159628 | U34: 20936.639 | V34: 0 | W34: 0 | X34: 0 | Y34: 0 | Z34: 0 | AB34: =AC34+AH34 -> 0 | AC34: =SUM(AD34:AG34) -> 0 | AD34: 0 | AE34: 0 | AG34: 0 | AH34: =SUM(AI34:AJ34) -> 0 | AI34: 0 | AJ34: 0 | AK34: 0
A35: 2008 | B35: =IF(L!$A$1=1,L!B36,IF(L!$A$1=2,L!C36,L!D36)) -> 2008 Janar | C35: =D35+AB35 -> 34480.498 | D35: =E35+S35+Z35 -> 34480.498 | E35: =F35+K35+R35 -> 26781.744 | F35: =SUM(G35:J35) -> 644.33382 | G35: 149.89463 | H35: 5.07445 | I35: 486.07108 | J35: 3.29366 | K35: =L35+O35+P35+Q35 -> 30389.165 | L35: 14211.919 | M35: =L35-N35 -> 2.25233 | N35: 14209.667 | O35: 4102.6677 | P35: 11978.323 | Q35: 96.25501 | R35: -4251.7546 | S35: =SUM(T35:Y35) -> 7698.7542 | T35: 6331.2899 | U35: 1367.4643 | AB35: =AC35+AH35 -> 0 | AC35: =SUM(AD35:AG35) -> 0 | AH35: =SUM(AI35:AJ35) -> 0
B36: =IF(L!$A$1=1,L!B37,IF(L!$A$1=2,L!C37,L!D37)) -> 2008 Shkurt | C36: =D36+AB36 -> 78682.274 | D36: =E36+S36+Z36 -> 78682.274 | E36: =F36+K36+R36 -> 66251.984 | F36: =SUM(G36:J36) -> 22893.329 | G36: 11944.425 | H36: 10307.728 | I36: 333.78526 | J36: 307.39021 | K36: =L36+O36+P36+Q36 -> 43636.095 | L36: 26186.601 | M36: =L36-N36 -> 7145.607 | N36: 19040.994 | O36: 5571.0394 | P36: 11741.235 | Q36: 137.21873 | R36: -277.43938 | S36: =SUM(T36:Y36) -> 12430.29 | T36: 10769.082 | U36: 1661.2085 | AB36: =AC36+AH36 -> 0 | AC36: =SUM(AD36:AG36) -> 0 | AH36: =SUM(AI36:AJ36) -> 0
B37: =IF(L!$A$1=1,L!B38,IF(L!$A$1=2,L!C38,L!D38)) -> 2008 Mars | C37: =D37+AB37 -> 58217.27 | D37: =E37+S37+Z37 -> 58217.27 | E37: =F37+K37+R37 -> 47476.923 | F37: =SUM(G37:J37) -> 5681.4345 | G37: 1335.5473 | H37: 3748.9674 | I37: 556.39075 | J37: 40.529 | K37: =L37+O37+P37+Q37 -> 42807.963 | L37: 23359.501 | M37: =L37-N37 -> 2955.6947 | N37: 20403.806 | O37: 6306.4972 | P37: 12927.968 | Q37: 213.99656 | R37: -1012.474 | S37: =SUM(T37:Y37) -> 10740.347 | T37: 8579.8165 | U37: 2160.5304 | AB37: =AC37+AH37 -> 0 | AC37: =SUM(AD37:AG37) -> 0 | AH37: =SUM(AI37:AJ37) -> 0
B38: =IF(L!$A$1=1,L!B39,IF(L!$A$1=2,L!C39,L!D39)) -> 2008 Prill | C38: =D38+AB38 -> 94355.714 | D38: =E38+S38+Z38 -> 94355.714 | E38: =F38+K38+R38 -> 85426.637 | F38: =SUM(G38:J38) -> 34061.835 | G38: 23921.531 | H38: 8744.071 | I38: 1369.1502 | J38: 27.08256 | K38: =L38+O38+P38+Q38 -> 52045.116 | L38: 28381.418 | M38: =L38-N38 -> 5566.033 | N38: 22815.385 | O38: 7501.2221 | P38: 15899.353 | Q38: 263.12286 | R38: -680.31469 | S38: =SUM(T38:Y38) -> 8929.0776 | T38: 6699.0019 | U38: 2230.0756 | AB38: =AC38+AH38 -> 0 | AC38: =SUM(AD38:AG38) -> 0 | AH38: =SUM(AI38:AJ38) -> 0
B39: =IF(L!$A$1=1,L!B40,IF(L!$A$1=2,L!C40,L!D40)) -> 2008 Maj | C39: =D39+AB39 -> 71616.904 | D39: =E39+S39+Z39 -> 71616.904 | E39: =F39+K39+R39 -> 63342.757 | F39: =SUM(G39:J39) -> 6350.4378 | G39: 1389.0428 | H39: 3855.7279 | I39: 1091.7596 | J39: 13.90748 | K39: =L39+O39+P39+Q39 -> 60765.316 | L39: 31719.802 | M39: =L39-N39 -> 4599.9696 | N39: 27119.833 | O39: 7804.3855 | P39: 20717.476 | Q39: 523.65233 | R39: -3772.9973 | S39: =SUM(T39:Y39) -> 8274.1478 | T39: 6079.3062 | U39: 2194.8416 | AB39: =AC39+AH39 -> 0 | AC39: =SUM(AD39:AG39) -> 0 | AH39: =SUM(AI39:AJ39) -> 0
B40: =IF(L!$A$1=1,L!B41,IF(L!$A$1=2,L!C41,L!D41)) -> 2008 Qershor | C40: =D40+AB40 -> 70911.531 | D40: =E40+S40+Z40 -> 70911.531 | E40: =F40+K40+R40 -> 61017.481 | F40: =SUM(G40:J40) -> 7510.5454 | G40: 1812.135 | H40: 4302.964 | I40: 1291.5174 | J40: 103.929 | K40: =L40+O40+P40+Q40 -> 55941.613 | L40: 31189.241 | M40: =L40-N40 -> 2961.6714 | N40: 28227.57 | O40: 8697.734 | P40: 15776.803 | Q40: 277.835 | R40: -2434.6775 | S40: =SUM(T40:Y40) -> 9894.0504 | T40: 7447.8152 | U40: 2446.2353 | AB40: =AC40+AH40 -> 0 | AC40: =SUM(AD40:AG40) -> 0 | AH40: =SUM(AI40:AJ40) -> 0
B41: =IF(L!$A$1=1,L!B42,IF(L!$A$1=2,L!C42,L!D42)) -> 2008 Korrik | C41: =D41+AB41 -> 102134.65 | D41: =E41+S41+Z41 -> 102134.65 | E41: =F41+K41+R41 -> 91252.105 | F41: =SUM(G41:J41) -> 29604.972 | G41: 19683.138 | H41: 7451.4225 | I41: 1843.8313 | J41: 626.58001 | K41: =L41+O41+P41+Q41 -> 62116.77 | L41: 33513.396 | M41: =L41-N41 -> 4993.0587 | N41: 28520.337 | O41: 9024.673 | P41: 19145.358 | Q41: 433.34343 | R41: -469.63758 | S41: =SUM(T41:Y41) -> 10882.541 | T41: 8178.3941 | U41: 2704.1473 | AB41: =AC41+AH41 -> 0 | AC41: =SUM(AD41:AG41) -> 0 | AH41: =SUM(AI41:AJ41) -> 0
B42: =IF(L!$A$1=1,L!B43,IF(L!$A$1=2,L!C43,L!D43)) -> 2008 Gusht | C42: =D42+AB42 -> 73162.973 | D42: =E42+S42+Z42 -> 73162.973 | E42: =F42+K42+R42 -> 63745.8 | F42: =SUM(G42:J42) -> 5855.291 | G42: 1019.9705 | H42: 3468.5569 | I42: 1265.481 | J42: 101.28255 | K42: =L42+O42+P42+Q42 -> 58310.153 | L42: 30012.638 | M42: =L42-N42 -> 3421.9542 | N42: 26590.684 | O42: 8105.4568 | P42: 19987.31 | Q42: 204.74891 | R42: -419.64438 | S42: =SUM(T42:Y42) -> 9417.1728 | T42: 5312.3201 | U42: 4104.8527 | AB42: =AC42+AH42 -> 0 | AC42: =SUM(AD42:AG42) -> 0 | AH42: =SUM(AI42:AJ42) -> 0
B43: =IF(L!$A$1=1,L!B44,IF(L!$A$1=2,L!C44,L!D44)) -> 2008 Shtator | C43: =D43+AB43 -> 75485.626 | D43: =E43+S43+Z43 -> 75485.626 | E43: =F43+K43+R43 -> 61771.365 | F43: =SUM(G43:J43) -> 5917.7881 | G43: 1278.4819 | H43: 3506.2559 | I43: 903.50301 | J43: 229.54735 | K43: =L43+O43+P43+Q43 -> 58313.193 | L43: 33807.386 | M43: =L43-N43 -> 5545.7252 | N43: 28261.661 | O43: 8409.2364 | P43: 15723.054 | Q43: 373.51716 | R43: -2459.6166 | S43: =SUM(T43:Y43) -> 13714.262 | T43: 10842.601 | U43: 2871.6604 | AB43: =AC43+AH43 -> 0 | AC43: =SUM(AD43:AG43) -> 0 | AH43: =SUM(AI43:AJ43) -> 0
B44: =IF(L!$A$1=1,L!B45,IF(L!$A$1=2,L!C45,L!D45)) -> 2008 Tetor | C44: =D44+AB44 -> 107936.89 | D44: =E44+S44+Z44 -> 107936.89 | E44: =F44+K44+R44 -> 95360.104 | F44: =SUM(G44:J44) -> 33747.108 | G44: 24165.914 | H44: 8302.5828 | I44: 987.86177 | J44: 290.75023 | K44: =L44+O44+P44+Q44 -> 62782.233 | L44: 36301.746 | M44: =L44-N44 -> 7245.0696 | N44: 29056.677 | O44: 8900.7306 | P44: 17150.991 | Q44: 428.76568 | R44: -1169.2381 | S44: =SUM(T44:Y44) -> 12576.783 | T44: 9497.1934 | U44: 3079.5893 | AB44: =AC44+AH44 -> 0 | AC44: =SUM(AD44:AG44) -> 0 | AH44: =SUM(AI44:AJ44) -> 0
B45: =IF(L!$A$1=1,L!B46,IF(L!$A$1=2,L!C46,L!D46)) -> 2008 Nëntor | C45: =D45+AB45 -> 65139.662 | D45: =E45+S45+Z45 -> 65139.662 | E45: =F45+K45+R45 -> 57378.617 | F45: =SUM(G45:J45) -> 5502.1981 | G45: 1147.0077 | H45: 3372.5994 | I45: 863.80715 | J45: 118.78387 | K45: =L45+O45+P45+Q45 -> 53173.799 | L45: 27510.66 | M45: =L45-N45 -> 3554.6866 | N45: 23955.973 | O45: 7645.8426 | P45: 17751.197 | Q45: 266.09862 | R45: -1297.3802 | S45: =SUM(T45:Y45) -> 7761.0454 | T45: 5541.6107 | U45: 2219.4346 | AB45: =AC45+AH45 -> 0 | AC45: =SUM(AD45:AG45) -> 0 | AH45: =SUM(AI45:AJ45) -> 0
B46: =IF(L!$A$1=1,L!B47,IF(L!$A$1=2,L!C47,L!D47)) -> 2008 Dhjetor | C46: =D46+AB46 -> 110401.33 | D46: =E46+S46+Z46 -> 110401.33 | E46: =F46+K46+R46 -> 97941.863 | F46: =SUM(G46:J46) -> 18699.117 | G46: 9863.69 | H46: 7097.6333 | I46: 1723.9029 | J46: 13.89062 | K46: =L46+O46+P46+Q46 -> 83104.47 | L46: 46972.404 | M46: =L46-N46 -> 10414.818 | N46: 36557.585 | O46: 11285.094 | P46: 24511.45 | Q46: 335.52225 | R46: -3861.7236 | S46: =SUM(T46:Y46) -> 12459.466 | T46: 9432.5691 | U46: 3026.8971 | AB46: =AC46+AH46 -> 0 | AC46: =SUM(AD46:AG46) -> 0 | AH46: =SUM(AI46:AJ46) -> 0
B47: =IF(L!$A$1=1,L!B48,IF(L!$A$1=2,L!C48,L!D48)) -> Gjithsej 2008 | C47: =D47+AB47 -> 942525.32 | D47: =E47+S47+Z47 -> 942525.32 | E47: =F47+K47+R47 -> 817747.38 | F47: =SUM(G47:J47) -> 176468.39 | G47: 97710.778 | H47: 64163.584 | I47: 12717.061 | J47: 1876.9665 | K47: =L47+O47+P47+Q47 -> 663385.89 | L47: 363166.71 | M47: =L47-N47 -> 58406.541 | N47: 304760.17 | O47: 93354.579 | P47: 203310.52 | Q47: 3554.0765 | R47: -22106.898 | S47: =SUM(T47:Y47) -> 124777.94 | T47: 94711 | U47: 30066.937 | V47: 0 | W47: 0 | X47: 0 | Y47: 0 | Z47: 0 | AB47: =AC47+AH47 -> 0 | AC47: =SUM(AD47:AG47) -> 0 | AD47: 0 | AE47: 0 | AG47: 0 | AH47: =SUM(AI47:AJ47) -> 0 | AI47: 0 | AJ47: 0 | AK47: 0
A48: 2009 | B48: =IF(L!$A$1=1,L!B49,IF(L!$A$1=2,L!C49,L!D49)) -> 2009 Janar | C48: =D48+AB48 -> 66212.62 | D48: =E48+S48+Z48 -> 66212.62 | E48: =F48+K48+R48 -> 58470.457 | F48: =SUM(G48:J48) -> 51833.705 | G48: 16329.828 | H48: 8140.1515 | I48: 911.52486 | J48: 26452.2 | K48: =L48+O48+P48+Q48 -> 7410.7838 | L48: 4449.8728 | M48: =L48-N48 -> -10449.692 | N48: 14899.565 | O48: 914.766 | P48: 1978.315 | Q48: 67.83 | R48: -774.03156 | S48: =SUM(T48:Y48) -> 7742.1635 | T48: 5849.8969 | U48: 1892.2666 | AB48: =AC48+AH48 -> 0 | AC48: =SUM(AD48:AG48) -> 0 | AH48: =SUM(AI48:AJ48) -> 0
B49: =IF(L!$A$1=1,L!B50,IF(L!$A$1=2,L!C50,L!D50)) -> 2009 Shkurt | C49: =D49+AB49 -> 56207.918 | D49: =E49+S49+Z49 -> 56207.918 | E49: =F49+K49+R49 -> 49018.369 | F49: =SUM(G49:J49) -> 6299.1076 | G49: 816.84439 | H49: 1895.8983 | I49: 587.83049 | J49: 2998.5344 | K49: =L49+O49+P49+Q49 -> 43457.768 | L49: 26337.926 | M49: =L49-N49 -> 6590.7057 | N49: 19747.22 | O49: 6307.5703 | P49: 10653.97 | Q49: 158.30199 | R49: -738.50647 | S49: =SUM(T49:Y49) -> 7189.5491 | T49: 5151.5533 | U49: 2037.9958 | AB49: =AC49+AH49 -> 0 | AC49: =SUM(AD49:AG49) -> 0 | AH49: =SUM(AI49:AJ49) -> 0
B50: =IF(L!$A$1=1,L!B51,IF(L!$A$1=2,L!C51,L!D51)) -> 2009 Mars | C50: =D50+AB50 -> 65185.416 | D50: =E50+S50+Z50 -> 65185.416 | E50: =F50+K50+R50 -> 53776.165 | F50: =SUM(G50:J50) -> 7123.9601 | G50: 2106.3593 | H50: 4195.368 | I50: 793.23183 | J50: 29.001 | K50: =L50+O50+P50+Q50 -> 50880.741 | L50: 29011.068 | M50: =L50-N50 -> 5119.2862 | N50: 23891.782 | O50: 7538.611 | P50: 14181.796 | Q50: 149.266 | R50: -4228.536 | S50: =SUM(T50:Y50) -> 11409.251 | T50: 9250.0278 | U50: 2159.2229 | AB50: =AC50+AH50 -> 0 | AC50: =SUM(AD50:AG50) -> 0 | AH50: =SUM(AI50:AJ50) -> 0
B51: =IF(L!$A$1=1,L!B52,IF(L!$A$1=2,L!C52,L!D52)) -> 2009 Prill | C51: =D51+AB51 -> 80694.414 | D51: =E51+S51+Z51 -> 80694.414 | E51: =F51+K51+R51 -> 71389.859 | F51: =SUM(G51:J51) -> 21020.967 | G51: 11983.21 | H51: 7845.6189 | I51: 1155.2331 | J51: 36.9051 | K51: =L51+O51+P51+Q51 -> 52965.863 | L51: 30380.179 | M51: =L51-N51 -> 5512.4537 | N51: 24867.726 | O51: 7436.465 | P51: 14829.198 | Q51: 320.021 | R51: -2596.9711 | S51: =SUM(T51:Y51) -> 9304.555 | T51: 6671.3145 | U51: 2633.2405 | AB51: =AC51+AH51 -> 0 | AC51: =SUM(AD51:AG51) -> 0 | AH51: =SUM(AI51:AJ51) -> 0
B52: =IF(L!$A$1=1,L!B53,IF(L!$A$1=2,L!C53,L!D53)) -> 2009 Maj | C52: =D52+AB52 -> 74508.385 | D52: =E52+S52+Z52 -> 74508.385 | E52: =F52+K52+R52 -> 63186.947 | F52: =SUM(G52:J52) -> 5994.8885 | G52: 1679.9066 | H52: 2536.414 | I52: 903.07966 | J52: 875.48819 | K52: =L52+O52+P52+Q52 -> 58052.869 | L52: 31865.187 | M52: =L52-N52 -> 4769.7822 | N52: 27095.405 | O52: 8177.568 | P52: 17818.083 | Q52: 192.03155 | R52: -860.81117 | S52: =SUM(T52:Y52) -> 11321.438 | T52: 8341.4513 | U52: 2979.9867 | AB52: =AC52+AH52 -> 0 | AC52: =SUM(AD52:AG52) -> 0 | AH52: =SUM(AI52:AJ52) -> 0
B53: =IF(L!$A$1=1,L!B54,IF(L!$A$1=2,L!C54,L!D54)) -> 2009 Qershor | C53: =D53+AB53 -> 77277.792 | D53: =E53+S53+Z53 -> 77277.792 | E53: =F53+K53+R53 -> 67754.264 | F53: =SUM(G53:J53) -> 6038.2905 | G53: 1564.1529 | H53: 3315.9827 | I53: 1139.2387 | J53: 18.91628 | K53: =L53+O53+P53+Q53 -> 62300.093 | L53: 34736.867 | M53: =L53-N53 -> 6423.3716 | N53: 28313.496 | O53: 9505.0186 | P53: 17911.661 | Q53: 146.54575 | R53: -584.11928 | S53: =SUM(T53:Y53) -> 9523.5276 | T53: 6569.0656 | U53: 2954.462 | AB53: =AC53+AH53 -> 0 | AC53: =SUM(AD53:AG53) -> 0 | AH53: =SUM(AI53:AJ53) -> 0
B54: =IF(L!$A$1=1,L!B55,IF(L!$A$1=2,L!C55,L!D55)) -> 2009 Korrik | C54: =D54+AB54 -> 90388.317 | D54: =E54+S54+Z54 -> 90388.317 | E54: =F54+K54+R54 -> 80124.627 | F54: =SUM(G54:J54) -> 14411.729 | G54: 6254.6734 | H54: 6855.7856 | I54: 1233.1071 | J54: 68.16302 | K54: =L54+O54+P54+Q54 -> 66204.413 | L54: 34426.888 | M54: =L54-N54 -> 5887.3277 | N54: 28539.56 | O54: 8563.3885 | P54: 23064.389 | Q54: 149.74736 | R54: -491.51555 | S54: =SUM(T54:Y54) -> 10263.69 | T54: 7776.6946 | U54: 2486.9956 | AB54: =AC54+AH54 -> 0 | AC54: =SUM(AD54:AG54) -> 0 | AH54: =SUM(AI54:AJ54) -> 0
B55: =IF(L!$A$1=1,L!B56,IF(L!$A$1=2,L!C56,L!D56)) -> 2009 Gusht | C55: =D55+AB55 -> 84034.199 | D55: =E55+S55+Z55 -> 84034.199 | E55: =F55+K55+R55 -> 73307.676 | F55: =SUM(G55:J55) -> 5543.3053 | G55: 1227.7174 | H55: 3318.288 | I55: 966.90489 | J55: 30.39511 | K55: =L55+O55+P55+Q55 -> 68220.074 | L55: 36700.205 | M55: =L55-N55 -> 5272.0064 | N55: 31428.199 | O55: 8904.7379 | P55: 22477.777 | Q55: 137.35303 | R55: -455.70334 | S55: =SUM(T55:Y55) -> 10726.524 | T55: 7967.992 | U55: 2758.5317 | AB55: =AC55+AH55 -> 0 | AC55: =SUM(AD55:AG55) -> 0 | AH55: =SUM(AI55:AJ55) -> 0
B56: =IF(L!$A$1=1,L!B57,IF(L!$A$1=2,L!C57,L!D57)) -> 2009 Shtator | C56: =D56+AB56 -> 79043.097 | D56: =E56+S56+Z56 -> 79043.097 | E56: =F56+K56+R56 -> 67201.678 | F56: =SUM(G56:J56) -> 7859.7144 | G56: 3810.3304 | H56: 3275.9326 | I56: 730.232 | J56: 43.21944 | K56: =L56+O56+P56+Q56 -> 64504.914 | L56: 35714.91 | M56: =L56-N56 -> 5869.512 | N56: 29845.398 | O56: 8500.7091 | P56: 20103.013 | Q56: 186.28203 | R56: -5162.9501 | S56: =SUM(T56:Y56) -> 11841.419 | T56: 8874.2158 | U56: 2967.2029 | AB56: =AC56+AH56 -> 0 | AC56: =SUM(AD56:AG56) -> 0 | AH56: =SUM(AI56:AJ56) -> 0
B57: =IF(L!$A$1=1,L!B58,IF(L!$A$1=2,L!C58,L!D58)) -> 2009 Tetor | C57: =D57+AB57 -> 113859.82 | D57: =E57+S57+Z57 -> 113859.82 | E57: =F57+K57+R57 -> 84057.739 | F57: =SUM(G57:J57) -> 17663.742 | G57: 9048.4236 | H57: 7815.0076 | I57: 767.15907 | J57: 33.15152 | K57: =L57+O57+P57+Q57 -> 67217.17 | L57: 38489.75 | M57: =L57-N57 -> 7783.8604 | N57: 30705.89 | O57: 8849.1855 | P57: 19633.861 | Q57: 244.37381 | R57: -823.17268 | S57: =SUM(T57:Y57) -> 29802.082 | T57: 6974.1383 | U57: 2949.944 | Y57: 19878 | AB57: =AC57+AH57 -> 0 | AC57: =SUM(AD57:AG57) -> 0 | AH57: =SUM(AI57:AJ57) -> 0
B58: =IF(L!$A$1=1,L!B59,IF(L!$A$1=2,L!C59,L!D59)) -> 2009 Nëntor | C58: =D58+AB58 -> 263274 | D58: =E58+S58+Z58 -> 263274 | E58: =F58+K58+R58 -> 75631.869 | F58: =SUM(G58:J58) -> 11606.944 | G58: 2317.6607 | H58: 5724.983 | I58: 576.9621 | J58: 2987.3381 | K58: =L58+O58+P58+Q58 -> 64425.551 | L58: 36297.559 | M58: =L58-N58 -> 6814.3116 | N58: 29483.247 | O58: 8990.0138 | P58: 18898.412 | Q58: 239.56612 | R58: -400.62648 | S58: =SUM(T58:Y58) -> 187642.13 | T58: 5404.2515 | U58: 2115.8753 | Y58: 180122 | AB58: =AC58+AH58 -> 0 | AC58: =SUM(AD58:AG58) -> 0 | AH58: =SUM(AI58:AJ58) -> 0
B59: =IF(L!$A$1=1,L!B60,IF(L!$A$1=2,L!C60,L!D60)) -> 2009 Dhjetor | C59: =D59+AB59 -> 96131.024 | D59: =E59+S59+Z59 -> 96131.024 | E59: =F59+K59+R59 -> 83322.496 | F59: =SUM(G59:J59) -> 13355.165 | G59: 8051.1509 | H59: 6487.5708 | I59: 1671.7289 | J59: -2855.2859 | K59: =L59+O59+P59+Q59 -> 78727.292 | L59: 52209.99 | M59: =L59-N59 -> 13365.745 | N59: 38844.246 | O59: 10836.536 | P59: 15437.216 | Q59: 243.54944 | R59: -8759.9609 | S59: =SUM(T59:Y59) -> 12808.528 | T59: 9430.6719 | U59: 3377.8566 | AB59: =AC59+AH59 -> 0 | AC59: =SUM(AD59:AG59) -> 0 | AH59: =SUM(AI59:AJ59) -> 0
B60: =IF(L!$A$1=1,L!B61,IF(L!$A$1=2,L!C61,L!D61)) -> Gjithsej 2009 | C60: =D60+AB60+AK60 -> 1146817 | D60: =E60+S60+Z60 -> 1146817 | E60: =F60+K60+R60 -> 827242.15 | F60: =SUM(G60:J60) -> 168751.52 | G60: 65190.258 | H60: 61407.001 | I60: 11436.233 | J60: 30718.027 | K60: =L60+O60+P60+Q60 -> 684367.53 | L60: 390620.4 | M60: =L60-N60 -> 62958.67 | N60: 327661.73 | O60: 94524.57 | P60: 196987.69 | Q60: 2234.8681 | R60: -25876.905 | S60: =SUM(T60:Y60) -> 319574.85 | T60: 88261.274 | U60: 31313.581 | V60: 0 | W60: 0 | X60: 0 | Y60: 200000 | AB60: =AC60+AH60 -> 0 | AC60: =SUM(AD60:AG60) -> 0 | AG60: 0 | AH60: =SUM(AI60:AJ60) -> 0 | AI60: 0 | AJ60: 0 | AK60: 0
A61: 2010 | B61: =IF(L!$A$1=1,L!B62,IF(L!$A$1=2,L!C62,L!D62)) -> 2010 Janar | C61: =D61+AB61+AK61 -> 58795.776 | D61: =E61+S61+Z61 -> 57961.957 | E61: =F61+K61+R61 -> 48780.554 | F61: =SUM(G61:J61) -> 17444.007 | G61: 3205.618 | H61: 3556.6778 | I61: 652.93337 | J61: 10028.778 | K61: =L61+O61+P61+Q61 -> 31679.797 | L61: 15813.478 | M61: =L61-N61 -> 700.4327 | N61: 15113.045 | O61: 4408.4069 | P61: 11381.497 | Q61: 76.41597 | R61: -343.25029 | S61: =SUM(T61:Y61) -> 9181.4033 | T61: 5796.8571 | U61: 2228.6226 | W61: 1155.9236 | Y61: 0 | Z61: 0 | AB61: =AC61+AH61 -> 0 | AC61: =SUM(AD61:AG61) -> 0 | AH61: =SUM(AI61:AJ61) -> 0 | AI61: 0 | AK61: 833.81942
B62: =IF(L!$A$1=1,L!B63,IF(L!$A$1=2,L!C63,L!D63)) -> 2010 Shkurt | C62: =D62+AB62+AK62 -> 68188.98 | D62: =E62+S62+Z62 -> 65390.686 | E62: =F62+K62+R62 -> 56067.256 | F62: =SUM(G62:J62) -> 5748.3763 | G62: 6381.1247 | H62: 8504.187 | I62: 569.54807 | J62: -9706.4835 | K62: =L62+O62+P62+Q62 -> 50747.101 | L62: 31054.341 | M62: =L62-N62 -> 10989.954 | N62: 20064.387 | O62: 6242.1303 | P62: 13329.634 | Q62: 120.99565 | R62: -428.22168 | S62: =SUM(T62:Y62) -> 9323.4305 | T62: 6930.0938 | U62: 2243.3989 | W62: 149.93783 | Y62: 0 | Z62: 0 | AB62: =AC62+AH62 -> 0 | AC62: =SUM(AD62:AG62) -> 0 | AH62: =SUM(AI62:AJ62) -> 0 | AI62: 0 | AK62: 2798.2935
B63: =IF(L!$A$1=1,L!B64,IF(L!$A$1=2,L!C64,L!D64)) -> 2010 Mars | C63: =D63+AB63+AK63 -> 77095.098 | D63: =E63+S63+Z63 -> 76392.435 | E63: =F63+K63+R63 -> 58998.699 | F63: =SUM(G63:J63) -> 9271.4569 | G63: 2249.0808 | H63: 6141.5653 | I63: 837.26848 | J63: 43.54223 | K63: =L63+O63+P63+Q63 -> 55514.778 | L63: 31078.136 | M63: =L63-N63 -> 5058.8457 | N63: 26019.29 | O63: 7597.2768 | P63: 16720.16 | Q63: 119.20577 | R63: -5787.5362 | S63: =SUM(T63:Y63) -> 17393.736 | T63: 14605.74 | U63: 2676.3005 | W63: 111.69594 | Y63: 0 | Z63: 0 | AB63: =AC63+AH63 -> 0 | AC63: =SUM(AD63:AG63) -> 0 | AH63: =SUM(AI63:AJ63) -> 0 | AI63: 0 | AK63: 702.66319
B64: =IF(L!$A$1=1,L!B65,IF(L!$A$1=2,L!C65,L!D65)) -> 2010 Prill | C64: =D64+AB64+AK64 -> 90818.299 | D64: =E64+S64+Z64 -> 87878.047 | E64: =F64+K64+R64 -> 77431.248 | F64: =SUM(G64:J64) -> 20211.32 | G64: 9653.5108 | H64: 9765.3349 | I64: 787.15537 | J64: 5.31941 | K64: =L64+O64+P64+Q64 -> 58834.353 | L64: 35053.598 | M64: =L64-N64 -> 6087.3952 | N64: 28966.203 | O64: 8542.3741 | P64: 15064.903 | Q64: 173.47729 | R64: -1614.425 | S64: =SUM(T64:Y64) -> 10446.799 | T64: 6509.7409 | U64: 2763.1579 | W64: 1173.8999 | Y64: 0 | Z64: 0 | AB64: =AC64+AH64 -> 0 | AC64: =SUM(AD64:AG64) -> 0 | AH64: =SUM(AI64:AJ64) -> 0 | AI64: 0 | AK64: 2940.2523
B65: =IF(L!$A$1=1,L!B66,IF(L!$A$1=2,L!C66,L!D66)) -> 2010 Maj | C65: =D65+AB65+AK65 -> 166195.01 | D65: =E65+S65+Z65 -> 165500.46 | E65: =F65+K65+R65 -> 76961.661 | F65: =SUM(G65:J65) -> 8180.2826 | G65: 1969.2964 | H65: 4616.901 | I65: 1500.7602 | J65: 93.32503 | K65: =L65+O65+P65+Q65 -> 69163.944 | L65: 40880.285 | M65: =L65-N65 -> 8429.895 | N65: 32450.39 | O65: 9801.727 | P65: 18333.494 | Q65: 148.43835 | R65: -382.56656 | S65: =SUM(T65:Y65) -> 88538.802 | T65: 5791.7467 | U65: 2571.2251 | W65: 175.8303 | Y65: 80000 | Z65: 0 | AB65: =AC65+AH65 -> 0 | AC65: =SUM(AD65:AG65) -> 0 | AH65: =SUM(AI65:AJ65) -> 0 | AI65: 0 | AK65: 694.54472
B66: =IF(L!$A$1=1,L!B67,IF(L!$A$1=2,L!C67,L!D67)) -> 2010 Qershor | C66: =D66+AB66+AK66 -> 82544.36 | D66: =E66+S66+Z66 -> 80367.079 | E66: =F66+K66+R66 -> 71797.831 | F66: =SUM(G66:J66) -> 7226.7281 | G66: 1559.3298 | H66: 3933.7553 | I66: 1656.6195 | J66: 77.0236 | K66: =L66+O66+P66+Q66 -> 65802.658 | L66: 38966.872 | M66: =L66-N66 -> 8244.662 | N66: 30722.21 | O66: 8934.5171 | P66: 17753.219 | Q66: 148.05067 | R66: -1231.5555 | S66: =SUM(T66:Y66) -> 8569.2479 | T66: 5966.9666 | U66: 2482.5434 | W66: 119.73786 | Y66: 0 | Z66: 0 | AB66: =AC66+AH66 -> 0 | AC66: =SUM(AD66:AG66) -> 0 | AH66: =SUM(AI66:AJ66) -> 0 | AI66: 0 | AK66: 2177.2819
B67: =IF(L!$A$1=1,L!B68,IF(L!$A$1=2,L!C68,L!D68)) -> 2010 Korrik | C67: =D67+AB67+AK67 -> 111526.21 | D67: =E67+S67+Z67 -> 108519.22 | E67: =F67+K67+R67 -> 94411.703 | F67: =SUM(G67:J67) -> 18549.853 | G67: 8327.2513 | H67: 8513.8794 | I67: 1619.6967 | J67: 89.02524 | K67: =L67+O67+P67+Q67 -> 78748.603 | L67: 44817.509 | M67: =L67-N67 -> 11352.059 | N67: 33465.449 | O67: 10043.171 | P67: 23758.96 | Q67: 128.96259 | R67: -2886.7527 | S67: =SUM(T67:Y67) -> 14107.522 | T67: 9538.3435 | U67: 3714.1454 | W67: 855.03297 | Y67: 0 | Z67: 0 | AB67: =AC67+AH67 -> 0 | AC67: =SUM(AD67:AG67) -> 0 | AH67: =SUM(AI67:AJ67) -> 0 | AI67: 0 | AK67: 3006.984
B68: =IF(L!$A$1=1,L!B69,IF(L!$A$1=2,L!C69,L!D69)) -> 2010 Gusht | C68: =D68+AB68+AK68 -> 140311.56 | D68: =E68+S68+Z68 -> 117385.86 | E68: =F68+K68+R68 -> 99333.409 | F68: =SUM(G68:J68) -> 6955.5159 | G68: 1531.6493 | H68: 4003.0221 | I68: 1319.5842 | J68: 101.26023 | K68: =L68+O68+P68+Q68 -> 94006.499 | L68: 49807.386 | M68: =L68-N68 -> 7898.8564 | N68: 41908.529 | O68: 10060.5 | P68: 30374.4 | Q68: 3764.2137 | R68: -1628.6061 | S68: =SUM(T68:Y68) -> 18052.447 | T68: 9737.3746 | U68: 2557.0116 | W68: 758.06032 | Y68: 5000 | Z68: 0 | AB68: =AC68+AH68 -> 22093.487 | AC68: =SUM(AD68:AG68) -> 0 | AH68: =SUM(AI68:AJ68) -> 22093.487 | AI68: 22093.487 | AK68: 832.21873
B69: =IF(L!$A$1=1,L!B70,IF(L!$A$1=2,L!C70,L!D70)) -> 2010 Shtator | C69: =D69+AB69+AK69 -> 118295.94 | D69: =E69+S69+Z69 -> 116931.57 | E69: =F69+K69+R69 -> 77796.713 | F69: =SUM(G69:J69) -> 7332.0935 | G69: 1678.3201 | H69: 4460.9589 | I69: 1081.4154 | J69: 111.3991 | K69: =L69+O69+P69+Q69 -> 71149.141 | L69: 41495.457 | M69: =L69-N69 -> 8003.3568 | N69: 33492.1 | O69: 9208.0759 | P69: 20291.981 | Q69: 153.62791 | R69: -684.52227 | S69: =SUM(T69:Y69) -> 9134.8582 | T69: 6462.9596 | U69: 2441.075 | W69: 230.82358 | Y69: 0 | Z69: 30000 | AB69: =AC69+AH69 -> 0 | AC69: =SUM(AD69:AG69) -> 0 | AH69: =SUM(AI69:AJ69) -> 0 | AI69: 0 | AK69: 1364.3668
B70: =IF(L!$A$1=1,L!B71,IF(L!$A$1=2,L!C71,L!D71)) -> 2010 Tetor | C70: =D70+AB70+AK70 -> 100414.05 | D70: =E70+S70+Z70 -> 99090.599 | E70: =F70+K70+R70 -> 85090.608 | F70: =SUM(G70:J70) -> 21081.738 | G70: 10708.573 | H70: 9187.583 | I70: 991.54041 | J70: 194.04148 | K70: =L70+O70+P70+Q70 -> 68315.596 | L70: 38779.72 | M70: =L70-N70 -> 8377.9295 | N70: 30401.791 | O70: 9105.9209 | P70: 20287.166 | Q70: 142.78845 | R70: -4306.726 | S70: =SUM(T70:Y70) -> 13999.991 | T70: 9004.4882 | U70: 3328.4014 | W70: 1667.1018 | Y70: 0 | Z70: 0 | AB70: =AC70+AH70 -> 0 | AC70: =SUM(AD70:AG70) -> 0 | AH70: =SUM(AI70:AJ70) -> 0 | AI70: 0 | AK70: 1323.4461
B71: =IF(L!$A$1=1,L!B72,IF(L!$A$1=2,L!C72,L!D72)) -> 2010 Nëntor | C71: =D71+AB71+AK71 -> 89854.445 | D71: =E71+S71+Z71 -> 88188.218 | E71: =F71+K71+R71 -> 79922.225 | F71: =SUM(G71:J71) -> 7737.7528 | G71: 2059.8751 | H71: 4850.9037 | I71: 684.90231 | J71: 142.0717 | K71: =L71+O71+P71+Q71 -> 73531.625 | L71: 41542.484 | M71: =L71-N71 -> 9028.4659 | N71: 32514.018 | O71: 9051.1381 | P71: 22696.485 | Q71: 241.51783 | R71: -1347.1528 | S71: =SUM(T71:Y71) -> 8265.9933 | T71: 5667.7656 | U71: 2107.5635 | W71: 490.66423 | Y71: 0 | Z71: 0 | AB71: =AC71+AH71 -> 0 | AC71: =SUM(AD71:AG71) -> 0 | AH71: =SUM(AI71:AJ71) -> 0 | AI71: 0 | AK71: 1666.2269
B72: =IF(L!$A$1=1,L!B73,IF(L!$A$1=2,L!C73,L!D73)) -> 2010 Dhjetor | C72: =D72+AB72+AK72 -> 94284.672 | D72: =E72+S72+Z72 -> 92889.009 | E72: =F72+K72+R72 -> 80422.506 | F72: =SUM(G72:J72) -> 10464.142 | G72: 3488.8231 | H72: 3696.5227 | I72: 1710.051 | J72: 1568.7449 | K72: =L72+O72+P72+Q72 -> 77606.096 | L72: 45648.103 | M72: =L72-N72 -> 9444.6841 | N72: 36203.419 | O72: 10872.974 | P72: 20656.251 | Q72: 428.76825 | R72: -7647.732 | S72: =SUM(T72:Y72) -> 12466.503 | T72: 7534.0979 | U72: 3615.8335 | W72: 1316.5715 | Y72: 0 | Z72: 0 | AB72: =AC72+AH72 -> 0 | AC72: =SUM(AD72:AG72) -> 0 | AH72: =SUM(AI72:AJ72) -> 0 | AI72: 0 | AK72: 1395.6626
B73: =IF(L!$A$1=1,L!B74,IF(L!$A$1=2,L!C74,L!D74)) -> Gjithsej 2010 | C73: =D73+AB73+AK73 -> 1198324.4 | D73: =E73+S73+Z73 -> 1156495.1 | E73: =F73+K73+R73 -> 907014.41 | F73: =SUM(G73:J73) -> 140203.27 | G73: 52812.452 | H73: 71231.291 | I73: 13411.475 | J73: 2748.0471 | K73: =L73+O73+P73+Q73 -> 795100.19 | L73: 454937.37 | M73: =L73-N73 -> 93616.537 | N73: 361320.83 | O73: 103868.21 | P73: 230648.15 | Q73: 5646.4625 | R73: -28289.047 | S73: =SUM(T73:Y73) -> 219480.73 | T73: 93546.174 | U73: 32729.279 | V73: 0 | W73: 8205.2799 | X73: 0 | Y73: 85000 | Z73: 30000 | AB73: =AC73+AH73 -> 22093.487 | AC73: =SUM(AD73:AG73) -> 0 | AD73: 0 | AE73: 0 | AG73: 0 | AH73: =SUM(AI73:AJ73) -> 22093.487 | AI73: 22093.487 | AJ73: 0 | AK73: =SUM(AK61:AK72) -> 19735.76
A74: 2011 | B74: =IF(L!$A$1=1,L!B75,IF(L!$A$1=2,L!C75,L!D75)) -> 2011 Janar | C74: =D74+AB74+AK74 -> 83628.258 | D74: =E74+S74+Z74 -> 83233.107 | E74: =F74+K74+R74 -> 74811.339 | F74: =SUM(G74:J74) -> 22169.242 | G74: 12850.125 | H74: 8397.1744 | I74: 811.59019 | J74: 110.35193 | K74: =L74+O74+P74+Q74 -> 55359.987 | L74: 31397.514 | M74: =L74-N74 -> 11067.212 | N74: 20330.302 | O74: 5710.546 | P74: 18117.028 | Q74: 134.89936 | R74: -2717.89 | S74: =SUM(T74:Y74) -> 8421.7686 | T74: 5482.1879 | U74: 1988.0717 | W74: 951.50901 | Y74: 0 | Z74: 0 | AB74: =AC74+AH74 -> 0 | AC74: =SUM(AD74:AG74) -> 0 | AH74: =SUM(AI74:AJ74) -> 0 | AI74: 0 | AK74: 395.15018
B75: =IF(L!$A$1=1,L!B76,IF(L!$A$1=2,L!C76,L!D76)) -> 2011 Shkurt | C75: =D75+AB75+AK75 -> 71730.02 | D75: =E75+S75+Z75 -> 71204.084 | E75: =F75+K75+R75 -> 62057.861 | F75: =SUM(G75:J75) -> 7101.58 | G75: 1491.0582 | H75: 4733.3589 | I75: 789.14121 | J75: 88.02174 | K75: =L75+O75+P75+Q75 -> 56001.345 | L75: 32187.406 | M75: =L75-N75 -> 7358.743 | N75: 24828.663 | O75: 7466.8042 | P75: 16247.589 | Q75: 99.54509 | R75: -1045.0636 | S75: =SUM(T75:Y75) -> 9146.2232 | T75: 6054.8423 | U75: 2317.4809 | W75: 773.90002 | Y75: 0 | Z75: 0 | AB75: =AC75+AH75 -> 0 | AC75: =SUM(AD75:AG75) -> 0 | AH75: =SUM(AI75:AJ75) -> 0 | AI75: 0 | AK75: 525.93532
B76: =IF(L!$A$1=1,L!B77,IF(L!$A$1=2,L!C77,L!D77)) -> 2011 Mars | C76: =D76+AB76+AK76 -> 90479.924 | D76: =E76+S76+Z76 -> 89468.162 | E76: =F76+K76+R76 -> 69811.081 | F76: =SUM(G76:J76) -> 8184.431 | G76: 2178.9381 | H76: 4366.1006 | I76: 1494.9512 | J76: 144.44109 | K76: =L76+O76+P76+Q76 -> 62460.575 | L76: 35510.862 | M76: =L76-N76 -> 6514.9222 | N76: 28995.94 | O76: 8466.3408 | P76: 18319.879 | Q76: 163.49319 | R76: -833.92537 | S76: =SUM(T76:Y76) -> 19657.081 | T76: 11484.713 | U76: 3023.8625 | W76: 148.50593 | Y76: 5000 | Z76: 0 | AB76: =AC76+AH76 -> 0 | AC76: =SUM(AD76:AG76) -> 0 | AH76: =SUM(AI76:AJ76) -> 0 | AI76: 0 | AK76: 1011.7613
B77: =IF(L!$A$1=1,L!B78,IF(L!$A$1=2,L!C78,L!D78)) -> 2011 Prill | C77: =D77+AB77+AK77 -> 130374.52 | D77: =E77+S77+Z77 -> 129957.85 | E77: =F77+K77+R77 -> 88327.564 | F77: =SUM(G77:J77) -> 23066.739 | G77: 9885.1782 | H77: 11791.35 | I77: 1145.8287 | J77: 244.38207 | K77: =L77+O77+P77+Q77 -> 69496.959 | L77: 40941.447 | M77: =L77-N77 -> 9911.1808 | N77: 31030.266 | O77: 8608.8165 | P77: 19762.294 | Q77: 184.40107 | R77: -4236.1341 | S77: =SUM(T77:Y77) -> 41630.283 | T77: 8420.5334 | U77: 2665.4777 | W77: 544.27192 | Y77: 30000 | Z77: 0 | AB77: =AC77+AH77 -> 0 | AC77: =SUM(AD77:AG77) -> 0 | AH77: =SUM(AI77:AJ77) -> 0 | AI77: 0 | AK77: 416.67061
B78: =IF(L!$A$1=1,L!B79,IF(L!$A$1=2,L!C79,L!D79)) -> 2011 Maj | C78: =D78+AB78+AK78 -> 106389.84 | D78: =E78+S78+Z78 -> 105455.16 | E78: =F78+K78+R78 -> 84124.829 | F78: =SUM(G78:J78) -> 6308.5226 | G78: 1501.3896 | H78: 3514.9387 | I78: 1082.4849 | J78: 209.70933 | K78: =L78+O78+P78+Q78 -> 80143.429 | L78: 46598.208 | M78: =L78-N78 -> 9755.7619 | N78: 36842.446 | O78: 10213.587 | P78: 23173.824 | Q78: 157.80925 | R78: -2327.1222 | S78: =SUM(T78:Y78) -> 21330.332 | T78: 7221.2327 | U78: 3346.4723 | W78: 762.62684 | Y78: 10000 | Z78: 0 | AB78: =AC78+AH78 -> 0 | AC78: =SUM(AD78:AG78) -> 0 | AH78: =SUM(AI78:AJ78) -> 0 | AI78: 0 | AK78: 934.67452
B79: =IF(L!$A$1=1,L!B80,IF(L!$A$1=2,L!C80,L!D80)) -> 2011 Qershor | C79: =D79+AB79+AK79 -> 101370.32 | D79: =E79+S79+Z79 -> 99845.475 | E79: =F79+K79+R79 -> 89860.365 | F79: =SUM(G79:J79) -> 7683.091 | G79: 1372.8408 | H79: 4670.8763 | I79: 1532.4284 | J79: 106.94552 | K79: =L79+O79+P79+Q79 -> 82428.645 | L79: 46843.645 | M79: =L79-N79 -> 9451.8639 | N79: 37391.781 | O79: 10212.3 | P79: 25243.2 | Q79: 129.5 | R79: -251.37069 | S79: =SUM(T79:Y79) -> 9985.1098 | T79: 6316.4016 | U79: 3525.6582 | W79: 143.05 | Y79: 0 | Z79: 0 | AB79: =AC79+AH79 -> 0 | AC79: =SUM(AD79:AG79) -> 0 | AH79: =SUM(AI79:AJ79) -> 0 | AI79: 0 | AK79: 1524.8479
B80: =IF(L!$A$1=1,L!B81,IF(L!$A$1=2,L!C81,L!D81)) -> 2011 Korrik | C80: =D80+AB80+AK80 -> 117032.79 | D80: =E80+S80+Z80 -> 115616.29 | E80: =F80+K80+R80 -> 104268.92 | F80: =SUM(G80:J80) -> 20148.3 | G80: 9239.4767 | H80: 8758.9853 | I80: 1501.765 | J80: 648.07292 | K80: =L80+O80+P80+Q80 -> 85465.247 | L80: 47712.933 | M80: =L80-N80 -> 10256.812 | N80: 37456.121 | O80: 10698.422 | P80: 26919.805 | Q80: 134.08763 | R80: -1344.6262 | S80: =SUM(T80:Y80) -> 11347.373 | T80: 6517.2804 | U80: 3226.653 | W80: 1603.4392 | Y80: 0 | Z80: 0 | AB80: =AC80+AH80 -> 0 | AC80: =SUM(AD80:AG80) -> 0 | AH80: =SUM(AI80:AJ80) -> 0 | AI80: 0 | AK80: 1416.4996
B81: =IF(L!$A$1=1,L!B82,IF(L!$A$1=2,L!C82,L!D82)) -> 2011 Gusht | C81: =D81+AB81+AK81 -> 120351.95 | D81: =E81+S81+Z81 -> 119396.84 | E81: =F81+K81+R81 -> 109105.26 | F81: =SUM(G81:J81) -> 11774.337 | G81: 3932.2165 | H81: 6446.6226 | I81: 1247.7064 | J81: 147.79139 | K81: =L81+O81+P81+Q81 -> 98148.569 | L81: 54888.14 | M81: =L81-N81 -> 12648.1 | N81: 42240.039 | O81: 12848.282 | P81: 30294.441 | Q81: 117.70562 | R81: -817.64876 | S81: =SUM(T81:Y81) -> 10291.584 | T81: 7206.8604 | U81: 2953.19 | W81: 131.53338 | Y81: 0 | Z81: 0 | AB81: =AC81+AH81 -> 0 | AC81: =SUM(AD81:AG81) -> 0 | AH81: =SUM(AI81:AJ81) -> 0 | AI81: 0 | AK81: 955.10621
B82: =IF(L!$A$1=1,L!B83,IF(L!$A$1=2,L!C83,L!D83)) -> 2011 Shtator | C82: =D82+AB82+AK82 -> 119449.69 | D82: =E82+S82+Z82 -> 118908.31 | E82: =F82+K82+R82 -> 93471.577 | F82: =SUM(G82:J82) -> 6714.168 | G82: 1939.4188 | H82: 3464.0889 | I82: 1046.7116 | J82: 263.94858 | K82: =L82+O82+P82+Q82 -> 92308.378 | L82: 51780.633 | M82: =L82-N82 -> 14520.614 | N82: 37260.019 | O82: 10892.723 | P82: 29522.583 | Q82: 112.43928 | R82: -5550.9697 | S82: =SUM(T82:Y82) -> 25436.733 | T82: 6985.3874 | U82: 3214.8135 | W82: 236.53241 | Y82: 15000 | Z82: 0 | AB82: =AC82+AH82 -> 0 | AC82: =SUM(AD82:AG82) -> 0 | AH82: =SUM(AI82:AJ82) -> 0 | AI82: 0 | AK82: 541.38411
B83: =IF(L!$A$1=1,L!B84,IF(L!$A$1=2,L!C84,L!D84)) -> 2011 Tetor | C83: =D83+AB83+AK83 -> 128376.17 | D83: =E83+S83+Z83 -> 127633.65 | E83: =F83+K83+R83 -> 107675.5 | F83: =SUM(G83:J83) -> 20468.247 | G83: 9410.641 | H83: 10026.067 | I83: 909.33814 | J83: 122.2003 | K83: =L83+O83+P83+Q83 -> 89126.923 | L83: 49612.062 | M83: =L83-N83 -> 9273.766 | N83: 40338.296 | O83: 11758.52 | P83: 27630.072 | Q83: 126.26901 | R83: -1919.6736 | S83: =SUM(T83:Y83) -> 19958.15 | T83: 15668.657 | U83: 2678.4047 | W83: 1611.0885 | Y83: 0 | Z83: 0 | AB83: =AC83+AH83 -> 0 | AC83: =SUM(AD83:AG83) -> 0 | AH83: =SUM(AI83:AJ83) -> 0 | AI83: 0 | AK83: 742.52863
B84: =IF(L!$A$1=1,L!B85,IF(L!$A$1=2,L!C85,L!D85)) -> 2011 Nëntor | C84: =D84+AB84+AK84 -> 104014.85 | D84: =E84+S84+Z84 -> 101655.65 | E84: =F84+K84+R84 -> 90492.652 | F84: =SUM(G84:J84) -> 10217.624 | G84: 1791.8282 | H84: 7204.3041 | I84: 941.53458 | J84: 279.95685 | K84: =L84+O84+P84+Q84 -> 84294.971 | L84: 47777.178 | M84: =L84-N84 -> 9389.4052 | N84: 38387.773 | O84: 10558.207 | P84: 25858.886 | Q84: 100.69991 | R84: -4019.9424 | S84: =SUM(T84:Y84) -> 11162.999 | T84: 8024.9552 | U84: 2976.8397 | W84: 161.2038 | Y84: 0 | Z84: 0 | AB84: =AC84+AH84 -> 0 | AC84: =SUM(AD84:AG84) -> 0 | AH84: =SUM(AI84:AJ84) -> 0 | AI84: 0 | AK84: 2359.1996
B85: =IF(L!$A$1=1,L!B86,IF(L!$A$1=2,L!C86,L!D86)) -> 2011 Dhjetor | C85: =D85+AB85+AK85 -> 143739.23 | D85: =E85+S85+Z85 -> 135877.07 | E85: =F85+K85+R85 -> 98309.385 | F85: =SUM(G85:J85) -> 10985.644 | G85: 1637.7906 | H85: 7187.0407 | I85: 1860.4421 | J85: 300.37067 | K85: =L85+O85+P85+Q85 -> 93145.329 | L85: 55673.167 | M85: =L85-N85 -> 11289.874 | N85: 44383.293 | O85: 13776.905 | P85: 23465.61 | Q85: 229.64724 | R85: -5821.5884 | S85: =SUM(T85:Y85) -> 18327.686 | T85: 12643.052 | U85: 3485.6063 | V85: 2000 | W85: 199.02837 | Y85: 0 | Z85: 19240 | AB85: =AC85+AH85 -> 5076.1851 | AC85: =SUM(AD85:AG85) -> 0 | AH85: =SUM(AI85:AJ85) -> 5076.1851 | AI85: 5076.1851 | AK85: 2785.9751
B86: =IF(L!$A$1=1,L!B87,IF(L!$A$1=2,L!C87,L!D87)) -> Gjithsej 2011 | C86: =D86+AB86+AK86 -> 1316937.6 | D86: =E86+S86+Z86 -> 1298251.6 | E86: =F86+K86+R86 -> 1072316.3 | F86: =SUM(G86:J86) -> 154821.92 | G86: 57230.902 | H86: 80560.908 | I86: 14363.922 | J86: 2666.1924 | K86: =L86+O86+P86+Q86 -> 948380.36 | L86: 540923.19 | M86: =L86-N86 -> 121438.25 | N86: 419484.94 | O86: 121211.45 | P86: 284555.21 | Q86: 1690.4967 | R86: -30885.955 | S86: =SUM(T86:Y86) -> 206695.32 | T86: 102026.1 | U86: 35402.531 | V86: 2000 | W86: 7266.6894 | X86: 0 | Y86: 60000 | Z86: 19240 | AB86: =AC86+AH86 -> 5076.1851 | AC86: =SUM(AD86:AG86) -> 0 | AD86: 0 | AE86: 0 | AG86: 0 | AH86: =SUM(AI86:AJ86) -> 5076.1851 | AI86: 5076.1851 | AJ86: 0 | AK86: =SUM(AK74:AK85) -> 13609.733
A87: 2012 | B87: =IF(L!$A$1=1,L!B88,IF(L!$A$1=2,L!C88,L!D88)) -> 2012 Janar | C87: =D87+AB87+AK87 -> 93698.185 | D87: =E87+S87+Z87 -> 82334.666 | E87: =F87+K87+R87 -> 68988.085 | F87: =SUM(G87:J87) -> 20098.193 | G87: 10348.511 | H87: 8689.8659 | I87: 988.48924 | J87: 71.32685 | K87: =L87+O87+P87+Q87 -> 49237.289 | L87: 29250.052 | M87: =L87-N87 -> 10230.122 | N87: 19019.93 | O87: 5550.6761 | P87: 14387.128 | Q87: 49.4334 | R87: -347.39691 | S87: =SUM(T87:Y87) -> 12630.843 | T87: 8195.0669 | U87: 2454.0677 | V87: 500 | W87: 1481.708 | Y87: 0 | Z87: 715.73842 | AB87: =AC87+AH87 -> 9951.1867 | AC87: =SUM(AD87:AG87) -> 0 | AD87: 0 | AE87: 0 | AG87: 0 | AH87: =SUM(AI87:AJ87) -> 9951.1867 | AI87: 38.8867 | AJ87: 9912.3 | AK87: 1412.3319
B88: =IF(L!$A$1=1,L!B89,IF(L!$A$1=2,L!C89,L!D89)) -> 2012 Shkurt | C88: =D88+AB88+AK88 -> 81624.186 | D88: =E88+S88+Z88 -> 71438.968 | E88: =F88+K88+R88 -> 63043.708 | F88: =SUM(G88:J88) -> 7260.7146 | G88: 1570.3338 | H88: 4794.2222 | I88: 645.26074 | J88: 250.8979 | K88: =L88+O88+P88+Q88 -> 58525.667 | L88: 35022.258 | M88: =L88-N88 -> 13496.204 | N88: 21526.054 | O88: 6456.5724 | P88: 16974.953 | Q88: 71.88418 | R88: -2742.674 | S88: =SUM(T88:Y88) -> 8395.2607 | T88: 5476.3155 | U88: 2873.7964 | V88: 0 | W88: 45.14875 | Y88: 0 | Z88: 0 | AB88: =AC88+AH88 -> 9911.062 | AC88: =SUM(AD88:AG88) -> 0 | AD88: 0 | AE88: 0 | AG88: 0 | AH88: =SUM(AI88:AJ88) -> 9911.062 | AI88: 0 | AJ88: 9911.062 | AK88: =989.89408-715.73842 -> 274.15566
B89: =IF(L!$A$1=1,L!B90,IF(L!$A$1=2,L!C90,L!D90)) -> 2012 Mars | C89: =D89+AB89+AK89 -> 113958.61 | D89: =E89+S89+Z89 -> 96951.426 | E89: =F89+K89+R89 -> 70319.839 | F89: =SUM(G89:J89) -> 8219.93 | G89: 1793.6544 | H89: 5276.0793 | I89: 970.66136 | J89: 179.53485 | K89: =L89+O89+P89+Q89 -> 63806.198 | L89: 37470.773 | M89: =L89-N89 -> 8092.569 | N89: 29378.204 | O89: 8374.2584 | P89: 17892.702 | Q89: 68.46478 | R89: -1706.2891 | S89: =SUM(T89:Y89) -> 26631.587 | T89: 7658.3288 | U89: 3842.5108 | V89: 0 | W89: 130.74703 | Y89: 15000 | Z89: 0 | AB89: =AC89+AH89 -> 13899.901 | AC89: =SUM(AD89:AG89) -> 4000 | AD89: 0 | AE89: 0 | AG89: 4000 | AH89: =SUM(AI89:AJ89) -> 9899.901 | AI89: 0 | AJ89: 9899.901 | AK89: 3107.281
B90: =IF(L!$A$1=1,L!B91,IF(L!$A$1=2,L!C91,L!D91)) -> 2012 Prill | C90: =D90+AB90+AK90 -> 103621.02 | D90: =E90+S90+Z90 -> 102976.99 | E90: =F90+K90+R90 -> 92192.669 | F90: =SUM(G90:J90) -> 25925.021 | G90: 14510.962 | H90: 10270.889 | I90: 796.78173 | J90: 346.38884 | K90: =L90+O90+P90+Q90 -> 73126.464 | L90: 44113.864 | M90: =L90-N90 -> 10347.974 | N90: 33765.89 | O90: 9816.2962 | P90: 19142.329 | Q90: 53.97462 | R90: -6858.8164 | S90: =SUM(T90:Y90) -> 10784.318 | T90: 5966.6662 | U90: 3311.9853 | V90: 500 | W90: 1005.6663 | Y90: 0 | Z90: 0 | AB90: =AC90+AH90 -> 12.326 | AC90: =SUM(AD90:AG90) -> 0 | AD90: 0 | AE90: 0 | AG90: 0 | AH90: =SUM(AI90:AJ90) -> 12.326 | AI90: 0 | AJ90: 12.326 | AK90: 631.70492
B91: =IF(L!$A$1=1,L!B92,IF(L!$A$1=2,L!C92,L!D92)) -> 2012 Maj | C91: =D91+AB91+AK91 -> 120315.17 | D91: =E91+S91+Z91 -> 105577.68 | E91: =F91+K91+R91 -> 95674.631 | F91: =SUM(G91:J91) -> 8464.6347 | G91: 1422.875 | H91: 5148.7431 | I91: 1447.5139 | J91: 445.50274 | K91: =L91+O91+P91+Q91 -> 90139.496 | L91: 51314.157 | M91: =L91-N91 -> 11716.722 | N91: 39597.435 | O91: 10884.582 | P91: 27834.384 | Q91: 106.37209 | R91: -2929.4997 | S91: =SUM(T91:Y91) -> 9903.0509 | T91: 6824.4188 | U91: 2955.2327 | V91: 0 | W91: 123.39937 | Y91: 0 | Z91: 0 | AB91: =AC91+AH91 -> 13192.281 | AC91: =SUM(AD91:AG91) -> 8200 | AD91: 8200 | AE91: 0 | AG91: 0 | AH91: =SUM(AI91:AJ91) -> 4992.281 | AI91: 4978.8653 | AJ91: 13.41571 | AK91: 1545.2098
B92: =IF(L!$A$1=1,L!B93,IF(L!$A$1=2,L!C93,L!D93)) -> 2012 Qershor | C92: =D92+AB92+AK92 -> 144552.54 | D92: =E92+S92+Z92 -> 143482.56 | E92: =F92+K92+R92 -> 86879.001 | F92: =SUM(G92:J92) -> 8294.6453 | G92: 773.48078 | H92: 5511.65 | I92: 1669.7181 | J92: 339.79644 | K92: =L92+O92+P92+Q92 -> 82473.871 | L92: 46862.26 | M92: =L92-N92 -> 9708.353 | N92: 37153.907 | O92: 10397.774 | P92: 24932.489 | Q92: 281.34776 | R92: -3889.5146 | S92: =SUM(T92:Y92) -> 19902.737 | T92: 6390.0029 | U92: 3329.747 | V92: 0 | W92: 182.98706 | Y92: 10000 | Z92: 36700.825 | AB92: =AC92+AH92 -> 28.24698 | AC92: =SUM(AD92:AG92) -> 0 | AD92: 0 | AE92: 0 | AG92: 0 | AH92: =SUM(AI92:AJ92) -> 28.24698 | AI92: 0 | AJ92: 28.24698 | AK92: 1041.7293
B93: =IF(L!$A$1=1,L!B94,IF(L!$A$1=2,L!C94,L!D94)) -> 2012 Korrik | C93: =D93+AB93+AK93 -> 223877.36 | D93: =E93+S93+Z93 -> 125827.87 | E93: =F93+K93+R93 -> 114103.5 | F93: =SUM(G93:J93) -> 22761.731 | G93: 11261.469 | H93: 9529.6038 | I93: 1661.8264 | J93: 308.83138 | K93: =L93+O93+P93+Q93 -> 92754.44 | L93: 51445.927 | M93: =L93-N93 -> 10342.736 | N93: 41103.191 | O93: 11578.934 | P93: 29653.2 | Q93: 76.37876 | R93: -1412.6667 | S93: =SUM(T93:Y93) -> 11724.367 | T93: 6966.2919 | U93: 3402.8802 | V93: 500 | W93: 855.19508 | Y93: 0 | Z93: 0 | AB93: =AC93+AH93 -> 96800.464 | AC93: =SUM(AD93:AG93) -> 28934.282 | AD93: 0 | AE93: 28934.282 | AG93: 0 | AH93: =SUM(AI93:AJ93) -> 67866.182 | AI93: 48159.537 | AJ93: 19706.645 | AK93: 1249.0203
B94: =IF(L!$A$1=1,L!B95,IF(L!$A$1=2,L!C95,L!D95)) -> 2012 Gusht | C94: =D94+AB94+AK94 -> 120352.99 | D94: =E94+S94+Z94 -> 119670.9 | E94: =F94+K94+R94 -> 108603.72 | F94: =SUM(G94:J94) -> 8990.5184 | G94: 2288.3723 | H94: 5054.0258 | I94: 1385.0099 | J94: 263.11048 | K94: =L94+O94+P94+Q94 -> 101486.02 | L94: 56057.928 | M94: =L94-N94 -> 13082.748 | N94: 42975.18 | O94: 10886.142 | P94: 34386.409 | Q94: 155.53697 | R94: -1872.8181 | S94: =SUM(T94:Y94) -> 11067.186 | T94: 6607.3293 | U94: 4183.9401 | V94: 0 | W94: 275.91634 | Y94: 0 | AB94: =AC94+AH94 -> 24.24795 | AC94: =SUM(AD94:AG94) -> 0 | AD94: 0 | AE94: 0 | AG94: 0 | AH94: =SUM(AI94:AJ94) -> 24.24795 | AI94: 0 | AJ94: 24.24795 | AK94: 657.83782
B95: =IF(L!$A$1=1,L!B96,IF(L!$A$1=2,L!C96,L!D96)) -> 2012 Shtator | C95: =D95+AB95+AK95 -> 138009.61 | D95: =E95+S95+Z95 -> 111214.36 | E95: =F95+K95+R95 -> 91836.927 | F95: =SUM(G95:J95) -> 7425.886 | G95: 1550.8446 | H95: 4810.4878 | I95: 889.82464 | J95: 174.72896 | K95: =L95+O95+P95+Q95 -> 86248.516 | L95: 50393.552 | M95: =L95-N95 -> 9670.0606 | N95: 40723.492 | O95: 10804.493 | P95: 24951.085 | Q95: 99.3852 | R95: -1837.4753 | S95: =SUM(T95:Y95) -> 19377.432 | T95: 5888.5822 | U95: 3308.3081 | V95: 0 | W95: 180.54137 | Y95: 10000 | Z95: 0 | AB95: =AC95+AH95 -> 23744.28 | AC95: =SUM(AD95:AG95) -> 0 | AD95: 0 | AE95: 0 | AG95: 0 | AH95: =SUM(AI95:AJ95) -> 23744.28 | AI95: 0 | AJ95: 23744.28 | AK95: 3050.9742
B96: =IF(L!$A$1=1,L!B97,IF(L!$A$1=2,L!C97,L!D97)) -> 2012 Tetor | C96: =D96+AB96+AK96 -> 127077.99 | D96: =E96+S96+Z96 -> 122711.51 | E96: =F96+K96+R96 -> 110500.8 | F96: =SUM(G96:J96) -> 23128.135 | G96: 11082.765 | H96: 10843.304 | I96: 926.98351 | J96: 275.08215 | K96: =L96+O96+P96+Q96 -> 88916.83 | L96: 49119.207 | M96: =L96-N96 -> 10266.398 | N96: 38852.809 | O96: 10810.315 | P96: 28818.805 | Q96: 168.50334 | R96: -1544.1636 | S96: =SUM(T96:Y96) -> 12210.711 | T96: 6759.3412 | U96: 4573.8531 | V96: 500 | W96: 377.51685 | Y96: 0 | Z96: 0 | AB96: =AC96+AH96 -> 2982.85 | AC96: =SUM(AD96:AG96) -> 0 | AD96: 0 | AE96: 0 | AG96: 0 | AH96: =SUM(AI96:AJ96) -> 2982.85 | AI96: 2957.5116 | AJ96: 25.33843 | AK96: 1383.6237
B97: =IF(L!$A$1=1,L!B98,IF(L!$A$1=2,L!C98,L!D98)) -> 2012 Nëntor | C97: =D97+AB97+AK97 -> 106449.8 | D97: =E97+S97+Z97 -> 108382.7 | E97: =F97+K97+R97 -> 96779.934 | F97: =SUM(G97:J97) -> 12054.375 | G97: 2149.1354 | H97: 8410.5479 | I97: 984.44136 | J97: 510.25054 | K97: =L97+O97+P97+Q97 -> 85839.363 | L97: 47097.156 | M97: =L97-N97 -> 10865.726 | N97: 36231.43 | O97: 10298.436 | P97: 28229.872 | Q97: 213.89833 | R97: -1113.8046 | S97: =SUM(T97:Y97) -> 11602.769 | T97: 7532.2581 | U97: 3353.4115 | W97: 717.09957 | Y97: 0 | AB97: =AC97+AH97 -> -2939.1999 | AC97: =SUM(AD97:AG97) -> 0 | AD97: 0 | AE97: 0 | AG97: 0 | AH97: =SUM(AI97:AJ97) -> -2939.1999 | AI97: -2957.5116 | AJ97: 18.31167 | AK97: 1006.2964
B98: =IF(L!$A$1=1,L!B99,IF(L!$A$1=2,L!C99,L!D99)) -> 2012 Dhjetor | C98: =D98+AB98+AK98 -> 181232.8 | D98: =E98+S98+Z98 -> 131212.83 | E98: =F98+K98+R98 -> 109599.93 | F98: =SUM(G98:J98) -> 16611.954 | G98: 4449.9156 | H98: 9257.7944 | I98: 2217.6553 | J98: 686.58839 | K98: =L98+O98+P98+Q98 -> 101569.83 | L98: 50740.202 | M98: =L98-N98 -> 12140.465 | N98: 38599.737 | O98: 11862.213 | P98: 35999.094 | Q98: 2968.3259 | R98: -8581.8624 | S98: =SUM(T98:Y98) -> 21612.908 | T98: 7455.9202 | U98: 3645.7597 | W98: 511.228 | Y98: 10000 | AB98: =AC98+AH98 -> 48564.793 | AC98: =SUM(AD98:AG98) -> 8048 | AD98: 8048 | AE98: 0 | AG98: 0 | AH98: =SUM(AI98:AJ98) -> 40516.793 | AI98: 40499.796 | AJ98: 16.99643 | AK98: 1455.1761
B99: =IF(L!$A$1=1,L!B100,IF(L!$A$1=2,L!C100,L!D100)) -> Gjithsej 2012 | C99: =D99+AB99+AK99 -> 1554770.3 | D99: =E99+S99+Z99 -> 1321782.5 | E99: =F99+K99+R99 -> 1108522.7 | F99: =SUM(G99:J99) -> 169235.74 | G99: 63202.318 | H99: 87597.213 | I99: 14584.166 | J99: 3852.0395 | K99: =L99+O99+P99+Q99 -> 974123.98 | L99: 548887.34 | M99: =L99-N99 -> 129960.08 | N99: 418927.26 | O99: 117720.69 | P99: 303202.45 | Q99: 4313.5054 | R99: -34836.981 | S99: =SUM(T99:Y99) -> 175843.17 | T99: 81720.522 | U99: 41235.493 | V99: 2000 | W99: 5887.1537 | X99: 0 | Y99: 45000 | Z99: 37416.563 | AB99: =AC99+AH99 -> 216172.44 | AC99: =SUM(AD99:AG99) -> 49182.282 | AD99: 16248 | AE99: 28934.282 | AG99: 4000 | AH99: =SUM(AI99:AJ99) -> 166990.16 | AI99: 93677.085 | AJ99: =SUM(AJ87:AJ98) -> 73313.072 | AK99: =SUM(AK87:AK98) -> 16815.341
A100: 2013 | B100: =IF(L!$A$1=1,L!B101,IF(L!$A$1=2,L!C101,L!D101)) -> 2013 Janar | C100: =D100+AB100+AK100 -> 90132.502 | D100: =E100+S100+Z100 -> 88826.767 | E100: =F100+K100+R100 -> 77841.575 | F100: =SUM(G100:J100) -> 21801.611 | G100: 10856.049 | H100: 9562.4124 | I100: 1097.0597 | J100: 286.08931 | K100: =L100+O100+P100+Q100 -> 57334.381 | L100: 33909.788 | M100: =L100-N100 -> 13253.773 | N100: 20656.014 | O100: 6036.8889 | P100: 17246.409 | Q100: 141.29512 | R100: -1294.4171 | S100: =SUM(T100:Y100) -> 10985.192 | T100: 7360.6853 | U100: 2390.34 | V100: 500 | W100: 734.16701 | Y100: 0 | AB100: =AC100+AH100 -> 674.86213 | AC100: =SUM(AD100:AG100) -> 500 | AE100: 0 | AG100: 500 | AH100: =SUM(AI100:AJ100) -> 174.86213 | AI100: 0 | AJ100: 174.86213 | AK100: 630.87281
B101: =IF(L!$A$1=1,L!B102,IF(L!$A$1=2,L!C102,L!D102)) -> 2013 Shkurt | C101: =D101+AB101+AK101 -> 75995.69 | D101: =E101+S101+Z101 -> 72542.843 | E101: =F101+K101+R101 -> 63749.828 | F101: =SUM(G101:J101) -> 8437.788 | G101: 1536.0282 | H101: 5335.7755 | I101: 993.67563 | J101: 572.3087 | K101: =L101+O101+P101+Q101 -> 58264.041 | L101: 36693.935 | M101: =L101-N101 -> 12750.736 | N101: 23943.199 | O101: 7354.4132 | P101: 14130.341 | Q101: 85.35133 | R101: -2952.0014 | S101: =SUM(T101:Y101) -> 8793.0153 | T101: 5781.3751 | U101: 2588.1862 | V101: 0 | W101: 423.45394 | Y101: 0 | AB101: =AC101+AH101 -> 2117.7607 | AC101: =SUM(AD101:AG101) -> 500 | AE101: 0 | AG101: 500 | AH101: =SUM(AI101:AJ101) -> 1617.7607 | AI101: 1604.6576 | AJ101: 13.10302 | AK101: 1335.0867
B102: =IF(L!$A$1=1,L!B103,IF(L!$A$1=2,L!C103,L!D103)) -> 2013 Mars | C102: =D102+AB102+AK102 -> 110958.69 | D102: =E102+S102+Z102 -> 109170.54 | E102: =F102+K102+R102 -> 75192.727 | F102: =SUM(G102:J102) -> 10273.696 | G102: 2723.436 | H102: 5759.4341 | I102: 1460.0028 | J102: 330.8236 | K102: =L102+O102+P102+Q102 -> 67527.416 | L102: 40013.793 | M102: =L102-N102 -> 10551.105 | N102: 29462.688 | O102: 8566.1313 | P102: 18880.042 | Q102: 67.44977 | R102: -2608.3854 | S102: =SUM(T102:Y102) -> 33977.808 | T102: 10047.267 | U102: 3479.2575 | V102: 0 | W102: 451.28364 | Y102: 20000 | AB102: =AC102+AH102 -> 667.13899 | AC102: =SUM(AD102:AG102) -> 500 | AE102: 0 | AG102: 500 | AH102: =SUM(AI102:AJ102) -> 167.13899 | AI102: 0 | AJ102: 167.13899 | AK102: 1121.0126
B103: =IF(L!$A$1=1,L!B104,IF(L!$A$1=2,L!C104,L!D104)) -> 2013 Prill | C103: =D103+AB103+AK103 -> 147871.12 | D103: =E103+S103+Z103 -> 127170.14 | E103: =F103+K103+R103 -> 105089.92 | F103: =SUM(G103:J103) -> 28994.063 | G103: 14740.732 | H103: 12189.426 | I103: 1565.0768 | J103: 498.82872 | K103: =L103+O103+P103+Q103 -> 81457.872 | L103: 46445.288 | M103: =L103-N103 -> 10487.281 | N103: 35958.007 | O103: 10147.058 | P103: 24370.285 | Q103: 495.24017 | R103: -5362.0186 | S103: =SUM(T103:Y103) -> 22080.221 | T103: 8024.0588 | U103: 3131.2369 | V103: 500 | W103: 424.92508 | Y103: 10000 | AB103: =AC103+AH103 -> 20110.859 | AC103: =SUM(AD103:AG103) -> 500 | AE103: 0 | AG103: 500 | AH103: =SUM(AI103:AJ103) -> 19610.859 | AI103: 48.62692 | AJ103: 19562.232 | AK103: 590.12058
B104: =IF(L!$A$1=1,L!B105,IF(L!$A$1=2,L!C105,L!D105)) -> 2013 Maj | C104: =D104+AB104+AK104 -> 149957.72 | D104: =E104+S104+Z104 -> 103213.23 | E104: =F104+K104+R104 -> 92034.436 | F104: =SUM(G104:J104) -> 9144.5895 | G104: 1703.8395 | H104: 5808.5044 | I104: 1211.3593 | J104: 420.88626 | K104: =L104+O104+P104+Q104 -> 83951.964 | L104: 47867.119 | M104: =L104-N104 -> 10963.618 | N104: 36903.502 | O104: 10564.196 | P104: 25429.207 | Q104: 91.44186 | R104: -1062.1171 | S104: =SUM(T104:Y104) -> 11178.795 | T104: 6240.9677 | U104: 4086.698 | V104: 0 | W104: 851.12939 | Y104: 0 | AB104: =AC104+AH104 -> 46307.029 | AC104: =SUM(AD104:AG104) -> 26300 | AE104: 26300 | AG104: 0 | AH104: =SUM(AI104:AJ104) -> 20007.029 | AI104: 94.70946 | AJ104: 19912.319 | AK104: 437.45967
B105: =IF(L!$A$1=1,L!B106,IF(L!$A$1=2,L!C106,L!D106)) -> 2013 Qershor | C105: =D105+AB105+AK105 -> 105920.88 | D105: =E105+S105+Z105 -> 103596.85 | E105: =F105+K105+R105 -> 88998.446 | F105: =SUM(G105:J105) -> 8870.2809 | G105: 1308.6372 | H105: 5602.6865 | I105: 1550.2407 | J105: 408.71649 | K105: =L105+O105+P105+Q105 -> 81890.332 | L105: 47232.918 | M105: =L105-N105 -> 11461.339 | N105: 35771.58 | O105: 9527.5076 | P105: 24935.766 | Q105: 194.13983 | R105: -1762.1665 | S105: =SUM(T105:Y105) -> 14598.404 | T105: 5879.7414 | U105: 2172.4038 | V105: 0 | W105: 6546.2591 | Y105: 0 | AB105: =AC105+AH105 -> 786.7224 | AC105: =SUM(AD105:AG105) -> 500 | AE105: 0 | AG105: 500 | AH105: =SUM(AI105:AJ105) -> 286.7224 | AI105: 283.037 | AJ105: 3.6854 | AK105: 1537.3036
...

Sheet PAGESAT
A1: =IF(L!$A$1=1,L!G2,IF(L!$A$1=2,L!G11,L!G21)) -> Tabela 1: Pagesat | D1: Zgjedhni gjuhën: Izaberite jezik: Select language:
A2: =IF(L!$A$1=1,L!G3,IF(L!$A$1=2,L!G12,L!G22)) -> Vlerat janë në Mijëra Euro.
A3: =IF(L!$A$1=1,L!G4,IF(L!$A$1=2,L!G13,L!G23)) -> Viti | B3: =IF(L!$A$1=1,L!H4,IF(L!$A$1=2,L!H13,L!H23)) -> Viti / Muaji
C7: =IF(L!$A$1=1,L!I4,IF(L!$A$1=2,L!I13,L!I23)) -> Gjithsejt Pagesat | D7: =IF(L!$A$1=1,L!J4,IF(L!$A$1=2,L!J13,L!J23)) -> Shpenzimet | E7: =IF(L!$A$1=1,L!K4,IF(L!$A$1=2,L!K13,L!K23)) -> Qeveria Qendrore | F7: =IF(L!$A$1=1,L!L4,IF(L!$A$1=2,L!L13,L!L23)) -> Paga | G7: =IF(L!$A$1=1,L!M4,IF(L!$A$1=2,L!M13,L!M23)) -> Mallëra dhe shërbime | H7: =IF(L!$A$1=1,L!N4,IF(L!$A$1=2,L!N13,L!N23)) -> Shpenzime komunale | I7: =IF(L!$A$1=1,L!O4,IF(L!$A$1=2,L!O13,L!O23)) -> Subvencione dhe Transfere | J7: =IF(L!$A$1=1,L!P4,IF(L!$A$1=2,L!P13,L!P23)) -> Transfere Sociale | ... W7: =IF(L!$A$1=1,L!AC4,IF(L!$A$1=2,L!AC13,L!AC23)) -> Antarësimi në IFN | X7: Pagesat nga grantet e pëcaktuara të donatorëve | Y7: Paga | Z7: Mallra dhe shërbime | AA7: Shpenzime komunale | AB7: Subvencione dhe Transfere | AC7: Shpenzime Kapitale | AD7: Kthimi i donacioneve
A8: 2006 | B8: =IF(L!$A$1=1,L!B10,IF(L!$A$1=2,L!C10,L!D10)) -> 2006 Janar | C8: =D8+S8 -> 7390.549 | D8: =E8+M8 -> 7390.549 | E8: =F8+G8+H8+I8+L8 -> 7235.206 | F8: 2133.422 | G8: 1946.298 | H8: 178.532 | I8: =SUM(J8:K8) -> 2976.954 | J8: 2976.3547 | K8: 0.59925 | L8: 0 | M8: =SUM(N8:R8) -> 155.343 | N8: 6.405 | O8: 101.261 | P8: 47.677 | Q8: 0 | R8: 0 | S8: =SUM(T8:W8) -> 0 | T8: 0 | U8: 0 | V8: 0 | W8: 0
B9: =IF(L!$A$1=1,L!B11,IF(L!$A$1=2,L!C11,L!D11)) -> 2006 Shkurt | C9: =D9+S9 -> 49395.254 | D9: =E9+M9 -> 49395.254 | E9: =F9+G9+H9+I9+L9 -> 39256.04 | F9: 7712.075 | G9: 6880.746 | H9: 762.433 | I9: =SUM(J9:K9) -> 20240.117 | J9: 18694.058 | K9: 1546.0588 | L9: 3660.669 | M9: =SUM(N9:R9) -> 10139.214 | N9: 8092.956 | O9: 1320.522 | P9: 389.232 | Q9: 72.491 | R9: 264.013 | S9: =SUM(T9:W9) -> 0 | T9: 0 | U9: 0 | V9: 0 | W9: 0
B10: =IF(L!$A$1=1,L!B12,IF(L!$A$1=2,L!C12,L!D12)) -> 2006 Mars | C10: =D10+S10 -> 47207.81 | D10: =E10+M10 -> 47207.81 | E10: =F10+G10+H10+I10+L10 -> 32892.033 | F10: 8719.214 | G10: 9424.428 | H10: 1005.571 | I10: =SUM(J10:K10) -> 10848.913 | J10: 9208.6925 | K10: 1640.2205 | L10: 2893.907 | M10: =SUM(N10:R10) -> 14315.777 | N10: 8304.091 | O10: 2901.333 | P10: 888.8666 | Q10: 301.043 | R10: 1920.443 | S10: =SUM(T10:W10) -> 0 | T10: 0 | U10: 0 | V10: 0 | W10: 0
B11: =IF(L!$A$1=1,L!B13,IF(L!$A$1=2,L!C13,L!D13)) -> 2006 Prill | C11: =D11+S11 -> 58688.068 | D11: =E11+M11 -> 58688.068 | E11: =F11+G11+H11+I11+L11 -> 39702.454 | F11: 14123.197 | G11: 7755.026 | H11: 1422.885 | I11: =SUM(J11:K11) -> 13253.909 | J11: 10070.945 | K11: 3182.9636 | L11: 3147.437 | M11: =SUM(N11:R11) -> 18985.614 | N11: 15326.526 | O11: 2166.573 | P11: 626.17 | Q11: 209.212 | R11: 657.133 | S11: =SUM(T11:W11) -> 0 | T11: 0 | U11: 0 | V11: 0 | W11: 0
B12: =IF(L!$A$1=1,L!B14,IF(L!$A$1=2,L!C14,L!D14)) -> 2006 Maj | C12: =D12+S12 -> 47412.874 | D12: =E12+M12 -> 47412.874 | E12: =F12+G12+H12+I12+L12 -> 33224.327 | F12: 8681.327 | G12: 9260 | H12: 960 | I12: =SUM(J12:K12) -> 11403 | J12: 9521.2657 | K12: 1881.7343 | L12: 2920 | M12: =SUM(N12:R12) -> 14188.547 | N12: 9474.547 | O12: 1630 | P12: 740 | Q12: 224 | R12: 2120 | S12: =SUM(T12:W12) -> 0 | T12: 0 | U12: 0 | V12: 0 | W12: 0
B13: =IF(L!$A$1=1,L!B15,IF(L!$A$1=2,L!C15,L!D15)) -> 2006 Qershor | C13: =D13+S13 -> 41585.774 | D13: =E13+M13 -> 41585.774 | E13: =F13+G13+H13+I13+L13 -> 29860.876 | F13: 8853.81 | G13: 6516.729 | H13: 727.37 | I13: =SUM(J13:K13) -> 9639.257 | J13: 8471.3759 | K13: 1167.8811 | L13: 4123.71 | M13: =SUM(N13:R13) -> 11724.898 | N13: 7586.192 | O13: 1509.21 | P13: 551.816 | Q13: 357.083 | R13: 1720.597 | S13: =SUM(T13:W13) -> 0 | T13: 0 | U13: 0 | V13: 0 | W13: 0
B14: =IF(L!$A$1=1,L!B16,IF(L!$A$1=2,L!C16,L!D16)) -> 2006 Korrik | C14: =D14+S14 -> 62731.093 | D14: =E14+M14 -> 62731.093 | E14: =F14+G14+H14+I14+L14 -> 50322.085 | F14: 9271.096 | G14: 9004.848 | H14: 1232.977 | I14: =SUM(J14:K14) -> 13122.111 | J14: 11602.059 | K14: 1520.0516 | L14: 17691.053 | M14: =SUM(N14:R14) -> 12409.008 | N14: 7635.106 | O14: 1721.921 | P14: 637.568 | Q14: 204.547 | R14: 2209.866 | S14: =SUM(T14:W14) -> 0 | T14: 0 | U14: 0 | V14: 0 | W14: 0
B15: =IF(L!$A$1=1,L!B17,IF(L!$A$1=2,L!C17,L!D17)) -> 2006 Gusht | C15: =D15+S15 -> 54381.269 | D15: =E15+M15 -> 54381.269 | E15: =F15+G15+H15+I15+L15 -> 41562.98 | F15: 8487.735 | G15: 8437.721 | H15: 459.982 | I15: =SUM(J15:K15) -> 17018.734 | J15: 8689.719 | K15: 8329.015 | L15: 7158.808 | M15: =SUM(N15:R15) -> 12818.289 | N15: 8132.468 | O15: 1502.319 | P15: 410.277 | Q15: 212.564 | R15: 2560.661 | S15: =SUM(T15:W15) -> 0 | T15: 0 | U15: 0 | V15: 0 | W15: 0
B16: =IF(L!$A$1=1,L!B18,IF(L!$A$1=2,L!C18,L!D18)) -> 2006 Shtator | C16: =D16+S16 -> 31397.243 | D16: =E16+M16 -> 31397.243 | E16: =F16+G16+H16+I16+L16 -> 25217.101 | F16: 588.221 | G16: 6511.157 | H16: 321.475 | I16: =SUM(J16:K16) -> 11589.844 | J16: 10584.533 | K16: 1005.3111 | L16: 6206.404 | M16: =SUM(N16:R16) -> 6180.142 | N16: 1779.758 | O16: 1504.688 | P16: 269.904 | Q16: 181.039 | R16: 2444.753 | S16: =SUM(T16:W16) -> 0 | T16: 0 | U16: 0 | V16: 0 | W16: 0
B17: =IF(L!$A$1=1,L!B19,IF(L!$A$1=2,L!C19,L!D19)) -> 2006 Tetor | C17: =D17+S17 -> 67481.341 | D17: =E17+M17 -> 67481.341 | E17: =F17+G17+H17+I17+L17 -> 45066.253 | F17: 16966.737 | G17: 8559.625 | H17: 882.469 | I17: =SUM(J17:K17) -> 10111.071 | J17: 8659.8557 | K17: 1451.2153 | L17: 8546.351 | M17: =SUM(N17:R17) -> 22415.088 | N17: 16377.712 | O17: 1800 | P17: 667.746 | Q17: 305.118 | R17: 3264.512 | S17: =SUM(T17:W17) -> 0 | T17: 0 | U17: 0 | V17: 0 | W17: 0
B18: =IF(L!$A$1=1,L!B20,IF(L!$A$1=2,L!C20,L!D20)) -> 2006 Nëntor | C18: =D18+S18 -> 66141.004 | D18: =E18+M18 -> 66141.004 | E18: =F18+G18+H18+I18+L18 -> 49801.641 | F18: 8695.291 | G18: 8954.993 | H18: 1333.697 | I18: =SUM(J18:K18) -> 19627.718 | J18: 9253.5975 | K18: 10374.121 | L18: 11189.942 | M18: =SUM(N18:R18) -> 16339.363 | N18: 8506.363 | O18: 1855.187 | P18: 1456.36 | Q18: 206.456 | R18: 4314.997 | S18: =SUM(T18:W18) -> 0 | T18: 0 | U18: 0 | V18: 0 | W18: 0
B19: =IF(L!$A$1=1,L!B21,IF(L!$A$1=2,L!C21,L!D21)) -> 2006 Dhjetor /1 | C19: =D19+S19 -> 101671.51 | D19: =E19+M19 -> 101671.51 | E19: =F19+G19+H19+I19+L19 -> 77653.167 | F19: 9618.1811 | G19: 19716.786 | H19: 1511.7161 | I19: =SUM(J19:K19) -> 13001.979 | J19: 10298.897 | K19: 2703.0819 | L19: 33804.505 | M19: =SUM(N19:R19) -> 24018.343 | N19: 8754.443 | O19: 3674.6551 | P19: 887.27625 | Q19: 318.81761 | R19: 10383.151 | S19: =SUM(T19:W19) -> 0 | T19: 0 | U19: 0 | V19: 0 | W19: 0
B20: =IF(L!$A$1=1,L!B22,IF(L!$A$1=2,L!C22,L!D22)) -> Gjithsej 2006 | C20: =D20+S20 -> 635483.79 | D20: =E20+M20 -> 635483.79 | E20: =F20+G20+H20+I20+L20 -> 471794.16 | F20: 103850.31 | G20: 102968.36 | H20: 10799.107 | I20: =SUM(J20:K20) -> 152833.61 | J20: 118031.35 | K20: 34802.253 | L20: 101342.79 | M20: =SUM(N20:R20) -> 163689.63 | N20: 99976.567 | O20: 21687.669 | P20: 7572.8929 | Q20: 2592.3706 | R20: 31860.126 | S20: =SUM(T20:W20) -> 0 | T20: 0 | U20: 0 | V20: 0 | W20: 0
A21: 2007 | B21: =IF(L!$A$1=1,L!B23,IF(L!$A$1=2,L!C23,L!D23)) -> 2007 Janar | C21: =D21+S21 -> 16423.263 | D21: =E21+M21 -> 16423.263 | E21: =F21+G21+H21+I21+L21 -> 16343.652 | F21: 5765.556 | G21: 1229.969 | H21: 302.772 | I21: =SUM(J21:K21) -> 9021.504 | J21: 8993.7815 | K21: 27.72249 | L21: 23.851 | M21: =SUM(N21:R21) -> 79.611 | N21: 0 | O21: 54.292 | P21: 25.319 | Q21: 0 | R21: 0 | S21: =SUM(T21:W21) -> 0 | T21: 0 | U21: 0 | V21: 0 | W21: 0
B22: =IF(L!$A$1=1,L!B24,IF(L!$A$1=2,L!C24,L!D24)) -> 2007 Shkurt | C22: =D22+S22 -> 66217.493 | D22: =E22+M22 -> 66217.493 | E22: =F22+G22+H22+I22+L22 -> 48142.639 | F22: 9628.602 | G22: 7922.842 | H22: 1025.712 | I22: =SUM(J22:K22) -> 17292.507 | J22: 7308.8089 | K22: 9983.6981 | L22: 12272.976 | M22: =SUM(N22:R22) -> 18074.854 | N22: 15980.738 | O22: 1260.925 | P22: 759.032 | Q22: 0.952 | R22: 73.207 | S22: =SUM(T22:W22) -> 0 | T22: 0 | U22: 0 | V22: 0 | W22: 0
B23: =IF(L!$A$1=1,L!B25,IF(L!$A$1=2,L!C25,L!D25)) -> 2007 Mars | C23: =D23+S23 -> 52714.481 | D23: =E23+M23 -> 52714.481 | E23: =F23+G23+H23+I23+L23 -> 39686.033 | F23: 10997.999 | G23: 9100.23 | H23: 1087.187 | I23: =SUM(J23:K23) -> 13050.218 | J23: 11734.24 | K23: 1315.9784 | L23: 5450.399 | M23: =SUM(N23:R23) -> 13028.448 | N23: 8038.089 | O23: 2286.07 | P23: 811.845 | Q23: 289.995 | R23: 1602.449 | S23: =SUM(T23:W23) -> 0 | T23: 0 | U23: 0 | V23: 0 | W23: 0
B24: =IF(L!$A$1=1,L!B26,IF(L!$A$1=2,L!C26,L!D26)) -> 2007 Prill | C24: =D24+S24 -> 40614.832 | D24: =E24+M24 -> 40614.832 | E24: =F24+G24+H24+I24+L24 -> 28210.027 | F24: 7576.416 | G24: 6474.057 | H24: 965.381 | I24: =SUM(J24:K24) -> 11031.16 | J24: 9740.0722 | K24: 1291.0878 | L24: 2163.013 | M24: =SUM(N24:R24) -> 12404.805 | N24: 7608.076 | O24: 2162.175 | P24: 763.961 | Q24: 303.531 | R24: 1567.062 | S24: =SUM(T24:W24) -> 0 | T24: 0 | U24: 0 | V24: 0 | W24: 0
B25: =IF(L!$A$1=1,L!B27,IF(L!$A$1=2,L!C27,L!D27)) -> 2007 Maj | C25: =D25+S25 -> 56004.921 | D25: =E25+M25 -> 56004.921 | E25: =F25+G25+H25+I25+L25 -> 42018.726 | F25: 10469.166 | G25: 7347.458 | H25: 972.16 | I25: =SUM(J25:K25) -> 15945.985 | J25: 9690.4598 | K25: 6255.5252 | L25: 7283.957 | M25: =SUM(N25:R25) -> 13986.195 | N25: 9208.377 | O25: 1604.981 | P25: 707.158 | Q25: 335.922 | R25: 2129.757 | S25: =SUM(T25:W25) -> 0 | T25: 0 | U25: 0 | V25: 0 | W25: 0
B26: =IF(L!$A$1=1,L!B28,IF(L!$A$1=2,L!C28,L!D28)) -> 2007 Qershor | C26: =D26+S26 -> 44596.952 | D26: =E26+M26 -> 44596.952 | E26: =F26+G26+H26+I26+L26 -> 32355.432 | F26: 9248.855 | G26: 8231.215 | H26: 915.015 | I26: =SUM(J26:K26) -> 10332.893 | J26: 9185.052 | K26: 1147.841 | L26: 3627.454 | M26: =SUM(N26:R26) -> 12241.52 | N26: 7758.039 | O26: 1357.227 | P26: 655.343 | Q26: 323.694 | R26: 2147.217 | S26: =SUM(T26:W26) -> 0 | T26: 0 | U26: 0 | V26: 0 | W26: 0
B27: =IF(L!$A$1=1,L!B29,IF(L!$A$1=2,L!C29,L!D29)) -> 2007 Korrik | C27: =D27+S27 -> 46989.259 | D27: =E27+M27 -> 46989.259 | E27: =F27+G27+H27+I27+L27 -> 31969.909 | F27: 8286.166 | G27: 7509.774 | H27: 900.482 | I27: =SUM(J27:K27) -> 10833.794 | J27: 9530.2883 | K27: 1303.5057 | L27: 4439.693 | M27: =SUM(N27:R27) -> 15019.35 | N27: 8937.216 | O27: 1888.963 | P27: 687.897 | Q27: 258.861 | R27: 3246.413 | S27: =SUM(T27:W27) -> 0 | T27: 0 | U27: 0 | V27: 0 | W27: 0
B28: =IF(L!$A$1=1,L!B30,IF(L!$A$1=2,L!C30,L!D30)) -> 2007 Gusht | C28: =D28+S28 -> 42151.337 | D28: =E28+M28 -> 42151.337 | E28: =F28+G28+H28+I28+L28 -> 29792.291 | F28: 9166.9031 | G28: 6009.5238 | H28: 536.06996 | I28: =SUM(J28:K28) -> 10400.372 | J28: 8763.0894 | K28: 1637.2822 | L28: 3679.4222 | M28: =SUM(N28:R28) -> 12359.047 | N28: 8182.1325 | O28: 1177.9376 | P28: 427.72466 | Q28: 142.08762 | R28: 2429.1644 | S28: =SUM(T28:W28) -> 0 | T28: 0 | U28: 0 | V28: 0 | W28: 0
B29: =IF(L!$A$1=1,L!B31,IF(L!$A$1=2,L!C31,L!D31)) -> 2007 Shtator | C29: =D29+S29 -> 41261.875 | D29: =E29+M29 -> 41261.875 | E29: =F29+G29+H29+I29+L29 -> 32947.71 | F29: 8658.0981 | G29: 5901.9398 | H29: 491.02475 | I29: =SUM(J29:K29) -> 10884.036 | J29: 9823.7817 | K29: 1060.2547 | L29: 7012.6111 | M29: =SUM(N29:R29) -> 8314.1644 | N29: 2377.295 | O29: 1746.3284 | P29: 434.36727 | Q29: 245.43025 | R29: 3510.7435 | S29: =SUM(T29:W29) -> 0 | T29: 0 | U29: 0 | V29: 0 | W29: 0
B30: =IF(L!$A$1=1,L!B32,IF(L!$A$1=2,L!C32,L!D32)) -> 2007 Tetor | C30: =D30+S30 -> 74419.12 | D30: =E30+M30 -> 74419.12 | E30: =F30+G30+H30+I30+L30 -> 57142.776 | F30: 8641.5956 | G30: 9310.611 | H30: 871.55198 | I30: =SUM(J30:K30) -> 13011.109 | J30: 9610.3582 | K30: 3400.7504 | L30: 25307.908 | M30: =SUM(N30:R30) -> 17276.344 | N30: 10287.57 | O30: 2195.5182 | P30: 369.73179 | Q30: 190.53845 | R30: 4232.9862 | S30: =SUM(T30:W30) -> 0 | T30: 0 | U30: 0 | V30: 0 | W30: 0
B31: =IF(L!$A$1=1,L!B33,IF(L!$A$1=2,L!C33,L!D33)) -> 2007 Nëntor | C31: =D31+S31 -> 71524.029 | D31: =E31+M31 -> 71524.029 | E31: =F31+G31+H31+I31+L31 -> 48832.8 | F31: 9141.3772 | G31: 13398.033 | H31: 942.64325 | I31: =SUM(J31:K31) -> 14079.768 | J31: 9946.7678 | K31: 4133 | L31: 11270.979 | M31: =SUM(N31:R31) -> 22691.229 | N31: 12848.704 | O31: 3235.8078 | P31: 642.80767 | Q31: 358.99099 | R31: 5604.9188 | S31: =SUM(T31:W31) -> 0 | T31: 0 | U31: 0 | V31: 0 | W31: 0
B32: =IF(L!$A$1=1,L!B34,IF(L!$A$1=2,L!C34,L!D34)) -> 2007 Dhjetor | C32: =D32+S32 -> 108290.53 | D32: =E32+M32 -> 108290.53 | E32: =F32+G32+H32+I32+L32 -> 86669.377 | F32: 10255.607 | G32: 22274.56 | H32: 1424.8774 | I32: =SUM(J32:K32) -> 14383.432 | J32: 9595.4897 | K32: 4787.9422 | L32: 38330.902 | M32: =SUM(N32:R32) -> 21621.148 | N32: 9450.3091 | O32: 3337.2112 | P32: 1173.3574 | Q32: 300.7418 | R32: 7359.5287 | S32: =SUM(T32:W32) -> 0 | T32: 0 | U32: 0 | V32: 0 | W32: 0
B33: =IF(L!$A$1=1,L!B35,IF(L!$A$1=2,L!C35,L!D35)) -> Gjithsej 2007 | C33: =D33+S33 -> 661208.09 | D33: =E33+M33 -> 661208.09 | E33: =F33+G33+H33+I33+L33 -> 494111.37 | F33: 107836.34 | G33: 104710.21 | H33: 10434.876 | I33: =SUM(J33:K33) -> 150266.78 | J33: 113922.19 | K33: 36344.588 | L33: 120863.16 | M33: =SUM(N33:R33) -> 167096.72 | N33: 100676.55 | O33: 22307.436 | P33: 7458.5438 | Q33: 2750.7441 | R33: 33903.447 | S33: =SUM(T33:W33) -> 0 | T33: 0 | U33: 0 | V33: 0 | W33: 0
A34: 2008 | B34: =IF(L!$A$1=1,L!B36,IF(L!$A$1=2,L!C36,L!D36)) -> 2008 Janar | C34: =D34+S34 -> 30977.924 | D34: =E34+M34 -> 30977.924 | E34: =F34+G34+H34+I34+L34 -> 27887.161 | F34: 4500.756 | G34: 2256.904 | H34: 192.987 | I34: =SUM(J34:K34) -> 20911.514 | J34: 9436.7519 | K34: 11474.762 | L34: 25 | M34: =SUM(N34:R34) -> 3090.763 | N34: 2965.083 | O34: 80.259 | P34: 45.421 | Q34: 0 | R34: 0 | S34: =SUM(T34:W34) -> 0 | T34: 0 | U34: 0 | V34: 0
B35: =IF(L!$A$1=1,L!B37,IF(L!$A$1=2,L!C37,L!D37)) -> 2008 Shkurt | C35: =D35+S35 -> 42443.309 | D35: =E35+M35 -> 42443.309 | E35: =F35+G35+H35+I35+L35 -> 31455.322 | F35: 8891.286 | G35: 5494.475 | H35: 912.708 | I35: =SUM(J35:K35) -> 16156.853 | J35: 8929.3107 | K35: 7227.5423 | L35: 0 | M35: =SUM(N35:R35) -> 10987.987 | N35: 9211.444 | O35: 1220.856 | P35: 547.437 | Q35: 8.25 | R35: 0 | S35: =SUM(T35:W35) -> 0 | T35: 0 | U35: 0 | V35: 0 | W35: 0
B36: =IF(L!$A$1=1,L!B38,IF(L!$A$1=2,L!C38,L!D38)) -> 2008 Mars | C36: =D36+S36 -> 53155.235 | D36: =E36+M36 -> 53155.235 | E36: =F36+G36+H36+I36+L36 -> 44669.494 | F36: 4501.073 | G36: 7417.653 | H36: 1157.031 | I36: =SUM(J36:K36) -> 21129.915 | J36: 11259 | K36: 9870.9149 | L36: 10463.822 | M36: =SUM(N36:R36) -> 8485.741 | N36: 4937.555 | O36: 1915.604 | P36: 785.818 | Q36: 119.936 | R36: 726.828 | S36: =SUM(T36:W36) -> 0 | T36: 0 | U36: 0 | V36: 0 | W36: 0
B37: =IF(L!$A$1=1,L!B39,IF(L!$A$1=2,L!C39,L!D39)) -> 2008 Prill | C37: =D37+S37 -> 69128.551 | D37: =E37+M37 -> 69128.551 | E37: =F37+G37+H37+I37+L37 -> 46136.017 | F37: 17534.45 | G37: 9213.7347 | H37: 1375.0349 | I37: =SUM(J37:K37) -> 14384.612 | J37: 12706.507 | K37: 1678.1044 | L37: 3628.1863 | M37: =SUM(N37:R37) -> 22992.534 | N37: 16863.321 | O37: 2393.2908 | P37: 972.92296 | Q37: 324.71976 | R37: 2438.2789 | S37: =SUM(T37:W37) -> 0 | T37: 0 | U37: 0 | V37: 0 | W37: 0
B38: =IF(L!$A$1=1,L!B40,IF(L!$A$1=2,L!C40,L!D40)) -> 2008 Maj | C38: =D38+S38 -> 56931.714 | D38: =E38+M38 -> 56931.714 | E38: =F38+G38+H38+I38+L38 -> 41685.101 | F38: 10199.211 | G38: 7678.1744 | H38: 890.66732 | I38: =SUM(J38:K38) -> 12716.229 | J38: 11662.078 | K38: 1054.1508 | L38: 10200.819 | M38: =SUM(N38:R38) -> 15246.613 | N38: 8895.8533 | O38: 2094.7329 | P38: 622.3385 | Q38: 389.49439 | R38: 3244.1937 | S38: =SUM(T38:W38) -> 0 | T38: 0 | U38: 0 | V38: 0 | W38: 0
B39: =IF(L!$A$1=1,L!B41,IF(L!$A$1=2,L!C41,L!D41)) -> 2008 Qershor | C39: =D39+S39 -> 74080.246 | D39: =E39+M39 -> 74080.246 | E39: =F39+G39+H39+I39+L39 -> 58220.016 | F39: 9996.9057 | G39: 8279.1666 | H39: 625.39716 | I39: =SUM(J39:K39) -> 14461.343 | J39: 11700.191 | K39: 2761.1526 | L39: 24857.203 | M39: =SUM(N39:R39) -> 15860.23 | N39: 10032.982 | O39: 1737.6165 | P39: 376.32495 | Q39: 433.47834 | R39: 3279.8283 | S39: =SUM(T39:W39) -> 0 | T39: 0 | U39: 0 | V39: 0 | W39: 0
B40: =IF(L!$A$1=1,L!B42,IF(L!$A$1=2,L!C42,L!D42)) -> 2008 Korrik | C40: =D40+S40 -> 69202.219 | D40: =E40+M40 -> 62889.986 | E40: =F40+G40+H40+I40+L40 -> 47287.814 | F40: 10603.943 | G40: 9068.5647 | H40: 972.18996 | I40: =SUM(J40:K40) -> 12924.455 | J40: 11681.688 | K40: 1242.7667 | L40: 13718.661 | M40: =SUM(N40:R40) -> 15602.172 | N40: 8818.2022 | O40: 2096.8677 | P40: 590.85696 | Q40: 313.94475 | R40: 3782.3002 | S40: =SUM(T40:W40) -> 6312.2332 | T40: 0 | U40: 0 | V40: 6312.2332 | W40: 0
B41: =IF(L!$A$1=1,L!B43,IF(L!$A$1=2,L!C43,L!D43)) -> 2008 Gusht | C41: =D41+S41 -> 63645.908 | D41: =E41+M41 -> 63645.908 | E41: =F41+G41+H41+I41+L41 -> 49434.23 | F41: 8716.5756 | G41: 6592.2512 | H41: 419.32594 | I41: =SUM(J41:K41) -> 13027.909 | J41: 11570.82 | K41: 1457.0888 | L41: 20678.169 | M41: =SUM(N41:R41) -> 14211.678 | N41: 8598.7946 | O41: 1342.3411 | P41: 341.9512 | Q41: 313.72382 | R41: 3614.8673 | S41: =SUM(T41:W41) -> 0 | T41: 0 | U41: 0 | V41: 0 | W41: 0
B42: =IF(L!$A$1=1,L!B44,IF(L!$A$1=2,L!C44,L!D44)) -> 2008 Shtator | C42: =D42+S42 -> 84477.39 | D42: =E42+M42 -> 83666.828 | E42: =F42+G42+H42+I42+L42 -> 64429.787 | F42: 9429.4391 | G42: 7558.4256 | H42: 866.85007 | I42: =SUM(J42:K42) -> 18858.703 | J42: 11606.289 | K42: 7252.4138 | L42: 27716.369 | M42: =SUM(N42:R42) -> 19237.041 | N42: 10082.722 | O42: 2479.2782 | P42: 382.37725 | Q42: 283.15422 | R42: 6009.5096 | S42: =SUM(T42:W42) -> 810.56232 | T42: 0 | U42: 0 | V42: 810.56232 | W42: 0
B43: =IF(L!$A$1=1,L!B45,IF(L!$A$1=2,L!C45,L!D45)) -> 2008 Tetor | C43: =D43+S43 -> 90928.974 | D43: =E43+M43 -> 89904.515 | E43: =F43+G43+H43+I43+L43 -> 69560.796 | F43: 9679.237 | G43: 9218.2913 | H43: 867.4883 | I43: =SUM(J43:K43) -> 19347.236 | J43: 11452.587 | K43: 7894.6493 | L43: 30448.543 | M43: =SUM(N43:R43) -> 20343.719 | N43: 10303.855 | O43: 2964.9979 | P43: 542.28293 | Q43: 403.85307 | R43: 6128.7294 | S43: =SUM(T43:W43) -> 1024.4593 | T43: 0 | U43: 0 | V43: 1024.4593 | W43: 0
B44: =IF(L!$A$1=1,L!B46,IF(L!$A$1=2,L!C46,L!D46)) -> 2008 Nëntor | C44: =D44+S44 -> 80053.262 | D44: =E44+M44 -> 79661.074 | E44: =F44+G44+H44+I44+L44 -> 68081.359 | F44: 1444.2382 | G44: 11001.837 | H44: 795.45129 | I44: =SUM(J44:K44) -> 19989.078 | J44: 11555.537 | K44: 8433.5405 | L44: 34850.755 | M44: =SUM(N44:R44) -> 11579.715 | N44: 369.43034 | O44: 3051.5977 | P44: 576.53752 | Q44: 287.90015 | R44: 7294.2491 | S44: =SUM(T44:W44) -> 392.18792 | T44: 0 | U44: 0 | V44: 392.18792 | W44: 0
B45: =IF(L!$A$1=1,L!B47,IF(L!$A$1=2,L!C47,L!D47)) -> 2008 Dhjetor | C45: =D45+S45 -> 235500.99 | D45: =E45+M45 -> 235329.61 | E45: =F45+G45+H45+I45+L45 -> 192361.1 | F45: 19508.08 | G45: 29600.367 | H45: 2242.7402 | I45: =SUM(J45:K45) -> 22509.716 | J45: 11793.245 | K45: 10716.471 | L45: 118500.19 | M45: =SUM(N45:R45) -> 42968.517 | N45: 21006.295 | O45: 4613.581 | P45: 1378.5472 | Q45: 473.42746 | R45: 15496.666 | S45: =SUM(T45:W45) -> 171.37427 | T45: 0 | U45: 0 | V45: 171.37427 | W45: 0
B46: =IF(L!$A$1=1,L!B48,IF(L!$A$1=2,L!C48,L!D48)) -> Gjithsej 2008 | C46: =D46+S46 -> 950525.72 | D46: =E46+M46 -> 941814.9 | E46: =F46+G46+H46+I46+L46 -> 741208.19 | F46: 115005.19 | G46: 113379.84 | H46: 11317.871 | I46: =SUM(J46:K46) -> 206417.56 | J46: 135354.01 | K46: 71063.558 | L46: 295087.72 | M46: =SUM(N46:R46) -> 200606.71 | N46: 112085.54 | O46: 25991.023 | P46: 7162.8155 | Q46: 3351.882 | R46: 52015.451 | S46: =SUM(T46:W46) -> 8710.817 | T46: 0 | U46: 0 | V46: 8710.817 | W46: 0
A47: 2009 | B47: =IF(L!$A$1=1,L!B49,IF(L!$A$1=2,L!C49,L!D49)) -> 2009 Janar | C47: =D47+S47 -> 33840.522 | D47: =E47+M47 -> 33840.522 | E47: =F47+G47+H47+I47+L47 -> 33600.833 | F47: 8546.1513 | G47: 2413.4367 | H47: 411.99024 | I47: =SUM(J47:K47) -> 22229.255 | J47: 11142.77 | K47: 11086.485 | L47: 0 | M47: =SUM(N47:R47) -> 239.68873 | N47: 16.00215 | O47: 156.25441 | P47: 67.43217 | Q47: 0 | R47: 0 | S47: =SUM(T47:W47) -> 0 | T47: 0 | U47: 0 | V47: 0 | W47: 0
B48: =IF(L!$A$1=1,L!B50,IF(L!$A$1=2,L!C50,L!D50)) -> 2009 Shkurt | C48: =D48+S48 -> 84983.469 | D48: =E48+M48 -> 67466.762 | E48: =F48+G48+H48+I48+L48 -> 45395.342 | F48: 11481.483 | G48: 6176.8754 | H48: 1071.1148 | I48: =SUM(J48:K48) -> 26416.698 | J48: 10895.228 | K48: 15521.47 | L48: 249.17129 | M48: =SUM(N48:R48) -> 22071.42 | N48: 18677.581 | O48: 1652.0488 | P48: 842.80169 | Q48: 159.397 | R48: 739.59153 | S48: =SUM(T48:W48) -> 17516.707 | T48: 0 | U48: 0 | V48: 17516.707 | W48: 0
B49: =IF(L!$A$1=1,L!B51,IF(L!$A$1=2,L!C51,L!D51)) -> 2009 Mars | C49: =D49+S49 -> 63437.291 | D49: =E49+M49 -> 60938.487 | E49: =F49+G49+H49+I49+L49 -> 43681.99 | F49: 10236.557 | G49: 8482.8863 | H49: 1127.7083 | I49: =SUM(J49:K49) -> 19806.07 | J49: 14121.777 | K49: 5684.2922 | L49: 4028.7684 | M49: =SUM(N49:R49) -> 17256.497 | N49: 12511.438 | O49: 1859.6818 | P49: 732.37908 | Q49: 491.32584 | R49: 1661.6719 | S49: =SUM(T49:W49) -> 2498.8036 | T49: 0 | U49: 0 | V49: 2498.8036 | W49: 0
B50: =IF(L!$A$1=1,L!B52,IF(L!$A$1=2,L!C52,L!D52)) -> 2009 Prill | C50: =D50+S50 -> 66862.426 | D50: =E50+M50 -> 63993.244 | E50: =F50+G50+H50+I50+L50 -> 44801.252 | F50: 10376.747 | G50: 7490.093 | H50: 1324.2518 | I50: =SUM(J50:K50) -> 17084.678 | J50: 13334.866 | K50: 3749.8117 | L50: 8525.4823 | M50: =SUM(N50:R50) -> 19191.992 | N50: 11047.576 | O50: 2948.1955 | P50: 885.09574 | Q50: 473.55318 | R50: 3837.571 | S50: =SUM(T50:W50) -> 2869.1825 | T50: 0 | U50: 0 | V50: 2869.1825 | W50: 0
B51: =IF(L!$A$1=1,L!B53,IF(L!$A$1=2,L!C53,L!D53)) -> 2009 Maj | C51: =D51+S51 -> 83744.286 | D51: =E51+M51 -> 81071.42 | E51: =F51+G51+H51+I51+L51 -> 59619.366 | F51: 11534.053 | G51: 8363.2309 | H51: 865.97889 | I51: =SUM(J51:K51) -> 19050.731 | J51: 12974.253 | K51: 6076.478 | L51: 19805.372 | M51: =SUM(N51:R51) -> 21452.054 | N51: 10857.486 | O51: 1882.0536 | P51: 634.20331 | Q51: 532.37108 | R51: 7545.9395 | S51: =SUM(T51:W51) -> 2672.8661 | T51: 0 | U51: 0 | V51: 2672.8661 | W51: 0
B52: =IF(L!$A$1=1,L!B54,IF(L!$A$1=2,L!C54,L!D54)) -> 2009 Qershor | C52: =D52+S52 -> 97125.693 | D52: =E52+M52 -> 88274.436 | E52: =F52+G52+H52+I52+L52 -> 66282.113 | F52: 10993.672 | G52: 10507.519 | H52: 540.47135 | I52: =SUM(J52:K52) -> 20033.259 | J52: 12865.293 | K52: 7167.9657 | L52: 24207.192 | M52: =SUM(N52:R52) -> 21992.323 | N52: 10689.075 | O52: 1702.4893 | P52: 437.46747 | Q52: 403.31526 | R52: 8759.9761 | S52: =SUM(T52:W52) -> 8851.2576 | T52: 0 | U52: 0 | V52: 7304.6777 | W52: 1546.5799
B53: =IF(L!$A$1=1,L!B55,IF(L!$A$1=2,L!C55,L!D55)) -> 2009 Korrik | C53: =D53+S53 -> 82411.688 | D53: =E53+M53 -> 80061.63 | E53: =F53+G53+H53+I53+L53 -> 57516.655 | F53: 10613.674 | G53: 10010.221 | H53: 848.66529 | I53: =SUM(J53:K53) -> 15452.948 | J53: 13053.505 | K53: 2399.4424 | L53: 20591.148 | M53: =SUM(N53:R53) -> 22544.975 | N53: 10661.6 | O53: 2355.8975 | P53: 693.70848 | Q53: 382.4182 | R53: 8451.3503 | S53: =SUM(T53:W53) -> 2350.0585 | T53: 0 | U53: 0 | V53: 2355.3396 | W53: -5.28106
B54: =IF(L!$A$1=1,L!B56,IF(L!$A$1=2,L!C56,L!D56)) -> 2009 Gusht | C54: =D54+S54 -> 98289.095 | D54: =E54+M54 -> 93458.346 | E54: =F54+G54+H54+I54+L54 -> 70571.287 | F54: 12807.309 | G54: 9188.6098 | H54: 439.48486 | I54: =SUM(J54:K54) -> 17926.803 | J54: 14491.388 | K54: 3435.4154 | L54: 30209.081 | M54: =SUM(N54:R54) -> 22887.059 | N54: 10699.596 | O54: 1545.794 | P54: 425.23717 | Q54: 729.18185 | R54: 9487.25 | S54: =SUM(T54:W54) -> 4830.7486 | T54: 0 | U54: 0 | V54: 4830.7486 | W54: 0
B55: =IF(L!$A$1=1,L!B57,IF(L!$A$1=2,L!C57,L!D57)) -> 2009 Shtator | C55: =D55+S55 -> 105116.08 | D55: =E55+M55 -> 89999.738 | E55: =F55+G55+H55+I55+L55 -> 65203.872 | F55: 10421.809 | G55: 7126.9615 | H55: 529.31802 | I55: =SUM(J55:K55) -> 18410.73 | J55: 13183.286 | K55: 5227.4444 | L55: 28715.053 | M55: =SUM(N55:R55) -> 24795.866 | N55: 10635.168 | O55: 2015.6941 | P55: 444.75774 | Q55: 1141.8889 | R55: 10558.357 | S55: =SUM(T55:W55) -> 15116.342 | T55: 9221.922 | U55: 0 | V55: 5910.5435 | W55: -16.12309
B56: =IF(L!$A$1=1,L!B58,IF(L!$A$1=2,L!C58,L!D58)) -> 2009 Tetor | C56: =D56+S56 -> 163666.9 | D56: =E56+M56 -> 123661.42 | E56: =F56+G56+H56+I56+L56 -> 96951.915 | F56: 9541.4201 | G56: 17887.96 | H56: 870.48412 | I56: =SUM(J56:K56) -> 20362.774 | J56: 13291.291 | K56: 7071.4822 | L56: 48289.277 | M56: =SUM(N56:R56) -> 26709.505 | N56: 11099.37 | O56: 2606.5768 | P56: 596.22539 | Q56: 591.73611 | R56: 11815.597 | S56: =SUM(T56:W56) -> 40005.483 | T56: 33855.763 | U56: 737.21224 | V56: 5412.5077 | W56: 0
B57: =IF(L!$A$1=1,L!B59,IF(L!$A$1=2,L!C59,L!D59)) -> 2009 Nëntor | C57: =D57+S57 -> 110930.02 | D57: =E57+M57 -> 97955.684 | E57: =F57+G57+H57+I57+L57 -> 72028.136 | F57: 13998.405 | G57: 7279.4186 | H57: 822.07262 | I57: =SUM(J57:K57) -> 17934.279 | J57: 10128.507 | K57: 7805.7718 | L57: 31993.961 | M57: =SUM(N57:R57) -> 25927.548 | N57: 10853.652 | O57: 2814.776 | P57: 841.56406 | Q57: 539.24092 | R57: 10878.315 | S57: =SUM(T57:W57) -> 12974.34 | T57: 0 | U57: 0 | V57: 12974.34 | W57: 0
B58: =IF(L!$A$1=1,L!B60,IF(L!$A$1=2,L!C60,L!D60)) -> 2009 Dhjetor | C58: =D58+S58 -> 241931.76 | D58: =E58+M58 -> 211943.38 | E58: =F58+G58+H58+I58+L58 -> 173615.1 | F58: 13266.083 | G58: 31053.394 | H58: 2078.4044 | I58: =SUM(J58:K58) -> 36312.165 | J58: 12662.049 | K58: 23650.115 | L58: 90905.057 | M58: =SUM(N58:R58) -> 38328.282 | N58: 12830.497 | O58: 4242.6461 | P58: 1694.4735 | Q58: 436.13186 | R58: 19124.533 | S58: =SUM(T58:W58) -> 29988.371 | T58: 0 | U58: 0 | V58: 14483.459 | W58: 15504.912
B59: =IF(L!$A$1=1,L!B61,IF(L!$A$1=2,L!C61,L!D61)) -> Gjithsej 2009 | C59: =D59+S59 -> 1232339.2 | D59: =E59+M59 -> 1092665.1 | E59: =F59+G59+H59+I59+L59 -> 829267.86 | F59: 133817.36 | G59: 125980.61 | H59: 10929.945 | I59: =SUM(J59:K59) -> 251020.39 | J59: 152144.21 | K59: 98876.173 | L59: 307519.56 | M59: =SUM(N59:R59) -> 263397.21 | N59: 130579.04 | O59: 25782.108 | P59: 8295.3458 | Q59: 5880.5602 | R59: 92860.152 | S59: =SUM(T59:W59) -> 139674.16 | T59: 43077.685 | U59: 737.21224 | V59: 78829.175 | W59: 17030.087
A60: 2010 | B60: =IF(L!$A$1=1,L!B62,IF(L!$A$1=2,L!C62,L!D62)) -> 2010 Janar | C60: =D60+S60+X60 -> 20626.437 | D60: =E60+M60 -> 19094.225 | E60: =F60+G60+H60+I60+L60 -> 19045.238 | F60: 0 | G60: 2277.6483 | H60: 89.71049 | I60: =SUM(J60:K60) -> 16677.879 | J60: 15683.886 | K60: 993.99292 | L60: 0 | M60: =SUM(N60:R60) -> 48.98736 | N60: 0 | O60: 12.48979 | P60: 36.49757 | Q60: 0 | R60: 0 | S60: =SUM(T60:W60) -> 168.90676 | T60: 0 | U60: 0 | V60: 0 | W60: 168.90676 | X60: =SUM(Y60:AD60) -> 1363.3051 | Y60: 323.33005 | Z60: 1026.3264 | AA60: 0.44859 | AB60: 0 | AC60: 13.2 | AD60: 0
B61: =IF(L!$A$1=1,L!B63,IF(L!$A$1=2,L!C63,L!D63)) -> 2010 Shkurt | C61: =D61+S61+X61 -> 83055.549 | D61: =E61+M61 -> 78107.505 | E61: =F61+G61+H61+I61+L61 -> 50364.673 | F61: 25501.973 | G61: 6871.0003 | H61: 1453.6692 | I61: =SUM(J61:K61) -> 15484.112 | J61: 11527.398 | K61: 3956.7137 | L61: 1053.9187 | M61: =SUM(N61:R61) -> 27742.832 | N61: 21724.712 | O61: 1582.9314 | P61: 907.16397 | Q61: 358.25247 | R61: 3169.7715 | S61: =SUM(T61:W61) -> 3303 | T61: 0 | U61: 0 | V61: 3303 | W61: 0 | X61: =SUM(Y61:AD61) -> 1645.0447 | Y61: 401.13561 | Z61: 842.13533 | AA61: 0.67922 | AB61: 13.616 | AC61: 364.4685 | AD61: 23.01
B62: =IF(L!$A$1=1,L!B64,IF(L!$A$1=2,L!C64,L!D64)) -> 2010 Mars | C62: =D62+S62+X62 -> 86215.156 | D62: =E62+M62 -> 73915.841 | E62: =F62+G62+H62+I62+L62 -> 54252.09 | F62: 12821.459 | G62: 13043.095 | H62: 1162.9797 | I62: =SUM(J62:K62) -> 22960.157 | J62: 15918.21 | K62: 7041.9473 | L62: 4264.3994 | M62: =SUM(N62:R62) -> 19663.752 | N62: 11669.847 | O62: 2374.6484 | P62: 730.78685 | Q62: 632.05103 | R62: 4256.4184 | S62: =SUM(T62:W62) -> 10948.522 | T62: 5668.6082 | U62: 4414.1745 | V62: 865.73957 | W62: 0 | X62: =SUM(Y62:AD62) -> 1350.792 | Y62: 364.48552 | Z62: 494.22238 | AA62: 1.06976 | AB62: 248.46363 | AC62: 242.55071 | AD62: 0
B63: =IF(L!$A$1=1,L!B65,IF(L!$A$1=2,L!C65,L!D65)) -> 2010 Prill | C63: =D63+S63+X63 -> 94712.287 | D63: =E63+M63 -> 90744.094 | E63: =F63+G63+H63+I63+L63 -> 70301.034 | F63: 13675.19 | G63: 8878.4723 | H63: 1435.1941 | I63: =SUM(J63:K63) -> 17687.472 | J63: 13674.785 | K63: 4012.6879 | L63: 28624.706 | M63: =SUM(N63:R63) -> 20443.06 | N63: 11576.684 | O63: 2881.8508 | P63: 887.22083 | Q63: 504.29505 | R63: 4593.0084 | S63: =SUM(T63:W63) -> 2892.9299 | T63: 0 | U63: 0 | V63: 2892.9299 | W63: 0 | X63: =SUM(Y63:AD63) -> 1075.2635 | Y63: 380.41226 | Z63: 333.15005 | AA63: 0.97846 | AB63: 70.62257 | AC63: 290.10014 | AD63: 0
B64: =IF(L!$A$1=1,L!B66,IF(L!$A$1=2,L!C66,L!D66)) -> 2010 Maj | C64: =D64+S64+X64 -> 77943.08 | D64: =E64+M64 -> 73460.356 | E64: =F64+G64+H64+I64+L64 -> 52496.003 | F64: 13173.439 | G64: 9291.7579 | H64: 663.90581 | I64: =SUM(J64:K64) -> 16662.254 | J64: 13547.985 | K64: 3114.2688 | L64: 12704.647 | M64: =SUM(N64:R64) -> 20964.353 | N64: 12022.412 | O64: 2580.4285 | P64: 570.09103 | Q64: 525.60141 | R64: 5265.82 | S64: =SUM(T64:W64) -> 3530 | T64: 0 | U64: 0 | V64: 3530 | W64: 0 | X64: =SUM(Y64:AD64) -> 952.72421 | Y64: 364.99994 | Z64: 253.95339 | AA64: 0.28542 | AB64: 17.85 | AC64: 315.63546 | AD64: 0
B65: =IF(L!$A$1=1,L!B67,IF(L!$A$1=2,L!C67,L!D67)) -> 2010 Qershor | C65: =D65+S65+X65 -> 112513.53 | D65: =E65+M65 -> 105856.59 | E65: =F65+G65+H65+I65+L65 -> 84605.149 | F65: 13583.844 | G65: 12701.814 | H65: 716.09347 | I65: =SUM(J65:K65) -> 19123.46 | J65: 14209.003 | K65: 4914.4564 | L65: 38479.937 | M65: =SUM(N65:R65) -> 21251.439 | N65: 11396.697 | O65: 1546.4815 | P65: 426.05524 | Q65: 458.93169 | R65: 7423.2745 | S65: =SUM(T65:W65) -> 4205 | T65: 0 | U65: 0 | V65: 4205 | W65: 0 | X65: =SUM(Y65:AD65) -> 2451.9434 | Y65: 603.73606 | Z65: 1667.9027 | AA65: 1.25068 | AB65: 19.582 | AC65: 149.49695 | AD65: 9.975
B66: =IF(L!$A$1=1,L!B68,IF(L!$A$1=2,L!C68,L!D68)) -> 2010 Korrik | C66: =D66+S66+X66 -> 108721.95 | D66: =E66+M66 -> 93288.292 | E66: =F66+G66+H66+I66+L66 -> 69508.588 | F66: 13163.744 | G66: 7568.1088 | H66: 411.77397 | I66: =SUM(J66:K66) -> 20331.901 | J66: 11586.515 | K66: 8745.3854 | L66: 28033.06 | M66: =SUM(N66:R66) -> 23779.704 | N66: 13631.543 | O66: 1467.0663 | P66: 442.79791 | Q66: 317.36577 | R66: 7920.931 | S66: =SUM(T66:W66) -> 13528.071 | T66: 0 | U66: 0 | V66: 13528.071 | W66: 0 | X66: =SUM(Y66:AD66) -> 1905.5859 | Y66: 372.39 | Z66: 1318.184 | AA66: 1.922 | AB66: 2.74 | AC66: 209.317 | AD66: 1.0329
B67: =IF(L!$A$1=1,L!B69,IF(L!$A$1=2,L!C69,L!D69)) -> 2010 Gusht | C67: =D67+S67+X67 -> 102062.86 | D67: =E67+M67 -> 98090.963 | E67: =F67+G67+H67+I67+L67 -> 73850.289 | F67: 13216.585 | G67: 8537.5605 | H67: 795.83612 | I67: =SUM(J67:K67) -> 23288.27 | J67: 14554.053 | K67: 8734.2166 | L67: 28012.038 | M67: =SUM(N67:R67) -> 24240.674 | N67: 11779.507 | O67: 1754.4992 | P67: 656.55079 | Q67: 283.55816 | R67: 9766.5593 | S67: =SUM(T67:W67) -> 2944.9729 | T67: 0 | U67: 0 | V67: 2944.9729 | W67: 0 | X67: =SUM(Y67:AD67) -> 1026.9213 | Y67: 371.91254 | Z67: 289.52821 | AA67: 0.53597 | AB67: 107.92482 | AC67: 251.87159 | AD67: 5.1482
B68: =IF(L!$A$1=1,L!B70,IF(L!$A$1=2,L!C70,L!D70)) -> 2010 Shtator | C68: =D68+S68+X68 -> 112649.37 | D68: =E68+M68 -> 107307.95 | E68: =F68+G68+H68+I68+L68 -> 79516.69 | F68: 12920.161 | G68: 9551.6982 | H68: 684.27441 | I68: =SUM(J68:K68) -> 18737.92 | J68: 13522.204 | K68: 5215.716 | L68: 37622.636 | M68: =SUM(N68:R68) -> 27791.261 | N68: 12277.071 | O68: 1804.0434 | P68: 528.77577 | Q68: 559.17355 | R68: 12622.198 | S68: =SUM(T68:W68) -> 3842.7401 | T68: 0 | U68: 0 | V68: 3842.7401 | W68: 0 | X68: =SUM(Y68:AD68) -> 1498.6828 | Y68: 391.54205 | Z68: 629.72981 | AA68: 1.19268 | AB68: 17.07737 | AC68: 428.23141 | AD68: 30.9095
B69: =IF(L!$A$1=1,L!B71,IF(L!$A$1=2,L!C71,L!D71)) -> 2010 Tetor | C69: =D69+S69+X69 -> 129774.07 | D69: =E69+M69 -> 124665.69 | E69: =F69+G69+H69+I69+L69 -> 94568.066 | F69: 13696.38 | G69: 9136.6789 | H69: 956.24296 | I69: =SUM(J69:K69) -> 21881.407 | J69: 14083.952 | K69: 7797.4545 | L69: 48897.358 | M69: =SUM(N69:R69) -> 30097.623 | N69: 12522.724 | O69: 2413.0032 | P69: 566.85281 | Q69: 351.85016 | R69: 14243.192 | S69: =SUM(T69:W69) -> 3221.7502 | T69: 0 | U69: 0 | V69: 3221.7502 | W69: 0 | X69: =SUM(Y69:AD69) -> 1886.635 | Y69: 404.13428 | Z69: 651.71405 | AA69: 1.07517 | AB69: 210.63694 | AC69: 614.91764 | AD69: 4.15696
B70: =IF(L!$A$1=1,L!B72,IF(L!$A$1=2,L!C72,L!D72)) -> 2010 Nëntor | C70: =D70+S70+X70 -> 145188.86 | D70: =E70+M70 -> 130228.09 | E70: =F70+G70+H70+I70+L70 -> 98869.326 | F70: 13741.476 | G70: 12169.726 | H70: 1192.7283 | I70: =SUM(J70:K70) -> 28798.133 | J70: 14049.743 | K70: 14748.389 | L70: 42967.263 | M70: =SUM(N70:R70) -> 31358.764 | N70: 11949.769 | O70: 3614.1127 | P70: 834.44608 | Q70: 383.08844 | R70: 14577.347 | S70: =SUM(T70:W70) -> 13657.58 | T70: 0 | U70: 0 | V70: 13657.58 | W70: 0 | X70: =SUM(Y70:AD70) -> 1303.1876 | Y70: 396.95101 | Z70: 498.70381 | AA70: 0.76522 | AB70: 53.98276 | AC70: 343.40516 | AD70: 9.37962
B71: =IF(L!$A$1=1,L!B73,IF(L!$A$1=2,L!C73,L!D73)) -> 2010 Dhjetor | C71: =D71+S71+X71 -> 216935.6 | D71: =E71+M71 -> 206830.4 | E71: =F71+G71+H71+I71+L71 -> 152810.19 | F71: 19485.387 | G71: 35758.637 | H71: 1687.8439 | I71: =SUM(J71:K71) -> 25757.24 | J71: 14683.758 | K71: 11073.482 | L71: 70121.08 | M71: =SUM(N71:R71) -> 54020.215 | N71: 15886.422 | O71: 4816.1866 | P71: 1678.1968 | Q71: 914.68413 | R71: 30724.725 | S71: =SUM(T71:W71) -> 8008.7002 | T71: 0 | U71: 0 | V71: 8008.7002 | W71: 0 | X71: =SUM(Y71:AD71) -> 2096.4932 | Y71: 410.49498 | Z71: 907.3539 | AA71: 1.54945 | AB71: 42.08328 | AC71: 704.87333 | AD71: 30.13828
B72: =IF(L!$A$1=1,L!B74,IF(L!$A$1=2,L!C74,L!D74)) -> Gjithsej 2010 | C72: =D72+S72+X72 -> 1290398.8 | D72: =E72+M72 -> 1201590 | E72: =F72+G72+H72+I72+L72 -> 900187.34 | F72: 164979.64 | G72: 135786.2 | H72: 11250.252 | I72: =SUM(J72:K72) -> 247390.2 | J72: 167041.49 | K72: 80348.711 | L72: 340781.04 | M72: =SUM(N72:R72) -> 301402.66 | N72: 146437.39 | O72: 26847.742 | P72: 8265.4357 | Q72: 5288.8519 | R72: 114563.25 | S72: =SUM(T72:W72) -> 70252.173 | T72: 5668.6082 | U72: 4414.1745 | V72: 60000.484 | W72: 168.90676 | X72: =SUM(X60:X71) -> 18556.579 | Y72: =SUM(Y60:Y71) -> 4785.5243 | Z72: =SUM(Z60:Z71) -> 8912.904 | AA72: =SUM(AA60:AA71) -> 11.75262 | AB72: =SUM(AB60:AB71) -> 804.57937 | AC72: =SUM(AC60:AC71) -> 3928.0679 | AD72: =SUM(AD60:AD71) -> 113.75046
A73: 2011 | B73: =IF(L!$A$1=1,L!B75,IF(L!$A$1=2,L!C75,L!D75)) -> 2011 Janar | C73: =D73+S73+X73 -> 36818.456 | D73: =E73+M73 -> 36449.369 | E73: =F73+G73+H73+I73+L73 -> 35813.512 | F73: 1.264 | G73: 2597.6727 | H73: 707.98264 | I73: =SUM(J73:K73) -> 11633.84 | J73: 11203.561 | K73: 430.27904 | L73: 20872.753 | M73: =SUM(N73:R73) -> 635.85675 | N73: 0.05 | O73: 382.9491 | P73: 246.32765 | Q73: 6.53 | R73: 0 | S73: =SUM(T73:W73) -> 0 | T73: 0 | U73: 0 | V73: 0 | W73: 0 | X73: =SUM(Y73:AD73) -> 369.08653 | Y73: 16.34674 | Z73: 337.39979 | AA73: 0 | AB73: 0 | AC73: 15.34 | AD73: 0
B74: =IF(L!$A$1=1,L!B76,IF(L!$A$1=2,L!C76,L!D76)) -> 2011 Shkurt | C74: =D74+S74+X74 -> 90531.268 | D74: =E74+M74 -> 80531.064 | E74: =F74+G74+H74+I74+L74 -> 54461.093 | F74: 25454.978 | G74: 6782.6348 | H74: 922.68094 | I74: =SUM(J74:K74) -> 18689.107 | J74: 10503.343 | K74: 8185.7641 | L74: 2611.6917 | M74: =SUM(N74:R74) -> 26069.971 | N74: 23711.8 | O74: 1417.2156 | P74: 563.46848 | Q74: 377.48738 | R74: 0 | S74: =SUM(T74:W74) -> 8985.9465 | T74: 0 | U74: 0 | V74: 8985.9465 | W74: 0 | X74: =SUM(Y74:AD74) -> 1014.2573 | Y74: 697.43783 | Z74: 302.60629 | AA74: 0.76449 | AB74: 0.96408 | AC74: 11.8 | AD74: 0.68462
B75: =IF(L!$A$1=1,L!B77,IF(L!$A$1=2,L!C77,L!D77)) -> 2011 Mars | C75: =D75+S75+X75 -> 50625.723 | D75: =E75+M75 -> 48309.949 | E75: =F75+G75+H75+I75+L75 -> 45730.591 | F75: 1070.7134 | G75: 8729.6579 | H75: 1143.2739 | I75: =SUM(J75:K75) -> 21608.486 | J75: 16478.204 | K75: 5130.2822 | L75: 13178.46 | M75: =SUM(N75:R75) -> 2579.358 | N75: 103.97563 | O75: 1484.4418 | P75: 733.78377 | Q75: 257.15682 | R75: 0 | S75: =SUM(T75:W75) -> 1005.4128 | T75: 567.15706 | U75: 0 | V75: 438.25572 | W75: 0 | X75: =SUM(Y75:AD75) -> 1310.3616 | Y75: 466.7039 | Z75: 650.54086 | AA75: 0.94506 | AB75: 8.10253 | AC75: 162.0863 | AD75: 21.98291
B76: =IF(L!$A$1=1,L!B78,IF(L!$A$1=2,L!C78,L!D78)) -> 2011 Prill | C76: =D76+S76+X76 -> 134501.4 | D76: =E76+M76 -> 133441.24 | E76: =F76+G76+H76+I76+L76 -> 96761.639 | F76: 32581.834 | G76: 8930.2934 | H76: 1626.1007 | I76: =SUM(J76:K76) -> 16588.853 | J76: 14235.894 | K76: 2352.9587 | L76: 37034.557 | M76: =SUM(N76:R76) -> 36679.601 | N76: 27679.309 | O76: 1907.2853 | P76: 562.92263 | Q76: 422.58519 | R76: 6107.4996 | S76: =SUM(T76:W76) -> 329.46407 | T76: 0 | U76: 0 | V76: 329.46407 | W76: 0 | X76: =SUM(Y76:AD76) -> 730.69537 | Y76: 147.54691 | Z76: 446.17117 | AA76: 0.2994 | AB76: 17.12559 | AC76: 43.8612 | AD76: 75.6911
B77: =IF(L!$A$1=1,L!B79,IF(L!$A$1=2,L!C79,L!D79)) -> 2011 Maj | C77: =D77+S77+X77 -> 92101.732 | D77: =E77+M77 -> 82513.098 | E77: =F77+G77+H77+I77+L77 -> 60355.405 | F77: 183.79232 | G77: 9035.6499 | H77: 905.42609 | I77: =SUM(J77:K77) -> 18810.333 | J77: 14762.744 | K77: 4047.5892 | L77: 31420.204 | M77: =SUM(N77:R77) -> 22157.694 | N77: 4482.0695 | O77: 3679.2146 | P77: 971.32051 | Q77: 947.0835 | R77: 12078.005 | S77: =SUM(T77:W77) -> 8637.8462 | T77: 0 | U77: 0 | V77: 8637.8462 | W77: 0 | X77: =SUM(Y77:AD77) -> 950.78744 | Y77: 14.60142 | Z77: 855.19087 | AA77: 1.25769 | AB77: 9.01525 | AC77: 70.72221 | AD77: 0
B78: =IF(L!$A$1=1,L!B80,IF(L!$A$1=2,L!C80,L!D80)) -> 2011 Qershor | C78: =D78+S78+X78 -> 129976.61 | D78: =E78+M78 -> 125341.85 | E78: =F78+G78+H78+I78+L78 -> 94666.483 | F78: 16835.989 | G78: 10909.466 | H78: 676.30773 | I78: =SUM(J78:K78) -> 29418.954 | J78: 17168.893 | K78: 12250.06 | L78: 36825.766 | M78: =SUM(N78:R78) -> 30675.372 | N78: 16615.444 | O78: 2900.8007 | P78: 517.22722 | Q78: 993.10442 | R78: 9648.795 | S78: =SUM(T78:W78) -> 2552.5282 | T78: 0 | U78: 21.25 | V78: 2531.2782 | W78: 0 | X78: =SUM(Y78:AD78) -> 2082.2281 | Y78: 404.81451 | Z78: 1229.6583 | AA78: 1.79188 | AB78: 15.8942 | AC78: 430.06921 | AD78: 0
B79: =IF(L!$A$1=1,L!B81,IF(L!$A$1=2,L!C81,L!D81)) -> 2011 Korrik | C79: =D79+S79+X79 -> 121535.09 | D79: =E79+M79 -> 119495.47 | E79: =F79+G79+H79+I79+L79 -> 88980.701 | F79: 17418.644 | G79: 8372.9021 | H79: 772.58738 | I79: =SUM(J79:K79) -> 21248.868 | J79: 13263.998 | K79: 7984.8696 | L79: 41167.7 | M79: =SUM(N79:R79) -> 30514.765 | N79: 16738.28 | O79: 2099.3384 | P79: 684.00955 | Q79: 770.95503 | R79: 10222.182 | S79: =SUM(T79:W79) -> 540.34399 | T79: 0 | U79: 0 | V79: 540.34399 | W79: 0 | X79: =SUM(Y79:AD79) -> 1499.2803 | Y79: 161.21978 | Z79: 803.24457 | AA79: 0.3818 | AB79: 126.05326 | AC79: 177.67315 | AD79: 230.70776
B80: =IF(L!$A$1=1,L!B82,IF(L!$A$1=2,L!C82,L!D82)) -> 2011 Gusht | C80: =D80+S80+X80 -> 183978.4 | D80: =E80+M80 -> 182618.78 | E80: =F80+G80+H80+I80+L80 -> 132551.07 | F80: 33943.34 | G80: 11617.73 | H80: 625.49656 | I80: =SUM(J80:K80) -> 25852.327 | J80: 15919.825 | K80: 9932.5013 | L80: 60512.18 | M80: =SUM(N80:R80) -> 50067.706 | N80: 32343.266 | O80: 2363.5478 | P80: 443.68678 | Q80: 726.75463 | R80: 14190.451 | S80: =SUM(T80:W80) -> 0 | T80: 0 | U80: 0 | V80: 0 | W80: 0 | X80: =SUM(Y80:AD80) -> 1359.6155 | Y80: 275.93811 | Z80: 937.84544 | AA80: 4.19511 | AB80: 21.173 | AC80: 235.48712 | AD80: -115.02324
B81: =IF(L!$A$1=1,L!B83,IF(L!$A$1=2,L!C83,L!D83)) -> 2011 Shtator | C81: =D81+S81+X81 -> 73132.251 | D81: =E81+M81 -> 58797.568 | E81: =F81+G81+H81+I81+L81 -> 41673.829 | F81: 521.65296 | G81: 8668.315 | H81: 748.37331 | I81: =SUM(J81:K81) -> 17193.103 | J81: 14578.959 | K81: 2614.1438 | L81: 14542.385 | M81: =SUM(N81:R81) -> 17123.74 | N81: -2.834 | O81: 2073.5103 | P81: 385.42702 | Q81: 414.46233 | R81: 14253.174 | S81: =SUM(T81:W81) -> 13123.627 | T81: 6271.9772 | U81: 4242.5549 | V81: 2609.0954 | W81: 0 | X81: =SUM(Y81:AD81) -> 1211.0549 | Y81: 56.47355 | Z81: 802.75133 | AA81: 1.28045 | AB81: 0.595 | AC81: 349.95454 | AD81: 0
B82: =IF(L!$A$1=1,L!B84,IF(L!$A$1=2,L!C84,L!D84)) -> 2011 Tetor | C82: =D82+S82+X82 -> 137284.24 | D82: =E82+M82 -> 132891.45 | E82: =F82+G82+H82+I82+L82 -> 97483.095 | F82: 17012.899 | G82: 10369.118 | H82: 1107.3933 | I82: =SUM(J82:K82) -> 24327.648 | J82: 15109.102 | K82: 9218.5455 | L82: 44666.037 | M82: =SUM(N82:R82) -> 35408.352 | N82: 16235.907 | O82: 2933.485 | P82: 697.75198 | Q82: 389.82679 | R82: 15151.381 | S82: =SUM(T82:W82) -> 3424.5808 | T82: 0 | U82: 0 | V82: 3424.5808 | W82: 0 | X82: =SUM(Y82:AD82) -> 968.21107 | Y82: 157.00051 | Z82: 378.4053 | AA82: 0.55291 | AB82: 432.25235 | AC82: 0 | AD82: 0
B83: =IF(L!$A$1=1,L!B85,IF(L!$A$1=2,L!C85,L!D85)) -> 2011 Nëntor | C83: =D83+S83+X83 -> 141412.68 | D83: =E83+M83 -> 137327.94 | E83: =F83+G83+H83+I83+L83 -> 97804.396 | F83: 17435.653 | G83: 12493.733 | H83: 993.80496 | I83: =SUM(J83:K83) -> 20199.898 | J83: 14926.253 | K83: 5273.6454 | L83: 46681.306 | M83: =SUM(N83:R83) -> 39523.544 | N83: 16305.272 | O83: 3747.7404 | P83: 930.84085 | Q83: 489.9388 | R83: 18049.752 | S83: =SUM(T83:W83) -> 1955.359 | T83: 0 | U83: 367.01094 | V83: 1588.3481 | W83: 0 | X83: =SUM(Y83:AD83) -> 2129.3858 | Y83: 625.21839 | Z83: 1133.9629 | AA83: 0.14862 | AB83: 19.18783 | AC83: 349.38088 | AD83: 1.48715
B84: =IF(L!$A$1=1,L!B86,IF(L!$A$1=2,L!C86,L!D86)) -> 2011 Dhjetor | C84: =D84+S84+X84 -> 212839.78 | D84: =E84+M84 -> 208601.38 | E84: =F84+G84+H84+I84+L84 -> 140135.91 | F84: 35451.386 | G84: 28431.521 | H84: 1931.0184 | I84: =SUM(J84:K84) -> 23620.959 | J84: 16478.101 | K84: 7142.8581 | L84: 50701.03 | M84: =SUM(N84:R84) -> 68465.47 | N84: 32908.717 | O84: 4630.3246 | P84: 1478.3573 | Q84: 1177.2429 | R84: 28270.828 | S84: =SUM(T84:W84) -> 936.1269 | T84: 0 | U84: 21.25 | V84: 914.8769 | X84: =SUM(Y84:AD84) -> 3302.275 | Y84: 246.62862 | Z84: 1796.626 | AA84: 0.6939 | AB84: 92.20987 | AC84: 825.29863 | AD84: 340.81803
B85: =IF(L!$A$1=1,L!B87,IF(L!$A$1=2,L!C87,L!D87)) -> Gjithsej 2011 | C85: =D85+S85+X85 -> 1404737.6 | D85: =E85+M85 -> 1346319.2 | E85: =F85+G85+H85+I85+L85 -> 986417.73 | F85: 197912.15 | G85: 126938.69 | H85: 12160.446 | I85: =SUM(J85:K85) -> 249192.37 | J85: 174628.88 | K85: 74563.497 | L85: 400214.07 | M85: =SUM(N85:R85) -> 359901.43 | N85: 187121.26 | O85: 29619.854 | P85: 8215.1237 | Q85: 6973.1278 | R85: 127972.07 | S85: =SUM(T85:W85) -> 41491.236 | T85: 6839.1343 | U85: 4652.0658 | V85: 30000.036 | W85: 0 | X85: =SUM(X73:X84) -> 16927.239 | Y85: =SUM(Y73:Y84) -> 3269.9303 | Z85: =SUM(Z73:Z84) -> 9674.4029 | AA85: =SUM(AA73:AA84) -> 12.31131 | AB85: =SUM(AB73:AB84) -> 742.57296 | AC85: =SUM(AC73:AC84) -> 2671.6732 | AD85: =SUM(AD73:AD84) -> 556.34833
A86: 2012 | B86: =IF(L!$A$1=1,L!B88,IF(L!$A$1=2,L!C88,L!D88)) -> 2012 Janar | C86: =D86+S86+X86 -> 30378.381 | D86: =E86+M86 -> 30017.711 | E86: =F86+G86+H86+I86+L86 -> 23366.102 | F86: 145.47451 | G86: 3506.3921 | H86: 890.88973 | I86: =SUM(J86:K86) -> 15946.164 | J86: 13739.443 | K86: 2206.7213 | L86: 2877.181 | M86: =SUM(N86:R86) -> 6651.6096 | N86: 0 | O86: 1559.183 | P86: 480.6366 | Q86: 60.959 | R86: 4550.8311 | S86: =SUM(T86:W86) -> 73.11017 | T86: 0 | U86: 0 | V86: 73.11017 | W86: 0 | X86: =SUM(Y86:AD86) -> 287.56014 | Y86: 18.10754 | Z86: 269.4526 | AA86: 0 | AB86: 0 | AC86: 0 | AD86: 0
B87: =IF(L!$A$1=1,L!B89,IF(L!$A$1=2,L!C89,L!D89)) -> 2012 Shkurt | C87: =D87+S87+X87 -> 150016.85 | D87: =E87+M87 -> 147711.99 | E87: =F87+G87+H87+I87+L87 -> 123528.28 | F87: 18141.53 | G87: 14363.578 | H87: 1620.5924 | I87: =SUM(J87:K87) -> 18097.417 | J87: 13820.437 | K87: 4276.9803 | L87: 71305.16 | M87: =SUM(N87:R87) -> 24183.711 | N87: 16080.463 | O87: 2975.1566 | P87: 862.00812 | Q87: 430.64607 | R87: 3835.4378 | S87: =SUM(T87:W87) -> 1038.8633 | T87: 0 | U87: 64.29662 | V87: 974.56665 | W87: 0 | X87: =SUM(Y87:AD87) -> 1265.9936 | Y87: 140.88095 | Z87: 851.65413 | AA87: 0.13139 | AB87: 0 | AC87: 273.32712 | AD87: 0
B88: =IF(L!$A$1=1,L!B90,IF(L!$A$1=2,L!C90,L!D90)) -> 2012 Mars | C88: =D88+S88+X88 -> 109892.03 | D88: =E88+M88 -> 96805.208 | E88: =F88+G88+H88+I88+L88 -> 72485.996 | F88: 17465.921 | G88: 10723.94 | H88: 1392.5347 | I88: =SUM(J88:K88) -> 19276.928 | J88: 12525.98 | K88: 6750.9484 | L88: 23626.673 | M88: =SUM(N88:R88) -> 24319.212 | N88: 16174.962 | O88: 3000.744 | P88: 675.95573 | Q88: 799.41557 | R88: 3668.1351 | S88: =SUM(T88:W88) -> 12091.925 | T88: 5668.5382 | U88: 4271.8354 | V88: 2151.551 | W88: 0 | X88: =SUM(Y88:AD88) -> 994.89506 | Y88: 113.54483 | Z88: 619.31788 | AA88: 0.02955 | AB88: 13.1496 | AC88: 248.8532 | AD88: 0
B89: =IF(L!$A$1=1,L!B91,IF(L!$A$1=2,L!C91,L!D91)) -> 2012 Prill | C89: =D89+S89+X89 -> 81620.697 | D89: =E89+M89 -> 80928.563 | E89: =F89+G89+H89+I89+L89 -> 56923.905 | F89: 17604.837 | G89: 12479.734 | H89: 1158.5108 | I89: =SUM(J89:K89) -> 21683.884 | J89: 14052.304 | K89: 7631.5794 | L89: 3996.9398 | M89: =SUM(N89:R89) -> 24004.658 | N89: 16310.351 | O89: 2386.4614 | P89: 550.86507 | Q89: 705.81153 | R89: 4051.1687 | S89: =SUM(T89:W89) -> 98.83882 | T89: 0 | U89: 98.83882 | V89: 0 | W89: 0 | X89: =SUM(Y89:AD89) -> 593.29547 | Y89: 159.29434 | Z89: 341.5765 | AA89: 0.02778 | AB89: 10.5854 | AC89: 77.83179 | AD89: 3.97966
B90: =IF(L!$A$1=1,L!B92,IF(L!$A$1=2,L!C92,L!D92)) -> 2012 Maj | C90: =D90+S90+X90 -> 133756.12 | D90: =E90+M90 -> 131350.47 | E90: =F90+G90+H90+I90+L90 -> 101014.63 | F90: 17996.81 | G90: 13586.281 | H90: 1258.0883 | I90: =SUM(J90:K90) -> 19701.081 | J90: 17360.379 | K90: 2340.7021 | L90: 48472.371 | M90: =SUM(N90:R90) -> 30335.834 | N90: 16462.146 | O90: 3760.4382 | P90: 950.71829 | Q90: 659.0407 | R90: 8503.4912 | S90: =SUM(T90:W90) -> 858.25944 | T90: 0 | U90: 313.20778 | V90: 545.05166 | W90: 0 | X90: =SUM(Y90:AD90) -> 1547.3972 | Y90: 140.6967 | Z90: 1068.0355 | AA90: 0.02764 | AB90: 4.592 | AC90: 333.58832 | AD90: 0.45697
B91: =IF(L!$A$1=1,L!B93,IF(L!$A$1=2,L!C93,L!D93)) -> 2012 Qershor | C91: =D91+S91+X91 -> 128262.13 | D91: =E91+M91 -> 126459.02 | E91: =F91+G91+H91+I91+L91 -> 99873.493 | F91: 17827.035 | G91: 9250.7516 | H91: 700.80093 | I91: =SUM(J91:K91) -> 29577.031 | J91: 14383.222 | K91: 15193.81 | L91: 42517.874 | M91: =SUM(N91:R91) -> 26585.529 | N91: 16301.678 | O91: 1945.0448 | P91: 344.53058 | Q91: 555.73422 | R91: 7438.5413 | S91: =SUM(T91:W91) -> 723.09354 | T91: 0 | U91: 197.16279 | V91: 525.93075 | W91: 0 | X91: =SUM(Y91:AD91) -> 1080.0091 | Y91: 110.19521 | Z91: 695.45383 | AA91: 1.63841 | AB91: 6.089 | AC91: 266.54232 | AD91: 0.09029
B92: =IF(L!$A$1=1,L!B94,IF(L!$A$1=2,L!C94,L!D94)) -> 2012 Korrik | C92: =D92+S92+X92 -> 120340.77 | D92: =E92+M92 -> 116918.69 | E92: =F92+G92+H92+I92+L92 -> 86218.794 | F92: 17998.152 | G92: 9139.3839 | H92: 776.02263 | I92: =SUM(J92:K92) -> 19473.286 | J92: 14618.017 | K92: 4855.2691 | L92: 38831.949 | M92: =SUM(N92:R92) -> 30699.894 | N92: 16382.833 | O92: 1749.4143 | P92: 398.9075 | Q92: 567.03931 | R92: 11601.699 | S92: =SUM(T92:W92) -> 1986.571 | T92: 0 | U92: 244.098 | V92: 1742.473 | W92: 0 | X92: =SUM(Y92:AD92) -> 1435.5155 | Y92: 131.51096 | Z92: 776.62888 | AA92: 0 | AB92: 95.381 | AC92: 420.61212 | AD92: 11.38253
B93: =IF(L!$A$1=1,L!B95,IF(L!$A$1=2,L!C95,L!D95)) -> 2012 Gusht | C93: =D93+S93+X93 -> 117719.92 | D93: =E93+M93 -> 112854.63 | E93: =F93+G93+H93+I93+L93 -> 81163.026 | F93: 18109.762 | G93: 11409.002 | H93: 1045.2355 | I93: =SUM(J93:K93) -> 17986.338 | J93: 14806.87 | K93: 3179.4685 | L93: 32612.688 | M93: =SUM(N93:R93) -> 31691.603 | N93: 16193.384 | O93: 2451.0815 | P93: 687.45189 | Q93: 459.72725 | R93: 11899.959 | S93: =SUM(T93:W93) -> 4115.6263 | T93: 0 | U93: 177.89564 | V93: 3937.7306 | W93: 0 | X93: =SUM(Y93:AD93) -> 749.66019 | Y93: 130.51061 | Z93: 314.41367 | AA93: 0.07472 | AB93: 7.16 | AC93: 297.50119 | AD93: 0
B94: =IF(L!$A$1=1,L!B96,IF(L!$A$1=2,L!C96,L!D96)) -> 2012 Shtator | C94: =D94+S94+X94 -> 134992.31 | D94: =E94+M94 -> 118233.65 | E94: =F94+G94+H94+I94+L94 -> 85467.742 | F94: 17948.31 | G94: 8405.0015 | H94: 744.94596 | I94: =SUM(J94:K94) -> 21912.608 | J94: 12358.973 | K94: 9553.6349 | L94: 36456.876 | M94: =SUM(N94:R94) -> 32765.91 | N94: 16245.083 | O94: 2404.6758 | P94: 443.8363 | Q94: 496.15766 | R94: 13176.157 | S94: =SUM(T94:W94) -> 13926.366 | T94: 5668.5382 | U94: 3936.8992 | V94: 4320.9287 | W94: 0 | X94: =SUM(Y94:AD94) -> 2832.2914 | Y94: 114.74567 | Z94: 1697.2563 | AA94: 0.46246 | AB94: 0.15 | AC94: 1018.677 | AD94: 1
B95: =IF(L!$A$1=1,L!B97,IF(L!$A$1=2,L!C97,L!D97)) -> 2012 Tetor | C95: =D95+S95+X95 -> 129294.78 | D95: =E95+M95 -> 127357.17 | E95: =F95+G95+H95+I95+L95 -> 96113.715 | F95: 17670.731 | G95: 9916.6738 | H95: 924.21941 | I95: =SUM(J95:K95) -> 35921.335 | J95: 30734.854 | K95: 5186.4814 | L95: 31680.756 | M95: =SUM(N95:R95) -> 31243.453 | N95: 16219.904 | O95: 3145.4264 | P95: 692.88932 | Q95: 391.67744 | R95: 10793.556 | S95: =SUM(T95:W95) -> 418.75521 | T95: 0 | U95: 84.63259 | V95: 334.12262 | W95: 0 | X95: =SUM(Y95:AD95) -> 1518.8531 | Y95: 130.54999 | Z95: 883.38509 | AA95: 0.03678 | AB95: 34.5857 | AC95: 469.99321 | AD95: 0.30234
B96: =IF(L!$A$1=1,L!B98,IF(L!$A$1=2,L!C98,L!D98)) -> 2012 Nëntor | C96: =D96+S96+X96 -> 160191.25 | D96: =E96+M96 -> 158356.81 | E96: =F96+G96+H96+I96+L96 -> 108330.5 | F96: 36232.255 | G96: 10609.261 | H96: 969.99801 | I96: =SUM(J96:K96) -> 25208.888 | J96: 17394.534 | K96: 7814.3533 | L96: 35310.1 | M96: =SUM(N96:R96) -> 50026.303 | N96: 32527.73 | O96: 3798.3703 | P96: 705.19802 | Q96: 838.74003 | R96: 12156.265 | S96: =SUM(T96:W96) -> 368.52116 | T96: 0 | U96: 252.5671 | V96: 115.95406 | W96: 0 | X96: =SUM(Y96:AD96) -> 1465.9207 | Y96: 157.31722 | Z96: 345.63796 | AA96: 0 | AB96: 12.3254 | AC96: 950.64011 | AD96: 0
B97: =IF(L!$A$1=1,L!B99,IF(L!$A$1=2,L!C99,L!D99)) -> 2012 Dhjetor | C97: =D97+S97+X97 -> 184928.69 | D97: =E97+M97 -> 181996.25 | E97: =F97+G97+H97+I97+L97 -> 131458.63 | F97: 15330.282 | G97: 21124.257 | H97: 1795.8789 | I97: =SUM(J97:K97) -> 27804.085 | J97: 19033.579 | K97: 8770.5058 | L97: 65404.126 | M97: =SUM(N97:R97) -> 50537.618 | N97: 16336.647 | O97: 5671.464 | P97: 1487.0373 | Q97: 1565.7159 | R97: 25476.754 | S97: =SUM(T97:W97) -> 1766.4758 | T97: 0 | U97: 437.89504 | V97: 278.58079 | W97: 1050 | X97: =SUM(Y97:AD97) -> 1165.9637 | Y97: 191.15085 | Z97: 750.68606 | AA97: 0.08034 | AB97: 12.8 | AC97: 210.2744 | AD97: 0.97202
B98: =IF(L!$A$1=1,L!B100,IF(L!$A$1=2,L!C100,L!D100)) -> Gjithsej 2012 | C98: =D98+S98+X98 -> 1481393.9 | D98: =E98+M98 -> 1428990.1 | E98: =F98+G98+H98+I98+L98 -> 1065944.8 | F98: 212471.1 | G98: 134514.26 | H98: 13277.717 | I98: =SUM(J98:K98) -> 272589.05 | J98: 194828.59 | K98: 77760.454 | L98: 433092.69 | M98: =SUM(N98:R98) -> 363045.34 | N98: 195235.18 | O98: 34847.46 | P98: 8280.0347 | Q98: 7530.6647 | R98: 117152 | S98: =SUM(T98:W98) -> 37466.406 | T98: 11337.076 | U98: 10079.329 | V98: 15000 | W98: 1050 | X98: =SUM(X86:X97) -> 14937.355 | Y98: =SUM(Y86:Y97) -> 1538.5049 | Z98: =SUM(Z86:Z97) -> 8613.4984 | AA98: =SUM(AA86:AA97) -> 2.50907 | AB98: =SUM(AB86:AB97) -> 196.8181 | AC98: =SUM(AC86:AC97) -> 4567.8408 | AD98: =SUM(AD86:AD97) -> 18.18381
A99: 2013 | B99: =IF(L!$A$1=1,L!B101,IF(L!$A$1=2,L!C101,L!D101)) -> 2013 Janar | C99: =D99+S99+X99 -> 39290.193 | D99: =E99+M99 -> 38540.617 | E99: =F99+G99+H99+I99+L99 -> 30351.378 | F99: 145.58772 | G99: 6745.7924 | H99: 1297.9795 | I99: =SUM(J99:K99) -> 19400.985 | J99: 15542.989 | K99: 3857.9962 | L99: 2761.0333 | M99: =SUM(N99:R99) -> 8189.2384 | N99: 0 | O99: 2089.8006 | P99: 655.82633 | Q99: 38.5578 | R99: 5405.0537 | S99: =SUM(T99:W99) -> 343.52911 | T99: 0 | U99: 343.52911 | V99: 0 | W99: 0 | X99: =SUM(Y99:AD99) -> 406.047 | Y99: 18.03236 | Z99: 290.6696 | AA99: 0 | AB99: 5.0496 | AC99: 92.29544 | AD99: 0
B100: =IF(L!$A$1=1,L!B102,IF(L!$A$1=2,L!C102,L!D102)) -> 2013 Shkurt | C100: =D100+S100+X100 -> 138683.35 | D100: =E100+M100 -> 137632.81 | E100: =F100+G100+H100+I100+L100 -> 113566.44 | F100: 18401.133 | G100: 10655.736 | H100: 1457.8438 | I100: =SUM(J100:K100) -> 33432.041 | J100: 20012.742 | K100: 13419.299 | L100: 49619.686 | M100: =SUM(N100:R100) -> 24066.372 | N100: 16170.931 | O100: 3111.4374 | P100: 906.28486 | Q100: 557.89413 | R100: 3319.8253 | S100: =SUM(T100:W100) -> 273.30629 | T100: 0 | U100: 273.30629 | V100: 0 | W100: 0 | X100: =SUM(Y100:AD100) -> 777.2313 | Y100: 113.14916 | Z100: 461.99454 | AA100: 0.0382 | AB100: 3.8404 | AC100: 197.25897 | AD100: 0.95003
B101: =IF(L!$A$1=1,L!B103,IF(L!$A$1=2,L!C103,L!D103)) -> 2013 Mars | C101: =D101+S101+X101 -> 116892.48 | D101: =E101+M101 -> 105322.58 | E101: =F101+G101+H101+I101+L101 -> 80919.645 | F101: 18471.267 | G101: 12644.861 | H101: 1237.4882 | I101: =SUM(J101:K101) -> 25563.712 | J101: 18443.754 | K101: 7119.9579 | L101: 23002.318 | M101: =SUM(N101:R101) -> 24402.931 | N101: 16363.478 | O101: 2574.9745 | P101: 655.81538 | Q101: 1002.2772 | R101: 3806.3855 | S101: =SUM(T101:W101) -> 10507.997 | T101: 5668.5382 | U101: 4839.4591 | V101: 0 | W101: 0 | X101: =SUM(Y101:AD101) -> 1061.9033 | Y101: 130.79436 | Z101: 775.93822 | AA101: 0.23666 | AB101: 0.15 | AC101: 154.78253 | AD101: 0.0015
B102: =IF(L!$A$1=1,L!B104,IF(L!$A$1=2,L!C104,L!D104)) -> 2013 Prill | C102: =D102+S102+X102 -> 111221.05 | D102: =E102+M102 -> 110368.54 | E102: =F102+G102+H102+I102+L102 -> 83512.65 | F102: 18153.845 | G102: 12659.299 | H102: 1394.5539 | I102: =SUM(J102:K102) -> 27782.294 | J102: 15947.623 | K102: 11834.672 | L102: 23522.657 | M102: =SUM(N102:R102) -> 26855.893 | N102: 16340.494 | O102: 3285.9297 | P102: 797.46463 | Q102: 968.07807 | R102: 5463.9261 | S102: =SUM(T102:W102) -> 52.51467 | T102: 0 | U102: 52.51467 | V102: 0 | W102: 0 | X102: =SUM(Y102:AD102) -> 799.99044 | Y102: 135.06534 | Z102: 244.83012 | AA102: 0.08873 | AB102: 53.84 | AC102: 366.16625 | AD102: 0
B103: =IF(L!$A$1=1,L!B105,IF(L!$A$1=2,L!C105,L!D105)) -> 2013 Maj | C103: =D103+S103+X103 -> 142010.41 | D103: =E103+M103 -> 140359.11 | E103: =F103+G103+H103+I103+L103 -> 93410.852 | F103: 36716.356 | G103: 10469.88 | H103: 1130.767 | I103: =SUM(J103:K103) -> 22035.725 | J103: 18358.189 | K103: 3677.5359 | L103: 23058.124 | M103: =SUM(N103:R103) -> 46948.257 | N103: 32984.398 | O103: 3050.9275 | P103: 773.80415 | Q103: 1036.7652 | R103: 9102.3619 | S103: =SUM(T103:W103) -> 316.32149 | T103: 0 | U103: 316.32149 | V103: 0 | W103: 0 | X103: =SUM(Y103:AD103) -> 1334.9751 | Y103: 30.19038 | Z103: 344.67672 | AA103: 0.56226 | AB103: 311.392 | AC103: 644.48143 | AD103: 3.67226
...

Sheet Shënimet | Napomene | Notes
A1: Shënime të përgjithshme:
A2: Ky publikim paraqet të dhënat e pranimeve dhe pagesave në baza mujore dhe paraqet bazë të mirë për analiza të ndryshme. Të dhënat paraqesin vlerat historike për periudhën Janar 2006 deri Shtator 2026 Këto të dhëna janë të harmonizuara me Pasqyrat Financiare të audituara për vitet përkatëse të publikuara në ueb faqen e Ministrisë së Financave, Punë dhe Transfereve Shpalosja e këtij raporti është në nivel të kategorive ekonomike. Detajet për secilën kategori gjenden në pasqyrat financiare.
A3: Fondet ne mirebesim nuk janë të përfshira në këtë verzion
A4: Tre muajt e fundit janë preliminarë deri ne publikimin e Pasqyrave Financiare.
A5: Viti i fundit është preliminar deri në publikimin e Pasqyrave të Audituara Vjetore.
A7: Shënime tjera:
A8: /1 - Në vitin 2006 shpërndarja e të hyrave nëpër muaj anon në muajin Dhjetor për shkak të praktikës së atëhershme të zbrazjes së llogarive në fund të vitit.
A9: /2 - Në muajin Janar të vitit 2018 është i përfshire pranimi i njëhershem nga Fondi i Kursimeve Pensionale të Kosovës në shume prej 9,967,983.00 €.
A10: /3 - Në muajin gusht nuk është ekzekutuar një pjesë e çekut të pagave në shumë prej 22.68 mil. - Pagesa është ekzekutuar në muajin shtator.
A11: Opšte napomene:
A12: Ova publikacija predstavlja podatke o primanjima i isplatama na mesečnom nivou i predstavlja dobru osnovu za različite analize. Podaci predstavljaju istorijske iznose za period od januar 2006. do Septembar 2026 Ovi podaci su usklađeni sa revidiranim finansijskim izveštajima za odgovarajuće godine objavljene na sajtu Ministarstva finansija. Objavljivanje ovog izveštaja je na nivou ekonomskih kategorija. Detalji za svaku kategoriju nalaze se u finansijskim izveštajima.
A13: Poverenja fondovi nisu uključeni u ovu verziju
... A38: 2012-Mallrat dhe sherbimet palet e treta

Sheet L
A1: 1
A2: Shqip | G2: Tabela 1: Pagesat
A3: Srpski | G3: Vlerat janë në Mijëra Euro.
A4: English | G4: Viti | H4: Viti / Muaji | I4: Gjithsejt Pagesat | J4: Shpenzimet | K4: Qeveria Qendrore | L4: Paga | M4: Mallëra dhe shërbime | N4: Shpenzime komunale | O4: Subvencione dhe Transfere | P4: Transfere Sociale | Q4: Subvencione | R4: Shpenzime Kapitale | S4: Qeveria Lokale | T4: Paga | U4: Mallra dhe shërbime | V4: Shpenzime komunale | W4: Subvencione dhe Transfere | X4: Shpenzime Kapitale | Y4: Pagesat për financim | Z4: Kryegjëja | AA4: Interesi | AB4: Huadhënia për NP | AC4: Antarësimi në IFN
A5: Türk
A6: Français | G6: Tabela 2: Pranimet
G7: Vlerat janë në Mijëra Euro.
G8: Viti | H8: Viti / Muaji | I8: Gjithsej Pranimet | J8: Të Hyrat Buxhetore | K8: Të Hyrat Tatimore | L8: Tatimet direkte | M8: Tatimi në të ardhura të koorporatave | N8: Tatimi në të ardhura personale | O8: Tatimi në pronë | P8: Tatimet tjera direkte | Q8: Tatimet indirekte | R8: TVSH-ja | S8: TVSH e brendshme | T8: TVSH në kufi | U8: Detyrimi Doganor | V8: Akcizat | W8: Tatimet tjera indirekte | X8: Kthimet tatimore | Y8: Të Hyrat Jo-Tatimore | Z8: Taksa ngarkesa dhe tjera nga Qeveria Qendrore | AA8: Taksa ngarkesa dhe tjera nga Qeveria Lokale | AB8: Taksa Koncesionare | AC8: Tantiema | AD8: Dividenda | AE8: Pranimet nga Financimi | AF8: Pranimet tjera | AG8: Të hyrat e dedikuara | AH8: Grantet për përkrahje të buxhetit | AI8: Të hyrat nga Privatizimi | AJ8: Kthimi i kredive nga Ndërmarrjet Publike | AK8: Huazimet | AL8: Huazimet e jashtme shtetërore | AM8: Huazimet e brendëshme shtetërore
B9: Shqip | C9: Srpski | D9: English
B10: 2006 Janar | C10: 2006 Januar | D10: 2006 January
B11: 2006 Shkurt | C11: 2006 Februar | D11: 2006 February | G11: Tabela 1: Plaćanja
B12: 2006 Mars | C12: 2006 Mart | D12: 2006 March | G12: Iznosi su u hiljadama Evra.
B13: 2006 Prill | C13: 2006 April | D13: 2006 April | G13: Godina | H13: Godina / Mesec | I13: Ukupno plaćanja | J13: Troškovi | K13: Centralna vlada | L13: Plate | M13: Roba i usluge | N13: Komunalije | O13: Subvencije i transferi | P13: Socijalni transferi | Q13: Subvencije | R13: Kapitalni troškovi | S13: Lokalna vlada | T13: Plate | U13: Roba i usluge | V13: Komunalije | W13: Subvencije i transferi | X13: Kapitalni troškovi | Y13: Isplate za finansiranje | Z13: Glavnica | AA13: Kamata | AB13: Pozajmljivanje za JP | AC13: Članstvo u MFI
B14: 2006 Maj | C14: 2006 Maj | D14: 2006 May
B15: 2006 Qershor | C15: 2006 Juni | D15: 2006 June
B16: 2006 Korrik | C16: 2006 Juli | D16: 2006 July | G16: Tabela 2: Prijemi
B17: 2006 Gusht | C17: 2006 Avgust | D17: 2006 August | G17: Iznosi su u hiljadama Evra.
B18: 2006 Shtator | C18: 2006 Septembar | D18: 2006 September | G18: Godina | H18: Godina / Mesec | I18: Ukupni prijemi | J18: Budžetski prihodi | K18: Porezni prihodi | L18: Direktni porezi | M18: Porez na prihode korporacija | N18: Porez na lični dohodak | O18: Porez na imovinu | P18: Ostali direktni porezi | Q18: Indirektni porezi | R18: PDV | S18: Unutrašnji PDV | T18: PDV na granici | U18: Carine | V18: Akcize | W18: Ostali indirektni porezi | X18: Poreske prijave | Y18: Neporeski prihodi | Z18: Takse, naknade i ostale od centralne vlade | AA18: Takse, naknade i ostale od lokalne vlade | AB18: Koncesione takse | AC18: Tantijeme | AD18: Dividende | AE18: Primanja od finansiranja | AF18: Ostala primanja | AG18: Namenjeni prihodi | AH18: Grantovi za podršku budžetu | AI18: Prihodi od privatizacije | AJ18: Vraćenje kredita od javnih preduzeća | AK18: Krediti | AL18: Spoljni državni krediti | AM18: Unutrašnji državni krediti
B19: 2006 Tetor | C19: 2006 Oktobar | D19: 2006 October
B20: 2006 Nëntor | C20: 2006 Novembar | D20: 2006 November
B21: 2006 Dhjetor /1 | C21: 2006 Decembar | D21: 2006 December | G21: Table 1: Payments
B22: Gjithsej 2006 | C22: Ukupno 2006 | D22: 2006 Total | G22: Values are in Thousand Euros.
B23: 2007 Janar | C23: 2007 Januar | D23: 2007 January | G23: Year | H23: Year/Month | I23: Total Payments | J23: Budget Expenditures | K23: Central Government | L23: Wages and Salaries | M23: Goods and Services | N23: Utilities | O23: Subventions and Transfers | P23: Social Transfers | Q23: Subventions | R23: Capital Investments | S23: Local Government | T23: Wages and Salaries | U23: Goods and Services | V23: Utilities | W23: Subventions and Transfers | X23: Capital Investments | Y23: Financing | Z23: Principal | AA23: Interest | AB23: Loans for PU | AC23: IFI Membership
B24: 2007 Shkurt | C24: 2007 Februar | D24: 2007 February
B25: 2007 Mars | C25: 2007 Mart | D25: 2007 March
B26: 2007 Prill | C26: 2007 April | D26: 2007 April | G26: Table 2: Receipts
B27: 2007 Maj | C27: 2007 Maj | D27: 2007 May | G27: Values are in Thousands Euros
B28: 2007 Qershor | C28: 2007 Juni | D28: 2007 June | G28: Year | H28: Year / Month | I28: Total Receipts | J28: Budget Revenues | K28: Tax Revenues | L28: Direct Taxes | M28: Corporate Income Tax | N28: Personal Income Tax | O28: Property Tax | P28: Other Direct Taxes | Q28: Indirect Taxes | R28: VAT | S28: In Country VAT | T28: Border VAT | U28: Custom Duties | V28: Excise | W28: Other indirect taxes | X28: Tax Returns | Y28: Non-Tax Revenues | Z28: Fees, Charges and others from Central Government | AA28: Fees, Charges and others from Local Government | AB28: Concessionary Fee | AC28: Royalties | AD28: Dividends | AE28: Receipts from Financing | AF28: Other Revenues | AG28: Didecated Revenues | AH28: Budget Support Grants | AI28: Revenues form Liquidation | AJ28: Return of Loans from PU | AK28: Loans | AL28: External State Loans | AM28: Internal state Loans
B29: 2007 Korrik | C29: 2007 Juli | D29: 2007 July
B30: 2007 Gusht | C30: 2007 Avgust | D30: 2007 August
B31: 2007 Shtator | C31: 2007 Septembar | D31: 2007 September
B32: 2007 Tetor | C32: 2007 Oktobar | D32: 2007 October
B33: 2007 Nëntor | C33: 2007 Novembar | D33: 2007 November
B34: 2007 Dhjetor | C34: 2007 Decembar | D34: 2007 December
B35: Gjithsej 2007 | C35: Ukupno 2007 | D35: 2007 Total
B36: 2008 Janar | C36: 2008 Januar | D36: 2008 January
B37: 2008 Shkurt | C37: 2008 Februar | D37: 2008 February
B38: 2008 Mars | C38: 2008 Mart | D38: 2008 March
B39: 2008 Prill | C39: 2008 April | D39: 2008 April
B40: 2008 Maj | C40: 2008 Maj | D40: 2008 May
... B178: Gjithsej 2018 | C178: Ukupno 2018 | D178: 2018 Total
A179: 2019 | B179: 2019 Janar | C179: 2019 Januar | D179: 2019 January
B180: 2019 Shkurt | C180: 2019 Februar | D180: 2019 February
B181: 2019 Mars | C181: 2019 Mart | D181: 2019 March
B182: 2019 Prill | C182: 2019 April | D182: 2019 April
B183: 2019 Maj | C183: 2019 Maj | D183: 2019 May
B184: 2019 Qershor | C184: 2019 Juni | D184: 2019 June
B185: 2019 Korrik | C185: 2019 Juli | D185: 2019 July
B186: 2019 Gusht | C186: 2019 Avgust | D186: 2019 August
B187: 2019 Shtator | C187: 2019 Septembar | D187: 2019 September
B188: 2019 Tetor | C188: 2019 Oktobar | D188: 2019 October
B189: 2019 Nëntor | C189: 2019 Novembar | D189: 2019 November
B190: 2019 Dhjetor | C190: 2019 Decembar | D190: 2019 December
B191: Gjithsej 2019 | C191: Ukupno 2019 | D191: 2019 Total
... B295: Gjithsej 2027 | C295: Ukupno 2027 | D295: 2027 Total
